Workbook

Sheet Menu
C2: RECRUITMENT KPI DASHBOARD
C3: MENU
C7: INPUT | F7: OUTPUT

Sheet Metrics
C2: RECRUITMENT KPI DASHBOARD
C3: KPI METRICS
B5: KPI Code | C5: KPI Group | D5: Criteria | E5: Unit | F5: Lower Better? | G5: Cumulative Calculation Method? | H5: KPI Description | J5: STARTING DATE SETTING
B6: 101 | C6: Efficiency and Speed | D6: Time to Fill | E6: Days | F6: Yes | G6: Average | H6: Measures the average number of days it takes from a job requisition to acceptance of the job offer. | J6: Year | K6: 2024
B7: 102 | C7: Efficiency and Speed | D7: Time to Hire | E7: Days | F7: Yes | G7: Average | H7: Time it takes from when a candidate applies or is sourced to when they accept the job offer. | J7: Month | K7: January
B8: 103 | C8: Efficiency and Speed | D8: Hiring Velocity | E8: % | F8: Yes | G8: Average | H8: Dividing the total number of open positions by the number of positions filled in a specific period.
B9: 104 | C9: Efficiency and Speed | D9: Average Interview Duration | E9: Minutes | F9: Yes | G9: Average | H9: The ratio of the total duration of all interviews divided by the number of interviews conducted
B10: 105 | C10: Efficiency and Speed | D10: Screening Efficiency | E10: % | F10: No | G10: Average | H10: The percentage of screened candidates who are invited for interviews.
B11: 106 | C11: Efficiency and Speed
B12: 107 | C12: Efficiency and Speed
B13: 201 | C13: Cost and Investment | D13: Cost per Hire | E13: USD | F13: Yes | G13: Average | H13: The total costs associated with hiring a new employee divided by the number of hire.
B14: 202 | C14: Cost and Investment | D14: Recruitment Marketing ROI | E14: % | F14: No | G14: Average | H14: The return on investment for recruitment marketing efforts.
B15: 203 | C15: Cost and Investment | D15: Recruitment Cost Ratio | E15: % | F15: Yes | G15: Average | H15: The ratio of total cost of recruitment by the total compensation (salary and benefits) of the new hires.
B16: 204 | C16: Cost and Investment
B17: 205 | C17: Cost and Investment
B18: 301 | C18: Quality & Performance | D18: Performance of Hire | E18: Points | F18: No | G18: Average | H18: Calculated by assessing performance appraisals and turnover rates among new hires
B19: 302 | C19: Quality & Performance | D19: First-Year Attrition | E19: % | F19: Yes | G19: Average | H19: The percentage of new hires who leave the company within their first year.
B20: 303 | C20: Quality & Performance | D20: Internal Mobility Rate | E20: % | F20: No | G20: Average | H20: The percentage of positions filled by internal candidates.
B21: 304 | C21: Quality & Performance | D21: Hiring Manager Satisfaction | E21: Points | F21: No | G21: Average | H21: The level of satisfaction hiring managers have with the recruitment process.
B22: 305 | C22: Quality & Performance
B23: 306 | C23: Quality & Performance
B24: 307 | C24: Quality & Performance
B25: 401 | C25: Process and Workflow | D25: Interview-to-Offer Ratio | E25: % | F25: No | G25: Average | H25: The average number of interviews conducted before making a job offer.
B26: 402 | C26: Process and Workflow | D26: Offer-to-Acceptance Ratio | E26: % | F26: No | G26: Average | H26: The ratio of accepted offers to the total offers made.
B27: 403 | C27: Process and Workflow | D27: Selection Rate | E27: % | F27: No | G27: Average | H27: The proportion of hired people to the total application number.
B28: 404 | C28: Process and Workflow | D28: Interview Drop-off Rate | E28: % | F28: Yes | G28: Average | H28: The percentage of candidates who are interviewed but do not receive an offer.
B29: 405 | C29: Process and Workflow | D29: Diversity Hire Rate | E29: % | F29: No | G29: Average | H29: The percentage of hires from underrepresented groups
B30: 406 | C30: Process and Workflow
B31: 407 | C31: Process and Workflow
B32: 501 | C32: Candidate Experience | D32: Candidate Job Satisfaction | E32: Points | F32: No | G32: Average | H32: Assesses how satisfied candidates are with the recruitment process.
B33: 502 | C33: Candidate Experience | D33: Applicant Drop-off Rate | E33: % | F33: Yes | G33: Average | H33: The percentage of candidates who start but do not complete the application process.
B34: 503 | C34: Candidate Experience | D34: Candidate Net Promoter Score (NPS) | E34: Points | F34: No | G34: Average | H34: Measures candidate willingness to recommend the company's recruitment process to others.
B35: 504 | C35: Candidate Experience
B36: 505 | C36: Candidate Experience

Sheet CY_Actual
C2: RECRUITMENT KPI DASHBOARD
C3: CURRENT YEAR ACTUALS
B5: KPI Code | C5: KPI Group | D5: Criteria | E5: Unit | F5: =IFERROR(INDEX(Calc!$H$7:$H$18,COLUMN(CY_Actual!F4)-COLUMN(CY_Actual!$E$4)),"") -> Jan 2024 | G5: =IFERROR(INDEX(Calc!$H$7:$H$18,COLUMN(CY_Actual!G4)-COLUMN(CY_Actual!$E$4)),"") -> Feb 2024 | H5: =IFERROR(INDEX(Calc!$H$7:$H$18,COLUMN(CY_Actual!H4)-COLUMN(CY_Actual!$E$4)),"") -> Mar 2024 | I5: =IFERROR(INDEX(Calc!$H$7:$H$18,COLUMN(CY_Actual!I4)-COLUMN(CY_Actual!$E$4)),"") -> Apr 2024 | J5: =IFERROR(INDEX(Calc!$H$7:$H$18,COLUMN(CY_Actual!J4)-COLUMN(CY_Actual!$E$4)),"") -> May 2024 | K5: =IFERROR(INDEX(Calc!$H$7:$H$18,COLUMN(CY_Actual!K4)-COLUMN(CY_Actual!$E$4)),"") -> Jun 2024 | L5: =IFERROR(INDEX(Calc!$H$7:$H$18,COLUMN(CY_Actual!L4)-COLUMN(CY_Actual!$E$4)),"") -> Jul 2024 | M5: =IFERROR(INDEX(Calc!$H$7:$H$18,COLUMN(CY_Actual!M4)-COLUMN(CY_Actual!$E$4)),"") -> Aug 2024 | ... Q5: =IFERROR(INDEX(Calc!$H$7:$H$18,COLUMN(CY_Actual!Q4)-COLUMN(CY_Actual!$E$4)),"") -> Dec 2024
B6: =IFERROR(IF(LEN(INDEX(Metrics!$B$6:$H$70,ROW($A6)-ROW($A$5),MATCH(B$5,Metrics!$B$5:$H$5,0)))=0,"",INDEX(Metrics!$B$6:$H$70,ROW($A6)-ROW($A$5),MATCH(B$5,Metrics!$B$5:$H$5,0))),"") -> 101 | C6: =IFERROR(IF(LEN(INDEX(Metrics!$B$6:$H$70,ROW($A6)-ROW($A$5),MATCH(C$5,Metrics!$B$5:$H$5,0)))=0,"",INDEX(Metrics!$B$6:$H$70,ROW($A6)-ROW($A$5),MATCH(C$5,Metrics!$B$5:$H$5,0))),"") -> Efficiency and Speed | D6: =IFERROR(IF(LEN(INDEX(Metrics!$B$6:$H$70,ROW($A6)-ROW($A$5),MATCH(D$5,Metrics!$B$5:$H$5,0)))=0,"",INDEX(Metrics!$B$6:$H$70,ROW($A6)-ROW($A$5),MATCH(D$5,Metrics!$B$5:$H$5,0))),"") -> Time to Fill | E6: =IFERROR(IF(LEN(INDEX(Metrics!$B$6:$H$70,ROW($A6)-ROW($A$5),MATCH(E$5,Metrics!$B$5:$H$5,0)))=0,"",INDEX(Metrics!$B$6:$H$70,ROW($A6)-ROW($A$5),MATCH(E$5,Metrics!$B$5:$H$5,0))),"") -> Days | F6: 30 | G6: 60 | H6: 56 | I6: 50 | J6: 50 | K6: 40
B7: =IFERROR(IF(LEN(INDEX(Metrics!$B$6:$H$70,ROW($A7)-ROW($A$5),MATCH(B$5,Metrics!$B$5:$H$5,0)))=0,"",INDEX(Metrics!$B$6:$H$70,ROW($A7)-ROW($A$5),MATCH(B$5,Metrics!$B$5:$H$5,0))),"") -> 102 | C7: =IFERROR(IF(LEN(INDEX(Metrics!$B$6:$H$70,ROW($A7)-ROW($A$5),MATCH(C$5,Metrics!$B$5:$H$5,0)))=0,"",INDEX(Metrics!$B$6:$H$70,ROW($A7)-ROW($A$5),MATCH(C$5,Metrics!$B$5:$H$5,0))),"") -> Efficiency and Speed | D7: =IFERROR(IF(LEN(INDEX(Metrics!$B$6:$H$70,ROW($A7)-ROW($A$5),MATCH(D$5,Metrics!$B$5:$H$5,0)))=0,"",INDEX(Metrics!$B$6:$H$70,ROW($A7)-ROW($A$5),MATCH(D$5,Metrics!$B$5:$H$5,0))),"") -> Time to Hire | E7: =IFERROR(IF(LEN(INDEX(Metrics!$B$6:$H$70,ROW($A7)-ROW($A$5),MATCH(E$5,Metrics!$B$5:$H$5,0)))=0,"",INDEX(Metrics!$B$6:$H$70,ROW($A7)-ROW($A$5),MATCH(E$5,Metrics!$B$5:$H$5,0))),"") -> Days | F7: 20 | G7: 25 | H7: 10 | I7: 12 | J7: 20 | K7: 15
B8: =IFERROR(IF(LEN(INDEX(Metrics!$B$6:$H$70,ROW($A8)-ROW($A$5),MATCH(B$5,Metrics!$B$5:$H$5,0)))=0,"",INDEX(Metrics!$B$6:$H$70,ROW($A8)-ROW($A$5),MATCH(B$5,Metrics!$B$5:$H$5,0))),"") -> 103 | C8: =IFERROR(IF(LEN(INDEX(Metrics!$B$6:$H$70,ROW($A8)-ROW($A$5),MATCH(C$5,Metrics!$B$5:$H$5,0)))=0,"",INDEX(Metrics!$B$6:$H$70,ROW($A8)-ROW($A$5),MATCH(C$5,Metrics!$B$5:$H$5,0))),"") -> Efficiency and Speed | D8: =IFERROR(IF(LEN(INDEX(Metrics!$B$6:$H$70,ROW($A8)-ROW($A$5),MATCH(D$5,Metrics!$B$5:$H$5,0)))=0,"",INDEX(Metrics!$B$6:$H$70,ROW($A8)-ROW($A$5),MATCH(D$5,Metrics!$B$5:$H$5,0))),"") -> Hiring Velocity | E8: =IFERROR(IF(LEN(INDEX(Metrics!$B$6:$H$70,ROW($A8)-ROW($A$5),MATCH(E$5,Metrics!$B$5:$H$5,0)))=0,"",INDEX(Metrics!$B$6:$H$70,ROW($A8)-ROW($A$5),MATCH(E$5,Metrics!$B$5:$H$5,0))),"") -> % | F8: 0.02 | G8: 0.022 | H8: 0.03 | I8: 0.05 | J8: 0.03 | K8: 0.02
B9: =IFERROR(IF(LEN(INDEX(Metrics!$B$6:$H$70,ROW($A9)-ROW($A$5),MATCH(B$5,Metrics!$B$5:$H$5,0)))=0,"",INDEX(Metrics!$B$6:$H$70,ROW($A9)-ROW($A$5),MATCH(B$5,Metrics!$B$5:$H$5,0))),"") -> 104 | C9: =IFERROR(IF(LEN(INDEX(Metrics!$B$6:$H$70,ROW($A9)-ROW($A$5),MATCH(C$5,Metrics!$B$5:$H$5,0)))=0,"",INDEX(Metrics!$B$6:$H$70,ROW($A9)-ROW($A$5),MATCH(C$5,Metrics!$B$5:$H$5,0))),"") -> Efficiency and Speed | D9: =IFERROR(IF(LEN(INDEX(Metrics!$B$6:$H$70,ROW($A9)-ROW($A$5),MATCH(D$5,Metrics!$B$5:$H$5,0)))=0,"",INDEX(Metrics!$B$6:$H$70,ROW($A9)-ROW($A$5),MATCH(D$5,Metrics!$B$5:$H$5,0))),"") -> Average Interview Duration | E9: =IFERROR(IF(LEN(INDEX(Metrics!$B$6:$H$70,ROW($A9)-ROW($A$5),MATCH(E$5,Metrics!$B$5:$H$5,0)))=0,"",INDEX(Metrics!$B$6:$H$70,ROW($A9)-ROW($A$5),MATCH(E$5,Metrics!$B$5:$H$5,0))),"") -> Minutes | F9: 45 | G9: 50 | H9: 56 | I9: 70 | J9: 80 | K9: 45
B10: =IFERROR(IF(LEN(INDEX(Metrics!$B$6:$H$70,ROW($A10)-ROW($A$5),MATCH(B$5,Metrics!$B$5:$H$5,0)))=0,"",INDEX(Metrics!$B$6:$H$70,ROW($A10)-ROW($A$5),MATCH(B$5,Metrics!$B$5:$H$5,0))),"") -> 105 | C10: =IFERROR(IF(LEN(INDEX(Metrics!$B$6:$H$70,ROW($A10)-ROW($A$5),MATCH(C$5,Metrics!$B$5:$H$5,0)))=0,"",INDEX(Metrics!$B$6:$H$70,ROW($A10)-ROW($A$5),MATCH(C$5,Metrics!$B$5:$H$5,0))),"") -> Efficiency and Speed | D10: =IFERROR(IF(LEN(INDEX(Metrics!$B$6:$H$70,ROW($A10)-ROW($A$5),MATCH(D$5,Metrics!$B$5:$H$5,0)))=0,"",INDEX(Metrics!$B$6:$H$70,ROW($A10)-ROW($A$5),MATCH(D$5,Metrics!$B$5:$H$5,0))),"") -> Screening Efficiency | E10: =IFERROR(IF(LEN(INDEX(Metrics!$B$6:$H$70,ROW($A10)-ROW($A$5),MATCH(E$5,Metrics!$B$5:$H$5,0)))=0,"",INDEX(Metrics!$B$6:$H$70,ROW($A10)-ROW($A$5),MATCH(E$5,Metrics!$B$5:$H$5,0))),"") -> % | F10: 0.3 | G10: 0.2 | H10: 0.4 | I10: 0.5 | J10: 0.5 | K10: 0.25
B11: =IFERROR(IF(LEN(INDEX(Metrics!$B$6:$H$70,ROW($A11)-ROW($A$5),MATCH(B$5,Metrics!$B$5:$H$5,0)))=0,"",INDEX(Metrics!$B$6:$H$70,ROW($A11)-ROW($A$5),MATCH(B$5,Metrics!$B$5:$H$5,0))),"") -> 106 | C11: =IFERROR(IF(LEN(INDEX(Metrics!$B$6:$H$70,ROW($A11)-ROW($A$5),MATCH(C$5,Metrics!$B$5:$H$5,0)))=0,"",INDEX(Metrics!$B$6:$H$70,ROW($A11)-ROW($A$5),MATCH(C$5,Metrics!$B$5:$H$5,0))),"") -> Efficiency and Speed | D11: =IFERROR(IF(LEN(INDEX(Metrics!$B$6:$H$70,ROW($A11)-ROW($A$5),MATCH(D$5,Metrics!$B$5:$H$5,0)))=0,"",INDEX(Metrics!$B$6:$H$70,ROW($A11)-ROW($A$5),MATCH(D$5,Metrics!$B$5:$H$5,0))),"") | E11: =IFERROR(IF(LEN(INDEX(Metrics!$B$6:$H$70,ROW($A11)-ROW($A$5),MATCH(E$5,Metrics!$B$5:$H$5,0)))=0,"",INDEX(Metrics!$B$6:$H$70,ROW($A11)-ROW($A$5),MATCH(E$5,Metrics!$B$5:$H$5,0))),"")
B12: =IFERROR(IF(LEN(INDEX(Metrics!$B$6:$H$70,ROW($A12)-ROW($A$5),MATCH(B$5,Metrics!$B$5:$H$5,0)))=0,"",INDEX(Metrics!$B$6:$H$70,ROW($A12)-ROW($A$5),MATCH(B$5,Metrics!$B$5:$H$5,0))),"") -> 107 | C12: =IFERROR(IF(LEN(INDEX(Metrics!$B$6:$H$70,ROW($A12)-ROW($A$5),MATCH(C$5,Metrics!$B$5:$H$5,0)))=0,"",INDEX(Metrics!$B$6:$H$70,ROW($A12)-ROW($A$5),MATCH(C$5,Metrics!$B$5:$H$5,0))),"") -> Efficiency and Speed | D12: =IFERROR(IF(LEN(INDEX(Metrics!$B$6:$H$70,ROW($A12)-ROW($A$5),MATCH(D$5,Metrics!$B$5:$H$5,0)))=0,"",INDEX(Metrics!$B$6:$H$70,ROW($A12)-ROW($A$5),MATCH(D$5,Metrics!$B$5:$H$5,0))),"") | E12: =IFERROR(IF(LEN(INDEX(Metrics!$B$6:$H$70,ROW($A12)-ROW($A$5),MATCH(E$5,Metrics!$B$5:$H$5,0)))=0,"",INDEX(Metrics!$B$6:$H$70,ROW($A12)-ROW($A$5),MATCH(E$5,Metrics!$B$5:$H$5,0))),"")
B13: =IFERROR(IF(LEN(INDEX(Metrics!$B$6:$H$70,ROW($A13)-ROW($A$5),MATCH(B$5,Metrics!$B$5:$H$5,0)))=0,"",INDEX(Metrics!$B$6:$H$70,ROW($A13)-ROW($A$5),MATCH(B$5,Metrics!$B$5:$H$5,0))),"") -> 201 | C13: =IFERROR(IF(LEN(INDEX(Metrics!$B$6:$H$70,ROW($A13)-ROW($A$5),MATCH(C$5,Metrics!$B$5:$H$5,0)))=0,"",INDEX(Metrics!$B$6:$H$70,ROW($A13)-ROW($A$5),MATCH(C$5,Metrics!$B$5:$H$5,0))),"") -> Cost and Investment | D13: =IFERROR(IF(LEN(INDEX(Metrics!$B$6:$H$70,ROW($A13)-ROW($A$5),MATCH(D$5,Metrics!$B$5:$H$5,0)))=0,"",INDEX(Metrics!$B$6:$H$70,ROW($A13)-ROW($A$5),MATCH(D$5,Metrics!$B$5:$H$5,0))),"") -> Cost per Hire | E13: =IFERROR(IF(LEN(INDEX(Metrics!$B$6:$H$70,ROW($A13)-ROW($A$5),MATCH(E$5,Metrics!$B$5:$H$5,0)))=0,"",INDEX(Metrics!$B$6:$H$70,ROW($A13)-ROW($A$5),MATCH(E$5,Metrics!$B$5:$H$5,0))),"") -> USD | F13: 1200 | G13: 800 | H13: 1200 | I13: 600 | J13: 2000 | K13: 1150
B14: =IFERROR(IF(LEN(INDEX(Metrics!$B$6:$H$70,ROW($A14)-ROW($A$5),MATCH(B$5,Metrics!$B$5:$H$5,0)))=0,"",INDEX(Metrics!$B$6:$H$70,ROW($A14)-ROW($A$5),MATCH(B$5,Metrics!$B$5:$H$5,0))),"") -> 202 | C14: =IFERROR(IF(LEN(INDEX(Metrics!$B$6:$H$70,ROW($A14)-ROW($A$5),MATCH(C$5,Metrics!$B$5:$H$5,0)))=0,"",INDEX(Metrics!$B$6:$H$70,ROW($A14)-ROW($A$5),MATCH(C$5,Metrics!$B$5:$H$5,0))),"") -> Cost and Investment | D14: =IFERROR(IF(LEN(INDEX(Metrics!$B$6:$H$70,ROW($A14)-ROW($A$5),MATCH(D$5,Metrics!$B$5:$H$5,0)))=0,"",INDEX(Metrics!$B$6:$H$70,ROW($A14)-ROW($A$5),MATCH(D$5,Metrics!$B$5:$H$5,0))),"") -> Recruitment Marketing ROI | E14: =IFERROR(IF(LEN(INDEX(Metrics!$B$6:$H$70,ROW($A14)-ROW($A$5),MATCH(E$5,Metrics!$B$5:$H$5,0)))=0,"",INDEX(Metrics!$B$6:$H$70,ROW($A14)-ROW($A$5),MATCH(E$5,Metrics!$B$5:$H$5,0))),"") -> % | F14: 0.1 | G14: 0.12 | H14: 0.25 | I14: 0.1 | J14: 0.2 | K14: 0.12
B15: =IFERROR(IF(LEN(INDEX(Metrics!$B$6:$H$70,ROW($A15)-ROW($A$5),MATCH(B$5,Metrics!$B$5:$H$5,0)))=0,"",INDEX(Metrics!$B$6:$H$70,ROW($A15)-ROW($A$5),MATCH(B$5,Metrics!$B$5:$H$5,0))),"") -> 203 | C15: =IFERROR(IF(LEN(INDEX(Metrics!$B$6:$H$70,ROW($A15)-ROW($A$5),MATCH(C$5,Metrics!$B$5:$H$5,0)))=0,"",INDEX(Metrics!$B$6:$H$70,ROW($A15)-ROW($A$5),MATCH(C$5,Metrics!$B$5:$H$5,0))),"") -> Cost and Investment | D15: =IFERROR(IF(LEN(INDEX(Metrics!$B$6:$H$70,ROW($A15)-ROW($A$5),MATCH(D$5,Metrics!$B$5:$H$5,0)))=0,"",INDEX(Metrics!$B$6:$H$70,ROW($A15)-ROW($A$5),MATCH(D$5,Metrics!$B$5:$H$5,0))),"") -> Recruitment Cost Ratio | E15: =IFERROR(IF(LEN(INDEX(Metrics!$B$6:$H$70,ROW($A15)-ROW($A$5),MATCH(E$5,Metrics!$B$5:$H$5,0)))=0,"",INDEX(Metrics!$B$6:$H$70,ROW($A15)-ROW($A$5),MATCH(E$5,Metrics!$B$5:$H$5,0))),"") -> % | F15: 0.03 | G15: 0.02 | H15: 0.025 | I15: 0.05 | J15: 0.02 | K15: 0.03
B16: =IFERROR(IF(LEN(INDEX(Metrics!$B$6:$H$70,ROW($A16)-ROW($A$5),MATCH(B$5,Metrics!$B$5:$H$5,0)))=0,"",INDEX(Metrics!$B$6:$H$70,ROW($A16)-ROW($A$5),MATCH(B$5,Metrics!$B$5:$H$5,0))),"") -> 204 | C16: =IFERROR(IF(LEN(INDEX(Metrics!$B$6:$H$70,ROW($A16)-ROW($A$5),MATCH(C$5,Metrics!$B$5:$H$5,0)))=0,"",INDEX(Metrics!$B$6:$H$70,ROW($A16)-ROW($A$5),MATCH(C$5,Metrics!$B$5:$H$5,0))),"") -> Cost and Investment | D16: =IFERROR(IF(LEN(INDEX(Metrics!$B$6:$H$70,ROW($A16)-ROW($A$5),MATCH(D$5,Metrics!$B$5:$H$5,0)))=0,"",INDEX(Metrics!$B$6:$H$70,ROW($A16)-ROW($A$5),MATCH(D$5,Metrics!$B$5:$H$5,0))),"") | E16: =IFERROR(IF(LEN(INDEX(Metrics!$B$6:$H$70,ROW($A16)-ROW($A$5),MATCH(E$5,Metrics!$B$5:$H$5,0)))=0,"",INDEX(Metrics!$B$6:$H$70,ROW($A16)-ROW($A$5),MATCH(E$5,Metrics!$B$5:$H$5,0))),"")
B17: =IFERROR(IF(LEN(INDEX(Metrics!$B$6:$H$70,ROW($A17)-ROW($A$5),MATCH(B$5,Metrics!$B$5:$H$5,0)))=0,"",INDEX(Metrics!$B$6:$H$70,ROW($A17)-ROW($A$5),MATCH(B$5,Metrics!$B$5:$H$5,0))),"") -> 205 | C17: =IFERROR(IF(LEN(INDEX(Metrics!$B$6:$H$70,ROW($A17)-ROW($A$5),MATCH(C$5,Metrics!$B$5:$H$5,0)))=0,"",INDEX(Metrics!$B$6:$H$70,ROW($A17)-ROW($A$5),MATCH(C$5,Metrics!$B$5:$H$5,0))),"") -> Cost and Investment | D17: =IFERROR(IF(LEN(INDEX(Metrics!$B$6:$H$70,ROW($A17)-ROW($A$5),MATCH(D$5,Metrics!$B$5:$H$5,0)))=0,"",INDEX(Metrics!$B$6:$H$70,ROW($A17)-ROW($A$5),MATCH(D$5,Metrics!$B$5:$H$5,0))),"") | E17: =IFERROR(IF(LEN(INDEX(Metrics!$B$6:$H$70,ROW($A17)-ROW($A$5),MATCH(E$5,Metrics!$B$5:$H$5,0)))=0,"",INDEX(Metrics!$B$6:$H$70,ROW($A17)-ROW($A$5),MATCH(E$5,Metrics!$B$5:$H$5,0))),"")
B18: =IFERROR(IF(LEN(INDEX(Metrics!$B$6:$H$70,ROW($A18)-ROW($A$5),MATCH(B$5,Metrics!$B$5:$H$5,0)))=0,"",INDEX(Metrics!$B$6:$H$70,ROW($A18)-ROW($A$5),MATCH(B$5,Metrics!$B$5:$H$5,0))),"") -> 301 | C18: =IFERROR(IF(LEN(INDEX(Metrics!$B$6:$H$70,ROW($A18)-ROW($A$5),MATCH(C$5,Metrics!$B$5:$H$5,0)))=0,"",INDEX(Metrics!$B$6:$H$70,ROW($A18)-ROW($A$5),MATCH(C$5,Metrics!$B$5:$H$5,0))),"") -> Quality & Performance | D18: =IFERROR(IF(LEN(INDEX(Metrics!$B$6:$H$70,ROW($A18)-ROW($A$5),MATCH(D$5,Metrics!$B$5:$H$5,0)))=0,"",INDEX(Metrics!$B$6:$H$70,ROW($A18)-ROW($A$5),MATCH(D$5,Metrics!$B$5:$H$5,0))),"") -> Performance of Hire | E18: =IFERROR(IF(LEN(INDEX(Metrics!$B$6:$H$70,ROW($A18)-ROW($A$5),MATCH(E$5,Metrics!$B$5:$H$5,0)))=0,"",INDEX(Metrics!$B$6:$H$70,ROW($A18)-ROW($A$5),MATCH(E$5,Metrics!$B$5:$H$5,0))),"") -> Points | F18: 75 | G18: 70 | H18: 80 | I18: 50 | J18: 85 | K18: 70
B19: =IFERROR(IF(LEN(INDEX(Metrics!$B$6:$H$70,ROW($A19)-ROW($A$5),MATCH(B$5,Metrics!$B$5:$H$5,0)))=0,"",INDEX(Metrics!$B$6:$H$70,ROW($A19)-ROW($A$5),MATCH(B$5,Metrics!$B$5:$H$5,0))),"") -> 302 | C19: =IFERROR(IF(LEN(INDEX(Metrics!$B$6:$H$70,ROW($A19)-ROW($A$5),MATCH(C$5,Metrics!$B$5:$H$5,0)))=0,"",INDEX(Metrics!$B$6:$H$70,ROW($A19)-ROW($A$5),MATCH(C$5,Metrics!$B$5:$H$5,0))),"") -> Quality & Performance | D19: =IFERROR(IF(LEN(INDEX(Metrics!$B$6:$H$70,ROW($A19)-ROW($A$5),MATCH(D$5,Metrics!$B$5:$H$5,0)))=0,"",INDEX(Metrics!$B$6:$H$70,ROW($A19)-ROW($A$5),MATCH(D$5,Metrics!$B$5:$H$5,0))),"") -> First-Year Attrition | E19: =IFERROR(IF(LEN(INDEX(Metrics!$B$6:$H$70,ROW($A19)-ROW($A$5),MATCH(E$5,Metrics!$B$5:$H$5,0)))=0,"",INDEX(Metrics!$B$6:$H$70,ROW($A19)-ROW($A$5),MATCH(E$5,Metrics!$B$5:$H$5,0))),"") -> % | F19: 0.08 | G19: 0.12 | H19: 0.15 | I19: 0.12 | J19: 0.15 | K19: 0.12
B20: =IFERROR(IF(LEN(INDEX(Metrics!$B$6:$H$70,ROW($A20)-ROW($A$5),MATCH(B$5,Metrics!$B$5:$H$5,0)))=0,"",INDEX(Metrics!$B$6:$H$70,ROW($A20)-ROW($A$5),MATCH(B$5,Metrics!$B$5:$H$5,0))),"") -> 303 | C20: =IFERROR(IF(LEN(INDEX(Metrics!$B$6:$H$70,ROW($A20)-ROW($A$5),MATCH(C$5,Metrics!$B$5:$H$5,0)))=0,"",INDEX(Metrics!$B$6:$H$70,ROW($A20)-ROW($A$5),MATCH(C$5,Metrics!$B$5:$H$5,0))),"") -> Quality & Performance | D20: =IFERROR(IF(LEN(INDEX(Metrics!$B$6:$H$70,ROW($A20)-ROW($A$5),MATCH(D$5,Metrics!$B$5:$H$5,0)))=0,"",INDEX(Metrics!$B$6:$H$70,ROW($A20)-ROW($A$5),MATCH(D$5,Metrics!$B$5:$H$5,0))),"") -> Internal Mobility Rate | E20: =IFERROR(IF(LEN(INDEX(Metrics!$B$6:$H$70,ROW($A20)-ROW($A$5),MATCH(E$5,Metrics!$B$5:$H$5,0)))=0,"",INDEX(Metrics!$B$6:$H$70,ROW($A20)-ROW($A$5),MATCH(E$5,Metrics!$B$5:$H$5,0))),"") -> % | F20: 0.2 | G20: 0.25 | H20: 0.25 | I20: 0.3 | J20: 0.24 | K20: 0.22
B21: =IFERROR(IF(LEN(INDEX(Metrics!$B$6:$H$70,ROW($A21)-ROW($A$5),MATCH(B$5,Metrics!$B$5:$H$5,0)))=0,"",INDEX(Metrics!$B$6:$H$70,ROW($A21)-ROW($A$5),MATCH(B$5,Metrics!$B$5:$H$5,0))),"") -> 304 | C21: =IFERROR(IF(LEN(INDEX(Metrics!$B$6:$H$70,ROW($A21)-ROW($A$5),MATCH(C$5,Metrics!$B$5:$H$5,0)))=0,"",INDEX(Metrics!$B$6:$H$70,ROW($A21)-ROW($A$5),MATCH(C$5,Metrics!$B$5:$H$5,0))),"") -> Quality & Performance | D21: =IFERROR(IF(LEN(INDEX(Metrics!$B$6:$H$70,ROW($A21)-ROW($A$5),MATCH(D$5,Metrics!$B$5:$H$5,0)))=0,"",INDEX(Metrics!$B$6:$H$70,ROW($A21)-ROW($A$5),MATCH(D$5,Metrics!$B$5:$H$5,0))),"") -> Hiring Manager Satisfaction | E21: =IFERROR(IF(LEN(INDEX(Metrics!$B$6:$H$70,ROW($A21)-ROW($A$5),MATCH(E$5,Metrics!$B$5:$H$5,0)))=0,"",INDEX(Metrics!$B$6:$H$70,ROW($A21)-ROW($A$5),MATCH(E$5,Metrics!$B$5:$H$5,0))),"") -> Points | F21: 80 | G21: 75 | H21: 80 | I21: 60 | J21: 70 | K21: 75
B22: =IFERROR(IF(LEN(INDEX(Metrics!$B$6:$H$70,ROW($A22)-ROW($A$5),MATCH(B$5,Metrics!$B$5:$H$5,0)))=0,"",INDEX(Metrics!$B$6:$H$70,ROW($A22)-ROW($A$5),MATCH(B$5,Metrics!$B$5:$H$5,0))),"") -> 305 | C22: =IFERROR(IF(LEN(INDEX(Metrics!$B$6:$H$70,ROW($A22)-ROW($A$5),MATCH(C$5,Metrics!$B$5:$H$5,0)))=0,"",INDEX(Metrics!$B$6:$H$70,ROW($A22)-ROW($A$5),MATCH(C$5,Metrics!$B$5:$H$5,0))),"") -> Quality & Performance | D22: =IFERROR(IF(LEN(INDEX(Metrics!$B$6:$H$70,ROW($A22)-ROW($A$5),MATCH(D$5,Metrics!$B$5:$H$5,0)))=0,"",INDEX(Metrics!$B$6:$H$70,ROW($A22)-ROW($A$5),MATCH(D$5,Metrics!$B$5:$H$5,0))),"") | E22: =IFERROR(IF(LEN(INDEX(Metrics!$B$6:$H$70,ROW($A22)-ROW($A$5),MATCH(E$5,Metrics!$B$5:$H$5,0)))=0,"",INDEX(Metrics!$B$6:$H$70,ROW($A22)-ROW($A$5),MATCH(E$5,Metrics!$B$5:$H$5,0))),"")
B23: =IFERROR(IF(LEN(INDEX(Metrics!$B$6:$H$70,ROW($A23)-ROW($A$5),MATCH(B$5,Metrics!$B$5:$H$5,0)))=0,"",INDEX(Metrics!$B$6:$H$70,ROW($A23)-ROW($A$5),MATCH(B$5,Metrics!$B$5:$H$5,0))),"") -> 306 | C23: =IFERROR(IF(LEN(INDEX(Metrics!$B$6:$H$70,ROW($A23)-ROW($A$5),MATCH(C$5,Metrics!$B$5:$H$5,0)))=0,"",INDEX(Metrics!$B$6:$H$70,ROW($A23)-ROW($A$5),MATCH(C$5,Metrics!$B$5:$H$5,0))),"") -> Quality & Performance | D23: =IFERROR(IF(LEN(INDEX(Metrics!$B$6:$H$70,ROW($A23)-ROW($A$5),MATCH(D$5,Metrics!$B$5:$H$5,0)))=0,"",INDEX(Metrics!$B$6:$H$70,ROW($A23)-ROW($A$5),MATCH(D$5,Metrics!$B$5:$H$5,0))),"") | E23: =IFERROR(IF(LEN(INDEX(Metrics!$B$6:$H$70,ROW($A23)-ROW($A$5),MATCH(E$5,Metrics!$B$5:$H$5,0)))=0,"",INDEX(Metrics!$B$6:$H$70,ROW($A23)-ROW($A$5),MATCH(E$5,Metrics!$B$5:$H$5,0))),"")
B24: =IFERROR(IF(LEN(INDEX(Metrics!$B$6:$H$70,ROW($A24)-ROW($A$5),MATCH(B$5,Metrics!$B$5:$H$5,0)))=0,"",INDEX(Metrics!$B$6:$H$70,ROW($A24)-ROW($A$5),MATCH(B$5,Metrics!$B$5:$H$5,0))),"") -> 307 | C24: =IFERROR(IF(LEN(INDEX(Metrics!$B$6:$H$70,ROW($A24)-ROW($A$5),MATCH(C$5,Metrics!$B$5:$H$5,0)))=0,"",INDEX(Metrics!$B$6:$H$70,ROW($A24)-ROW($A$5),MATCH(C$5,Metrics!$B$5:$H$5,0))),"") -> Quality & Performance | D24: =IFERROR(IF(LEN(INDEX(Metrics!$B$6:$H$70,ROW($A24)-ROW($A$5),MATCH(D$5,Metrics!$B$5:$H$5,0)))=0,"",INDEX(Metrics!$B$6:$H$70,ROW($A24)-ROW($A$5),MATCH(D$5,Metrics!$B$5:$H$5,0))),"") | E24: =IFERROR(IF(LEN(INDEX(Metrics!$B$6:$H$70,ROW($A24)-ROW($A$5),MATCH(E$5,Metrics!$B$5:$H$5,0)))=0,"",INDEX(Metrics!$B$6:$H$70,ROW($A24)-ROW($A$5),MATCH(E$5,Metrics!$B$5:$H$5,0))),"")
B25: =IFERROR(IF(LEN(INDEX(Metrics!$B$6:$H$70,ROW($A25)-ROW($A$5),MATCH(B$5,Metrics!$B$5:$H$5,0)))=0,"",INDEX(Metrics!$B$6:$H$70,ROW($A25)-ROW($A$5),MATCH(B$5,Metrics!$B$5:$H$5,0))),"") -> 401 | C25: =IFERROR(IF(LEN(INDEX(Metrics!$B$6:$H$70,ROW($A25)-ROW($A$5),MATCH(C$5,Metrics!$B$5:$H$5,0)))=0,"",INDEX(Metrics!$B$6:$H$70,ROW($A25)-ROW($A$5),MATCH(C$5,Metrics!$B$5:$H$5,0))),"") -> Process and Workflow | D25: =IFERROR(IF(LEN(INDEX(Metrics!$B$6:$H$70,ROW($A25)-ROW($A$5),MATCH(D$5,Metrics!$B$5:$H$5,0)))=0,"",INDEX(Metrics!$B$6:$H$70,ROW($A25)-ROW($A$5),MATCH(D$5,Metrics!$B$5:$H$5,0))),"") -> Interview-to-Offer Ratio | E25: =IFERROR(IF(LEN(INDEX(Metrics!$B$6:$H$70,ROW($A25)-ROW($A$5),MATCH(E$5,Metrics!$B$5:$H$5,0)))=0,"",INDEX(Metrics!$B$6:$H$70,ROW($A25)-ROW($A$5),MATCH(E$5,Metrics!$B$5:$H$5,0))),"") -> %
B26: =IFERROR(IF(LEN(INDEX(Metrics!$B$6:$H$70,ROW($A26)-ROW($A$5),MATCH(B$5,Metrics!$B$5:$H$5,0)))=0,"",INDEX(Metrics!$B$6:$H$70,ROW($A26)-ROW($A$5),MATCH(B$5,Metrics!$B$5:$H$5,0))),"") -> 402 | C26: =IFERROR(IF(LEN(INDEX(Metrics!$B$6:$H$70,ROW($A26)-ROW($A$5),MATCH(C$5,Metrics!$B$5:$H$5,0)))=0,"",INDEX(Metrics!$B$6:$H$70,ROW($A26)-ROW($A$5),MATCH(C$5,Metrics!$B$5:$H$5,0))),"") -> Process and Workflow | D26: =IFERROR(IF(LEN(INDEX(Metrics!$B$6:$H$70,ROW($A26)-ROW($A$5),MATCH(D$5,Metrics!$B$5:$H$5,0)))=0,"",INDEX(Metrics!$B$6:$H$70,ROW($A26)-ROW($A$5),MATCH(D$5,Metrics!$B$5:$H$5,0))),"") -> Offer-to-Acceptance Ratio | E26: =IFERROR(IF(LEN(INDEX(Metrics!$B$6:$H$70,ROW($A26)-ROW($A$5),MATCH(E$5,Metrics!$B$5:$H$5,0)))=0,"",INDEX(Metrics!$B$6:$H$70,ROW($A26)-ROW($A$5),MATCH(E$5,Metrics!$B$5:$H$5,0))),"") -> %
B27: =IFERROR(IF(LEN(INDEX(Metrics!$B$6:$H$70,ROW($A27)-ROW($A$5),MATCH(B$5,Metrics!$B$5:$H$5,0)))=0,"",INDEX(Metrics!$B$6:$H$70,ROW($A27)-ROW($A$5),MATCH(B$5,Metrics!$B$5:$H$5,0))),"") -> 403 | C27: =IFERROR(IF(LEN(INDEX(Metrics!$B$6:$H$70,ROW($A27)-ROW($A$5),MATCH(C$5,Metrics!$B$5:$H$5,0)))=0,"",INDEX(Metrics!$B$6:$H$70,ROW($A27)-ROW($A$5),MATCH(C$5,Metrics!$B$5:$H$5,0))),"") -> Process and Workflow | D27: =IFERROR(IF(LEN(INDEX(Metrics!$B$6:$H$70,ROW($A27)-ROW($A$5),MATCH(D$5,Metrics!$B$5:$H$5,0)))=0,"",INDEX(Metrics!$B$6:$H$70,ROW($A27)-ROW($A$5),MATCH(D$5,Metrics!$B$5:$H$5,0))),"") -> Selection Rate | E27: =IFERROR(IF(LEN(INDEX(Metrics!$B$6:$H$70,ROW($A27)-ROW($A$5),MATCH(E$5,Metrics!$B$5:$H$5,0)))=0,"",INDEX(Metrics!$B$6:$H$70,ROW($A27)-ROW($A$5),MATCH(E$5,Metrics!$B$5:$H$5,0))),"") -> %
B28: =IFERROR(IF(LEN(INDEX(Metrics!$B$6:$H$70,ROW($A28)-ROW($A$5),MATCH(B$5,Metrics!$B$5:$H$5,0)))=0,"",INDEX(Metrics!$B$6:$H$70,ROW($A28)-ROW($A$5),MATCH(B$5,Metrics!$B$5:$H$5,0))),"") -> 404 | C28: =IFERROR(IF(LEN(INDEX(Metrics!$B$6:$H$70,ROW($A28)-ROW($A$5),MATCH(C$5,Metrics!$B$5:$H$5,0)))=0,"",INDEX(Metrics!$B$6:$H$70,ROW($A28)-ROW($A$5),MATCH(C$5,Metrics!$B$5:$H$5,0))),"") -> Process and Workflow | D28: =IFERROR(IF(LEN(INDEX(Metrics!$B$6:$H$70,ROW($A28)-ROW($A$5),MATCH(D$5,Metrics!$B$5:$H$5,0)))=0,"",INDEX(Metrics!$B$6:$H$70,ROW($A28)-ROW($A$5),MATCH(D$5,Metrics!$B$5:$H$5,0))),"") -> Interview Drop-off Rate | E28: =IFERROR(IF(LEN(INDEX(Metrics!$B$6:$H$70,ROW($A28)-ROW($A$5),MATCH(E$5,Metrics!$B$5:$H$5,0)))=0,"",INDEX(Metrics!$B$6:$H$70,ROW($A28)-ROW($A$5),MATCH(E$5,Metrics!$B$5:$H$5,0))),"") -> %
B29: =IFERROR(IF(LEN(INDEX(Metrics!$B$6:$H$70,ROW($A29)-ROW($A$5),MATCH(B$5,Metrics!$B$5:$H$5,0)))=0,"",INDEX(Metrics!$B$6:$H$70,ROW($A29)-ROW($A$5),MATCH(B$5,Metrics!$B$5:$H$5,0))),"") -> 405 | C29: =IFERROR(IF(LEN(INDEX(Metrics!$B$6:$H$70,ROW($A29)-ROW($A$5),MATCH(C$5,Metrics!$B$5:$H$5,0)))=0,"",INDEX(Metrics!$B$6:$H$70,ROW($A29)-ROW($A$5),MATCH(C$5,Metrics!$B$5:$H$5,0))),"") -> Process and Workflow | D29: =IFERROR(IF(LEN(INDEX(Metrics!$B$6:$H$70,ROW($A29)-ROW($A$5),MATCH(D$5,Metrics!$B$5:$H$5,0)))=0,"",INDEX(Metrics!$B$6:$H$70,ROW($A29)-ROW($A$5),MATCH(D$5,Metrics!$B$5:$H$5,0))),"") -> Diversity Hire Rate | E29: =IFERROR(IF(LEN(INDEX(Metrics!$B$6:$H$70,ROW($A29)-ROW($A$5),MATCH(E$5,Metrics!$B$5:$H$5,0)))=0,"",INDEX(Metrics!$B$6:$H$70,ROW($A29)-ROW($A$5),MATCH(E$5,Metrics!$B$5:$H$5,0))),"") -> %
B30: =IFERROR(IF(LEN(INDEX(Metrics!$B$6:$H$70,ROW($A30)-ROW($A$5),MATCH(B$5,Metrics!$B$5:$H$5,0)))=0,"",INDEX(Metrics!$B$6:$H$70,ROW($A30)-ROW($A$5),MATCH(B$5,Metrics!$B$5:$H$5,0))),"") -> 406 | C30: =IFERROR(IF(LEN(INDEX(Metrics!$B$6:$H$70,ROW($A30)-ROW($A$5),MATCH(C$5,Metrics!$B$5:$H$5,0)))=0,"",INDEX(Metrics!$B$6:$H$70,ROW($A30)-ROW($A$5),MATCH(C$5,Metrics!$B$5:$H$5,0))),"") -> Process and Workflow | D30: =IFERROR(IF(LEN(INDEX(Metrics!$B$6:$H$70,ROW($A30)-ROW($A$5),MATCH(D$5,Metrics!$B$5:$H$5,0)))=0,"",INDEX(Metrics!$B$6:$H$70,ROW($A30)-ROW($A$5),MATCH(D$5,Metrics!$B$5:$H$5,0))),"") | E30: =IFERROR(IF(LEN(INDEX(Metrics!$B$6:$H$70,ROW($A30)-ROW($A$5),MATCH(E$5,Metrics!$B$5:$H$5,0)))=0,"",INDEX(Metrics!$B$6:$H$70,ROW($A30)-ROW($A$5),MATCH(E$5,Metrics!$B$5:$H$5,0))),"")
B31: =IFERROR(IF(LEN(INDEX(Metrics!$B$6:$H$70,ROW($A31)-ROW($A$5),MATCH(B$5,Metrics!$B$5:$H$5,0)))=0,"",INDEX(Metrics!$B$6:$H$70,ROW($A31)-ROW($A$5),MATCH(B$5,Metrics!$B$5:$H$5,0))),"") -> 407 | C31: =IFERROR(IF(LEN(INDEX(Metrics!$B$6:$H$70,ROW($A31)-ROW($A$5),MATCH(C$5,Metrics!$B$5:$H$5,0)))=0,"",INDEX(Metrics!$B$6:$H$70,ROW($A31)-ROW($A$5),MATCH(C$5,Metrics!$B$5:$H$5,0))),"") -> Process and Workflow | D31: =IFERROR(IF(LEN(INDEX(Metrics!$B$6:$H$70,ROW($A31)-ROW($A$5),MATCH(D$5,Metrics!$B$5:$H$5,0)))=0,"",INDEX(Metrics!$B$6:$H$70,ROW($A31)-ROW($A$5),MATCH(D$5,Metrics!$B$5:$H$5,0))),"") | E31: =IFERROR(IF(LEN(INDEX(Metrics!$B$6:$H$70,ROW($A31)-ROW($A$5),MATCH(E$5,Metrics!$B$5:$H$5,0)))=0,"",INDEX(Metrics!$B$6:$H$70,ROW($A31)-ROW($A$5),MATCH(E$5,Metrics!$B$5:$H$5,0))),"")
B32: =IFERROR(IF(LEN(INDEX(Metrics!$B$6:$H$70,ROW($A32)-ROW($A$5),MATCH(B$5,Metrics!$B$5:$H$5,0)))=0,"",INDEX(Metrics!$B$6:$H$70,ROW($A32)-ROW($A$5),MATCH(B$5,Metrics!$B$5:$H$5,0))),"") -> 501 | C32: =IFERROR(IF(LEN(INDEX(Metrics!$B$6:$H$70,ROW($A32)-ROW($A$5),MATCH(C$5,Metrics!$B$5:$H$5,0)))=0,"",INDEX(Metrics!$B$6:$H$70,ROW($A32)-ROW($A$5),MATCH(C$5,Metrics!$B$5:$H$5,0))),"") -> Candidate Experience | D32: =IFERROR(IF(LEN(INDEX(Metrics!$B$6:$H$70,ROW($A32)-ROW($A$5),MATCH(D$5,Metrics!$B$5:$H$5,0)))=0,"",INDEX(Metrics!$B$6:$H$70,ROW($A32)-ROW($A$5),MATCH(D$5,Metrics!$B$5:$H$5,0))),"") -> Candidate Job Satisfaction | E32: =IFERROR(IF(LEN(INDEX(Metrics!$B$6:$H$70,ROW($A32)-ROW($A$5),MATCH(E$5,Metrics!$B$5:$H$5,0)))=0,"",INDEX(Metrics!$B$6:$H$70,ROW($A32)-ROW($A$5),MATCH(E$5,Metrics!$B$5:$H$5,0))),"") -> Points
B33: =IFERROR(IF(LEN(INDEX(Metrics!$B$6:$H$70,ROW($A33)-ROW($A$5),MATCH(B$5,Metrics!$B$5:$H$5,0)))=0,"",INDEX(Metrics!$B$6:$H$70,ROW($A33)-ROW($A$5),MATCH(B$5,Metrics!$B$5:$H$5,0))),"") -> 502 | C33: =IFERROR(IF(LEN(INDEX(Metrics!$B$6:$H$70,ROW($A33)-ROW($A$5),MATCH(C$5,Metrics!$B$5:$H$5,0)))=0,"",INDEX(Metrics!$B$6:$H$70,ROW($A33)-ROW($A$5),MATCH(C$5,Metrics!$B$5:$H$5,0))),"") -> Candidate Experience | D33: =IFERROR(IF(LEN(INDEX(Metrics!$B$6:$H$70,ROW($A33)-ROW($A$5),MATCH(D$5,Metrics!$B$5:$H$5,0)))=0,"",INDEX(Metrics!$B$6:$H$70,ROW($A33)-ROW($A$5),MATCH(D$5,Metrics!$B$5:$H$5,0))),"") -> Applicant Drop-off Rate | E33: =IFERROR(IF(LEN(INDEX(Metrics!$B$6:$H$70,ROW($A33)-ROW($A$5),MATCH(E$5,Metrics!$B$5:$H$5,0)))=0,"",INDEX(Metrics!$B$6:$H$70,ROW($A33)-ROW($A$5),MATCH(E$5,Metrics!$B$5:$H$5,0))),"") -> %
... B70: =IFERROR(IF(LEN(INDEX(Metrics!$B$6:$H$70,ROW($A70)-ROW($A$5),MATCH(B$5,Metrics!$B$5:$H$5,0)))=0,"",INDEX(Metrics!$B$6:$H$70,ROW($A70)-ROW($A$5),MATCH(B$5,Metrics!$B$5:$H$5,0))),"") | C70: =IFERROR(IF(LEN(INDEX(Metrics!$B$6:$H$70,ROW($A70)-ROW($A$5),MATCH(C$5,Metrics!$B$5:$H$5,0)))=0,"",INDEX(Metrics!$B$6:$H$70,ROW($A70)-ROW($A$5),MATCH(C$5,Metrics!$B$5:$H$5,0))),"") | D70: =IFERROR(IF(LEN(INDEX(Metrics!$B$6:$H$70,ROW($A70)-ROW($A$5),MATCH(D$5,Metrics!$B$5:$H$5,0)))=0,"",INDEX(Metrics!$B$6:$H$70,ROW($A70)-ROW($A$5),MATCH(D$5,Metrics!$B$5:$H$5,0))),"") | E70: =IFERROR(IF(LEN(INDEX(Metrics!$B$6:$H$70,ROW($A70)-ROW($A$5),MATCH(E$5,Metrics!$B$5:$H$5,0)))=0,"",INDEX(Metrics!$B$6:$H$70,ROW($A70)-ROW($A$5),MATCH(E$5,Metrics!$B$5:$H$5,0))),"")

Sheet CY_Target
C2: RECRUITMENT KPI DASHBOARD
C3: CURRENT YEAR TARGETS
B5: KPI Code | C5: KPI Group | D5: Criteria | E5: Unit | F5: =IFERROR(INDEX(Calc!$H$7:$H$18,COLUMN(CY_Target!F4)-COLUMN(CY_Target!$E$4)),"") -> Jan 2024 | G5: =IFERROR(INDEX(Calc!$H$7:$H$18,COLUMN(CY_Target!G4)-COLUMN(CY_Target!$E$4)),"") -> Feb 2024 | H5: =IFERROR(INDEX(Calc!$H$7:$H$18,COLUMN(CY_Target!H4)-COLUMN(CY_Target!$E$4)),"") -> Mar 2024 | I5: =IFERROR(INDEX(Calc!$H$7:$H$18,COLUMN(CY_Target!I4)-COLUMN(CY_Target!$E$4)),"") -> Apr 2024 | J5: =IFERROR(INDEX(Calc!$H$7:$H$18,COLUMN(CY_Target!J4)-COLUMN(CY_Target!$E$4)),"") -> May 2024 | K5: =IFERROR(INDEX(Calc!$H$7:$H$18,COLUMN(CY_Target!K4)-COLUMN(CY_Target!$E$4)),"") -> Jun 2024 | L5: =IFERROR(INDEX(Calc!$H$7:$H$18,COLUMN(CY_Target!L4)-COLUMN(CY_Target!$E$4)),"") -> Jul 2024 | M5: =IFERROR(INDEX(Calc!$H$7:$H$18,COLUMN(CY_Target!M4)-COLUMN(CY_Target!$E$4)),"") -> Aug 2024 | ... Q5: =IFERROR(INDEX(Calc!$H$7:$H$18,COLUMN(CY_Target!Q4)-COLUMN(CY_Target!$E$4)),"") -> Dec 2024
B6: =IFERROR(IF(LEN(INDEX(Metrics!$B$6:$H$70,ROW($A6)-ROW($A$5),MATCH(B$5,Metrics!$B$5:$H$5,0)))=0,"",INDEX(Metrics!$B$6:$H$70,ROW($A6)-ROW($A$5),MATCH(B$5,Metrics!$B$5:$H$5,0))),"") -> 101 | C6: =IFERROR(IF(LEN(INDEX(Metrics!$B$6:$H$70,ROW($A6)-ROW($A$5),MATCH(C$5,Metrics!$B$5:$H$5,0)))=0,"",INDEX(Metrics!$B$6:$H$70,ROW($A6)-ROW($A$5),MATCH(C$5,Metrics!$B$5:$H$5,0))),"") -> Efficiency and Speed | D6: =IFERROR(IF(LEN(INDEX(Metrics!$B$6:$H$70,ROW($A6)-ROW($A$5),MATCH(D$5,Metrics!$B$5:$H$5,0)))=0,"",INDEX(Metrics!$B$6:$H$70,ROW($A6)-ROW($A$5),MATCH(D$5,Metrics!$B$5:$H$5,0))),"") -> Time to Fill | E6: =IFERROR(IF(LEN(INDEX(Metrics!$B$6:$H$70,ROW($A6)-ROW($A$5),MATCH(E$5,Metrics!$B$5:$H$5,0)))=0,"",INDEX(Metrics!$B$6:$H$70,ROW($A6)-ROW($A$5),MATCH(E$5,Metrics!$B$5:$H$5,0))),"") -> Days | F6: 40 | G6: 40 | H6: 40 | I6: 40 | J6: 40 | K6: 40
B7: =IFERROR(IF(LEN(INDEX(Metrics!$B$6:$H$70,ROW($A7)-ROW($A$5),MATCH(B$5,Metrics!$B$5:$H$5,0)))=0,"",INDEX(Metrics!$B$6:$H$70,ROW($A7)-ROW($A$5),MATCH(B$5,Metrics!$B$5:$H$5,0))),"") -> 102 | C7: =IFERROR(IF(LEN(INDEX(Metrics!$B$6:$H$70,ROW($A7)-ROW($A$5),MATCH(C$5,Metrics!$B$5:$H$5,0)))=0,"",INDEX(Metrics!$B$6:$H$70,ROW($A7)-ROW($A$5),MATCH(C$5,Metrics!$B$5:$H$5,0))),"") -> Efficiency and Speed | D7: =IFERROR(IF(LEN(INDEX(Metrics!$B$6:$H$70,ROW($A7)-ROW($A$5),MATCH(D$5,Metrics!$B$5:$H$5,0)))=0,"",INDEX(Metrics!$B$6:$H$70,ROW($A7)-ROW($A$5),MATCH(D$5,Metrics!$B$5:$H$5,0))),"") -> Time to Hire | E7: =IFERROR(IF(LEN(INDEX(Metrics!$B$6:$H$70,ROW($A7)-ROW($A$5),MATCH(E$5,Metrics!$B$5:$H$5,0)))=0,"",INDEX(Metrics!$B$6:$H$70,ROW($A7)-ROW($A$5),MATCH(E$5,Metrics!$B$5:$H$5,0))),"") -> Days | F7: 15 | G7: 15 | H7: 15 | I7: 15 | J7: 15 | K7: 15
B8: =IFERROR(IF(LEN(INDEX(Metrics!$B$6:$H$70,ROW($A8)-ROW($A$5),MATCH(B$5,Metrics!$B$5:$H$5,0)))=0,"",INDEX(Metrics!$B$6:$H$70,ROW($A8)-ROW($A$5),MATCH(B$5,Metrics!$B$5:$H$5,0))),"") -> 103 | C8: =IFERROR(IF(LEN(INDEX(Metrics!$B$6:$H$70,ROW($A8)-ROW($A$5),MATCH(C$5,Metrics!$B$5:$H$5,0)))=0,"",INDEX(Metrics!$B$6:$H$70,ROW($A8)-ROW($A$5),MATCH(C$5,Metrics!$B$5:$H$5,0))),"") -> Efficiency and Speed | D8: =IFERROR(IF(LEN(INDEX(Metrics!$B$6:$H$70,ROW($A8)-ROW($A$5),MATCH(D$5,Metrics!$B$5:$H$5,0)))=0,"",INDEX(Metrics!$B$6:$H$70,ROW($A8)-ROW($A$5),MATCH(D$5,Metrics!$B$5:$H$5,0))),"") -> Hiring Velocity | E8: =IFERROR(IF(LEN(INDEX(Metrics!$B$6:$H$70,ROW($A8)-ROW($A$5),MATCH(E$5,Metrics!$B$5:$H$5,0)))=0,"",INDEX(Metrics!$B$6:$H$70,ROW($A8)-ROW($A$5),MATCH(E$5,Metrics!$B$5:$H$5,0))),"") -> % | F8: 0.02 | G8: 0.02 | H8: 0.02 | I8: 0.02 | J8: 0.02 | K8: 0.02
B9: =IFERROR(IF(LEN(INDEX(Metrics!$B$6:$H$70,ROW($A9)-ROW($A$5),MATCH(B$5,Metrics!$B$5:$H$5,0)))=0,"",INDEX(Metrics!$B$6:$H$70,ROW($A9)-ROW($A$5),MATCH(B$5,Metrics!$B$5:$H$5,0))),"") -> 104 | C9: =IFERROR(IF(LEN(INDEX(Metrics!$B$6:$H$70,ROW($A9)-ROW($A$5),MATCH(C$5,Metrics!$B$5:$H$5,0)))=0,"",INDEX(Metrics!$B$6:$H$70,ROW($A9)-ROW($A$5),MATCH(C$5,Metrics!$B$5:$H$5,0))),"") -> Efficiency and Speed | D9: =IFERROR(IF(LEN(INDEX(Metrics!$B$6:$H$70,ROW($A9)-ROW($A$5),MATCH(D$5,Metrics!$B$5:$H$5,0)))=0,"",INDEX(Metrics!$B$6:$H$70,ROW($A9)-ROW($A$5),MATCH(D$5,Metrics!$B$5:$H$5,0))),"") -> Average Interview Duration | E9: =IFERROR(IF(LEN(INDEX(Metrics!$B$6:$H$70,ROW($A9)-ROW($A$5),MATCH(E$5,Metrics!$B$5:$H$5,0)))=0,"",INDEX(Metrics!$B$6:$H$70,ROW($A9)-ROW($A$5),MATCH(E$5,Metrics!$B$5:$H$5,0))),"") -> Minutes | F9: 40 | G9: 40 | H9: 40 | I9: 40 | J9: 40 | K9: 40
B10: =IFERROR(IF(LEN(INDEX(Metrics!$B$6:$H$70,ROW($A10)-ROW($A$5),MATCH(B$5,Metrics!$B$5:$H$5,0)))=0,"",INDEX(Metrics!$B$6:$H$70,ROW($A10)-ROW($A$5),MATCH(B$5,Metrics!$B$5:$H$5,0))),"") -> 105 | C10: =IFERROR(IF(LEN(INDEX(Metrics!$B$6:$H$70,ROW($A10)-ROW($A$5),MATCH(C$5,Metrics!$B$5:$H$5,0)))=0,"",INDEX(Metrics!$B$6:$H$70,ROW($A10)-ROW($A$5),MATCH(C$5,Metrics!$B$5:$H$5,0))),"") -> Efficiency and Speed | D10: =IFERROR(IF(LEN(INDEX(Metrics!$B$6:$H$70,ROW($A10)-ROW($A$5),MATCH(D$5,Metrics!$B$5:$H$5,0)))=0,"",INDEX(Metrics!$B$6:$H$70,ROW($A10)-ROW($A$5),MATCH(D$5,Metrics!$B$5:$H$5,0))),"") -> Screening Efficiency | E10: =IFERROR(IF(LEN(INDEX(Metrics!$B$6:$H$70,ROW($A10)-ROW($A$5),MATCH(E$5,Metrics!$B$5:$H$5,0)))=0,"",INDEX(Metrics!$B$6:$H$70,ROW($A10)-ROW($A$5),MATCH(E$5,Metrics!$B$5:$H$5,0))),"") -> % | F10: 0.2 | G10: 0.2 | H10: 0.2 | I10: 0.2 | J10: 0.2 | K10: 0.2
B11: =IFERROR(IF(LEN(INDEX(Metrics!$B$6:$H$70,ROW($A11)-ROW($A$5),MATCH(B$5,Metrics!$B$5:$H$5,0)))=0,"",INDEX(Metrics!$B$6:$H$70,ROW($A11)-ROW($A$5),MATCH(B$5,Metrics!$B$5:$H$5,0))),"") -> 106 | C11: =IFERROR(IF(LEN(INDEX(Metrics!$B$6:$H$70,ROW($A11)-ROW($A$5),MATCH(C$5,Metrics!$B$5:$H$5,0)))=0,"",INDEX(Metrics!$B$6:$H$70,ROW($A11)-ROW($A$5),MATCH(C$5,Metrics!$B$5:$H$5,0))),"") -> Efficiency and Speed | D11: =IFERROR(IF(LEN(INDEX(Metrics!$B$6:$H$70,ROW($A11)-ROW($A$5),MATCH(D$5,Metrics!$B$5:$H$5,0)))=0,"",INDEX(Metrics!$B$6:$H$70,ROW($A11)-ROW($A$5),MATCH(D$5,Metrics!$B$5:$H$5,0))),"") | E11: =IFERROR(IF(LEN(INDEX(Metrics!$B$6:$H$70,ROW($A11)-ROW($A$5),MATCH(E$5,Metrics!$B$5:$H$5,0)))=0,"",INDEX(Metrics!$B$6:$H$70,ROW($A11)-ROW($A$5),MATCH(E$5,Metrics!$B$5:$H$5,0))),"")
B12: =IFERROR(IF(LEN(INDEX(Metrics!$B$6:$H$70,ROW($A12)-ROW($A$5),MATCH(B$5,Metrics!$B$5:$H$5,0)))=0,"",INDEX(Metrics!$B$6:$H$70,ROW($A12)-ROW($A$5),MATCH(B$5,Metrics!$B$5:$H$5,0))),"") -> 107 | C12: =IFERROR(IF(LEN(INDEX(Metrics!$B$6:$H$70,ROW($A12)-ROW($A$5),MATCH(C$5,Metrics!$B$5:$H$5,0)))=0,"",INDEX(Metrics!$B$6:$H$70,ROW($A12)-ROW($A$5),MATCH(C$5,Metrics!$B$5:$H$5,0))),"") -> Efficiency and Speed | D12: =IFERROR(IF(LEN(INDEX(Metrics!$B$6:$H$70,ROW($A12)-ROW($A$5),MATCH(D$5,Metrics!$B$5:$H$5,0)))=0,"",INDEX(Metrics!$B$6:$H$70,ROW($A12)-ROW($A$5),MATCH(D$5,Metrics!$B$5:$H$5,0))),"") | E12: =IFERROR(IF(LEN(INDEX(Metrics!$B$6:$H$70,ROW($A12)-ROW($A$5),MATCH(E$5,Metrics!$B$5:$H$5,0)))=0,"",INDEX(Metrics!$B$6:$H$70,ROW($A12)-ROW($A$5),MATCH(E$5,Metrics!$B$5:$H$5,0))),"")
B13: =IFERROR(IF(LEN(INDEX(Metrics!$B$6:$H$70,ROW($A13)-ROW($A$5),MATCH(B$5,Metrics!$B$5:$H$5,0)))=0,"",INDEX(Metrics!$B$6:$H$70,ROW($A13)-ROW($A$5),MATCH(B$5,Metrics!$B$5:$H$5,0))),"") -> 201 | C13: =IFERROR(IF(LEN(INDEX(Metrics!$B$6:$H$70,ROW($A13)-ROW($A$5),MATCH(C$5,Metrics!$B$5:$H$5,0)))=0,"",INDEX(Metrics!$B$6:$H$70,ROW($A13)-ROW($A$5),MATCH(C$5,Metrics!$B$5:$H$5,0))),"") -> Cost and Investment | D13: =IFERROR(IF(LEN(INDEX(Metrics!$B$6:$H$70,ROW($A13)-ROW($A$5),MATCH(D$5,Metrics!$B$5:$H$5,0)))=0,"",INDEX(Metrics!$B$6:$H$70,ROW($A13)-ROW($A$5),MATCH(D$5,Metrics!$B$5:$H$5,0))),"") -> Cost per Hire | E13: =IFERROR(IF(LEN(INDEX(Metrics!$B$6:$H$70,ROW($A13)-ROW($A$5),MATCH(E$5,Metrics!$B$5:$H$5,0)))=0,"",INDEX(Metrics!$B$6:$H$70,ROW($A13)-ROW($A$5),MATCH(E$5,Metrics!$B$5:$H$5,0))),"") -> USD | F13: 1000 | G13: 1000 | H13: 1000 | I13: 1000 | J13: 1000 | K13: 1000
B14: =IFERROR(IF(LEN(INDEX(Metrics!$B$6:$H$70,ROW($A14)-ROW($A$5),MATCH(B$5,Metrics!$B$5:$H$5,0)))=0,"",INDEX(Metrics!$B$6:$H$70,ROW($A14)-ROW($A$5),MATCH(B$5,Metrics!$B$5:$H$5,0))),"") -> 202 | C14: =IFERROR(IF(LEN(INDEX(Metrics!$B$6:$H$70,ROW($A14)-ROW($A$5),MATCH(C$5,Metrics!$B$5:$H$5,0)))=0,"",INDEX(Metrics!$B$6:$H$70,ROW($A14)-ROW($A$5),MATCH(C$5,Metrics!$B$5:$H$5,0))),"") -> Cost and Investment | D14: =IFERROR(IF(LEN(INDEX(Metrics!$B$6:$H$70,ROW($A14)-ROW($A$5),MATCH(D$5,Metrics!$B$5:$H$5,0)))=0,"",INDEX(Metrics!$B$6:$H$70,ROW($A14)-ROW($A$5),MATCH(D$5,Metrics!$B$5:$H$5,0))),"") -> Recruitment Marketing ROI | E14: =IFERROR(IF(LEN(INDEX(Metrics!$B$6:$H$70,ROW($A14)-ROW($A$5),MATCH(E$5,Metrics!$B$5:$H$5,0)))=0,"",INDEX(Metrics!$B$6:$H$70,ROW($A14)-ROW($A$5),MATCH(E$5,Metrics!$B$5:$H$5,0))),"") -> % | F14: 0.15 | G14: 0.15 | H14: 0.15 | I14: 0.15 | J14: 0.15 | K14: 0.15
B15: =IFERROR(IF(LEN(INDEX(Metrics!$B$6:$H$70,ROW($A15)-ROW($A$5),MATCH(B$5,Metrics!$B$5:$H$5,0)))=0,"",INDEX(Metrics!$B$6:$H$70,ROW($A15)-ROW($A$5),MATCH(B$5,Metrics!$B$5:$H$5,0))),"") -> 203 | C15: =IFERROR(IF(LEN(INDEX(Metrics!$B$6:$H$70,ROW($A15)-ROW($A$5),MATCH(C$5,Metrics!$B$5:$H$5,0)))=0,"",INDEX(Metrics!$B$6:$H$70,ROW($A15)-ROW($A$5),MATCH(C$5,Metrics!$B$5:$H$5,0))),"") -> Cost and Investment | D15: =IFERROR(IF(LEN(INDEX(Metrics!$B$6:$H$70,ROW($A15)-ROW($A$5),MATCH(D$5,Metrics!$B$5:$H$5,0)))=0,"",INDEX(Metrics!$B$6:$H$70,ROW($A15)-ROW($A$5),MATCH(D$5,Metrics!$B$5:$H$5,0))),"") -> Recruitment Cost Ratio | E15: =IFERROR(IF(LEN(INDEX(Metrics!$B$6:$H$70,ROW($A15)-ROW($A$5),MATCH(E$5,Metrics!$B$5:$H$5,0)))=0,"",INDEX(Metrics!$B$6:$H$70,ROW($A15)-ROW($A$5),MATCH(E$5,Metrics!$B$5:$H$5,0))),"") -> % | F15: 0.02 | G15: 0.02 | H15: 0.02 | I15: 0.02 | J15: 0.02 | K15: 0.02
B16: =IFERROR(IF(LEN(INDEX(Metrics!$B$6:$H$70,ROW($A16)-ROW($A$5),MATCH(B$5,Metrics!$B$5:$H$5,0)))=0,"",INDEX(Metrics!$B$6:$H$70,ROW($A16)-ROW($A$5),MATCH(B$5,Metrics!$B$5:$H$5,0))),"") -> 204 | C16: =IFERROR(IF(LEN(INDEX(Metrics!$B$6:$H$70,ROW($A16)-ROW($A$5),MATCH(C$5,Metrics!$B$5:$H$5,0)))=0,"",INDEX(Metrics!$B$6:$H$70,ROW($A16)-ROW($A$5),MATCH(C$5,Metrics!$B$5:$H$5,0))),"") -> Cost and Investment | D16: =IFERROR(IF(LEN(INDEX(Metrics!$B$6:$H$70,ROW($A16)-ROW($A$5),MATCH(D$5,Metrics!$B$5:$H$5,0)))=0,"",INDEX(Metrics!$B$6:$H$70,ROW($A16)-ROW($A$5),MATCH(D$5,Metrics!$B$5:$H$5,0))),"") | E16: =IFERROR(IF(LEN(INDEX(Metrics!$B$6:$H$70,ROW($A16)-ROW($A$5),MATCH(E$5,Metrics!$B$5:$H$5,0)))=0,"",INDEX(Metrics!$B$6:$H$70,ROW($A16)-ROW($A$5),MATCH(E$5,Metrics!$B$5:$H$5,0))),"")
B17: =IFERROR(IF(LEN(INDEX(Metrics!$B$6:$H$70,ROW($A17)-ROW($A$5),MATCH(B$5,Metrics!$B$5:$H$5,0)))=0,"",INDEX(Metrics!$B$6:$H$70,ROW($A17)-ROW($A$5),MATCH(B$5,Metrics!$B$5:$H$5,0))),"") -> 205 | C17: =IFERROR(IF(LEN(INDEX(Metrics!$B$6:$H$70,ROW($A17)-ROW($A$5),MATCH(C$5,Metrics!$B$5:$H$5,0)))=0,"",INDEX(Metrics!$B$6:$H$70,ROW($A17)-ROW($A$5),MATCH(C$5,Metrics!$B$5:$H$5,0))),"") -> Cost and Investment | D17: =IFERROR(IF(LEN(INDEX(Metrics!$B$6:$H$70,ROW($A17)-ROW($A$5),MATCH(D$5,Metrics!$B$5:$H$5,0)))=0,"",INDEX(Metrics!$B$6:$H$70,ROW($A17)-ROW($A$5),MATCH(D$5,Metrics!$B$5:$H$5,0))),"") | E17: =IFERROR(IF(LEN(INDEX(Metrics!$B$6:$H$70,ROW($A17)-ROW($A$5),MATCH(E$5,Metrics!$B$5:$H$5,0)))=0,"",INDEX(Metrics!$B$6:$H$70,ROW($A17)-ROW($A$5),MATCH(E$5,Metrics!$B$5:$H$5,0))),"")
B18: =IFERROR(IF(LEN(INDEX(Metrics!$B$6:$H$70,ROW($A18)-ROW($A$5),MATCH(B$5,Metrics!$B$5:$H$5,0)))=0,"",INDEX(Metrics!$B$6:$H$70,ROW($A18)-ROW($A$5),MATCH(B$5,Metrics!$B$5:$H$5,0))),"") -> 301 | C18: =IFERROR(IF(LEN(INDEX(Metrics!$B$6:$H$70,ROW($A18)-ROW($A$5),MATCH(C$5,Metrics!$B$5:$H$5,0)))=0,"",INDEX(Metrics!$B$6:$H$70,ROW($A18)-ROW($A$5),MATCH(C$5,Metrics!$B$5:$H$5,0))),"") -> Quality & Performance | D18: =IFERROR(IF(LEN(INDEX(Metrics!$B$6:$H$70,ROW($A18)-ROW($A$5),MATCH(D$5,Metrics!$B$5:$H$5,0)))=0,"",INDEX(Metrics!$B$6:$H$70,ROW($A18)-ROW($A$5),MATCH(D$5,Metrics!$B$5:$H$5,0))),"") -> Performance of Hire | E18: =IFERROR(IF(LEN(INDEX(Metrics!$B$6:$H$70,ROW($A18)-ROW($A$5),MATCH(E$5,Metrics!$B$5:$H$5,0)))=0,"",INDEX(Metrics!$B$6:$H$70,ROW($A18)-ROW($A$5),MATCH(E$5,Metrics!$B$5:$H$5,0))),"") -> Points | F18: 85 | G18: 85 | H18: 85 | I18: 85 | J18: 85 | K18: 85
B19: =IFERROR(IF(LEN(INDEX(Metrics!$B$6:$H$70,ROW($A19)-ROW($A$5),MATCH(B$5,Metrics!$B$5:$H$5,0)))=0,"",INDEX(Metrics!$B$6:$H$70,ROW($A19)-ROW($A$5),MATCH(B$5,Metrics!$B$5:$H$5,0))),"") -> 302 | C19: =IFERROR(IF(LEN(INDEX(Metrics!$B$6:$H$70,ROW($A19)-ROW($A$5),MATCH(C$5,Metrics!$B$5:$H$5,0)))=0,"",INDEX(Metrics!$B$6:$H$70,ROW($A19)-ROW($A$5),MATCH(C$5,Metrics!$B$5:$H$5,0))),"") -> Quality & Performance | D19: =IFERROR(IF(LEN(INDEX(Metrics!$B$6:$H$70,ROW($A19)-ROW($A$5),MATCH(D$5,Metrics!$B$5:$H$5,0)))=0,"",INDEX(Metrics!$B$6:$H$70,ROW($A19)-ROW($A$5),MATCH(D$5,Metrics!$B$5:$H$5,0))),"") -> First-Year Attrition | E19: =IFERROR(IF(LEN(INDEX(Metrics!$B$6:$H$70,ROW($A19)-ROW($A$5),MATCH(E$5,Metrics!$B$5:$H$5,0)))=0,"",INDEX(Metrics!$B$6:$H$70,ROW($A19)-ROW($A$5),MATCH(E$5,Metrics!$B$5:$H$5,0))),"") -> % | F19: 0.1 | G19: 0.1 | H19: 0.1 | I19: 0.1 | J19: 0.1 | K19: 0.1
B20: =IFERROR(IF(LEN(INDEX(Metrics!$B$6:$H$70,ROW($A20)-ROW($A$5),MATCH(B$5,Metrics!$B$5:$H$5,0)))=0,"",INDEX(Metrics!$B$6:$H$70,ROW($A20)-ROW($A$5),MATCH(B$5,Metrics!$B$5:$H$5,0))),"") -> 303 | C20: =IFERROR(IF(LEN(INDEX(Metrics!$B$6:$H$70,ROW($A20)-ROW($A$5),MATCH(C$5,Metrics!$B$5:$H$5,0)))=0,"",INDEX(Metrics!$B$6:$H$70,ROW($A20)-ROW($A$5),MATCH(C$5,Metrics!$B$5:$H$5,0))),"") -> Quality & Performance | D20: =IFERROR(IF(LEN(INDEX(Metrics!$B$6:$H$70,ROW($A20)-ROW($A$5),MATCH(D$5,Metrics!$B$5:$H$5,0)))=0,"",INDEX(Metrics!$B$6:$H$70,ROW($A20)-ROW($A$5),MATCH(D$5,Metrics!$B$5:$H$5,0))),"") -> Internal Mobility Rate | E20: =IFERROR(IF(LEN(INDEX(Metrics!$B$6:$H$70,ROW($A20)-ROW($A$5),MATCH(E$5,Metrics!$B$5:$H$5,0)))=0,"",INDEX(Metrics!$B$6:$H$70,ROW($A20)-ROW($A$5),MATCH(E$5,Metrics!$B$5:$H$5,0))),"") -> % | F20: 0.2 | G20: 0.2 | H20: 0.2 | I20: 0.2 | J20: 0.2 | K20: 0.2
B21: =IFERROR(IF(LEN(INDEX(Metrics!$B$6:$H$70,ROW($A21)-ROW($A$5),MATCH(B$5,Metrics!$B$5:$H$5,0)))=0,"",INDEX(Metrics!$B$6:$H$70,ROW($A21)-ROW($A$5),MATCH(B$5,Metrics!$B$5:$H$5,0))),"") -> 304 | C21: =IFERROR(IF(LEN(INDEX(Metrics!$B$6:$H$70,ROW($A21)-ROW($A$5),MATCH(C$5,Metrics!$B$5:$H$5,0)))=0,"",INDEX(Metrics!$B$6:$H$70,ROW($A21)-ROW($A$5),MATCH(C$5,Metrics!$B$5:$H$5,0))),"") -> Quality & Performance | D21: =IFERROR(IF(LEN(INDEX(Metrics!$B$6:$H$70,ROW($A21)-ROW($A$5),MATCH(D$5,Metrics!$B$5:$H$5,0)))=0,"",INDEX(Metrics!$B$6:$H$70,ROW($A21)-ROW($A$5),MATCH(D$5,Metrics!$B$5:$H$5,0))),"") -> Hiring Manager Satisfaction | E21: =IFERROR(IF(LEN(INDEX(Metrics!$B$6:$H$70,ROW($A21)-ROW($A$5),MATCH(E$5,Metrics!$B$5:$H$5,0)))=0,"",INDEX(Metrics!$B$6:$H$70,ROW($A21)-ROW($A$5),MATCH(E$5,Metrics!$B$5:$H$5,0))),"") -> Points | F21: 85 | G21: 85 | H21: 85 | I21: 85 | J21: 85 | K21: 85
B22: =IFERROR(IF(LEN(INDEX(Metrics!$B$6:$H$70,ROW($A22)-ROW($A$5),MATCH(B$5,Metrics!$B$5:$H$5,0)))=0,"",INDEX(Metrics!$B$6:$H$70,ROW($A22)-ROW($A$5),MATCH(B$5,Metrics!$B$5:$H$5,0))),"") -> 305 | C22: =IFERROR(IF(LEN(INDEX(Metrics!$B$6:$H$70,ROW($A22)-ROW($A$5),MATCH(C$5,Metrics!$B$5:$H$5,0)))=0,"",INDEX(Metrics!$B$6:$H$70,ROW($A22)-ROW($A$5),MATCH(C$5,Metrics!$B$5:$H$5,0))),"") -> Quality & Performance | D22: =IFERROR(IF(LEN(INDEX(Metrics!$B$6:$H$70,ROW($A22)-ROW($A$5),MATCH(D$5,Metrics!$B$5:$H$5,0)))=0,"",INDEX(Metrics!$B$6:$H$70,ROW($A22)-ROW($A$5),MATCH(D$5,Metrics!$B$5:$H$5,0))),"") | E22: =IFERROR(IF(LEN(INDEX(Metrics!$B$6:$H$70,ROW($A22)-ROW($A$5),MATCH(E$5,Metrics!$B$5:$H$5,0)))=0,"",INDEX(Metrics!$B$6:$H$70,ROW($A22)-ROW($A$5),MATCH(E$5,Metrics!$B$5:$H$5,0))),"")
B23: =IFERROR(IF(LEN(INDEX(Metrics!$B$6:$H$70,ROW($A23)-ROW($A$5),MATCH(B$5,Metrics!$B$5:$H$5,0)))=0,"",INDEX(Metrics!$B$6:$H$70,ROW($A23)-ROW($A$5),MATCH(B$5,Metrics!$B$5:$H$5,0))),"") -> 306 | C23: =IFERROR(IF(LEN(INDEX(Metrics!$B$6:$H$70,ROW($A23)-ROW($A$5),MATCH(C$5,Metrics!$B$5:$H$5,0)))=0,"",INDEX(Metrics!$B$6:$H$70,ROW($A23)-ROW($A$5),MATCH(C$5,Metrics!$B$5:$H$5,0))),"") -> Quality & Performance | D23: =IFERROR(IF(LEN(INDEX(Metrics!$B$6:$H$70,ROW($A23)-ROW($A$5),MATCH(D$5,Metrics!$B$5:$H$5,0)))=0,"",INDEX(Metrics!$B$6:$H$70,ROW($A23)-ROW($A$5),MATCH(D$5,Metrics!$B$5:$H$5,0))),"") | E23: =IFERROR(IF(LEN(INDEX(Metrics!$B$6:$H$70,ROW($A23)-ROW($A$5),MATCH(E$5,Metrics!$B$5:$H$5,0)))=0,"",INDEX(Metrics!$B$6:$H$70,ROW($A23)-ROW($A$5),MATCH(E$5,Metrics!$B$5:$H$5,0))),"")
B24: =IFERROR(IF(LEN(INDEX(Metrics!$B$6:$H$70,ROW($A24)-ROW($A$5),MATCH(B$5,Metrics!$B$5:$H$5,0)))=0,"",INDEX(Metrics!$B$6:$H$70,ROW($A24)-ROW($A$5),MATCH(B$5,Metrics!$B$5:$H$5,0))),"") -> 307 | C24: =IFERROR(IF(LEN(INDEX(Metrics!$B$6:$H$70,ROW($A24)-ROW($A$5),MATCH(C$5,Metrics!$B$5:$H$5,0)))=0,"",INDEX(Metrics!$B$6:$H$70,ROW($A24)-ROW($A$5),MATCH(C$5,Metrics!$B$5:$H$5,0))),"") -> Quality & Performance | D24: =IFERROR(IF(LEN(INDEX(Metrics!$B$6:$H$70,ROW($A24)-ROW($A$5),MATCH(D$5,Metrics!$B$5:$H$5,0)))=0,"",INDEX(Metrics!$B$6:$H$70,ROW($A24)-ROW($A$5),MATCH(D$5,Metrics!$B$5:$H$5,0))),"") | E24: =IFERROR(IF(LEN(INDEX(Metrics!$B$6:$H$70,ROW($A24)-ROW($A$5),MATCH(E$5,Metrics!$B$5:$H$5,0)))=0,"",INDEX(Metrics!$B$6:$H$70,ROW($A24)-ROW($A$5),MATCH(E$5,Metrics!$B$5:$H$5,0))),"")
B25: =IFERROR(IF(LEN(INDEX(Metrics!$B$6:$H$70,ROW($A25)-ROW($A$5),MATCH(B$5,Metrics!$B$5:$H$5,0)))=0,"",INDEX(Metrics!$B$6:$H$70,ROW($A25)-ROW($A$5),MATCH(B$5,Metrics!$B$5:$H$5,0))),"") -> 401 | C25: =IFERROR(IF(LEN(INDEX(Metrics!$B$6:$H$70,ROW($A25)-ROW($A$5),MATCH(C$5,Metrics!$B$5:$H$5,0)))=0,"",INDEX(Metrics!$B$6:$H$70,ROW($A25)-ROW($A$5),MATCH(C$5,Metrics!$B$5:$H$5,0))),"") -> Process and Workflow | D25: =IFERROR(IF(LEN(INDEX(Metrics!$B$6:$H$70,ROW($A25)-ROW($A$5),MATCH(D$5,Metrics!$B$5:$H$5,0)))=0,"",INDEX(Metrics!$B$6:$H$70,ROW($A25)-ROW($A$5),MATCH(D$5,Metrics!$B$5:$H$5,0))),"") -> Interview-to-Offer Ratio | E25: =IFERROR(IF(LEN(INDEX(Metrics!$B$6:$H$70,ROW($A25)-ROW($A$5),MATCH(E$5,Metrics!$B$5:$H$5,0)))=0,"",INDEX(Metrics!$B$6:$H$70,ROW($A25)-ROW($A$5),MATCH(E$5,Metrics!$B$5:$H$5,0))),"") -> %
B26: =IFERROR(IF(LEN(INDEX(Metrics!$B$6:$H$70,ROW($A26)-ROW($A$5),MATCH(B$5,Metrics!$B$5:$H$5,0)))=0,"",INDEX(Metrics!$B$6:$H$70,ROW($A26)-ROW($A$5),MATCH(B$5,Metrics!$B$5:$H$5,0))),"") -> 402 | C26: =IFERROR(IF(LEN(INDEX(Metrics!$B$6:$H$70,ROW($A26)-ROW($A$5),MATCH(C$5,Metrics!$B$5:$H$5,0)))=0,"",INDEX(Metrics!$B$6:$H$70,ROW($A26)-ROW($A$5),MATCH(C$5,Metrics!$B$5:$H$5,0))),"") -> Process and Workflow | D26: =IFERROR(IF(LEN(INDEX(Metrics!$B$6:$H$70,ROW($A26)-ROW($A$5),MATCH(D$5,Metrics!$B$5:$H$5,0)))=0,"",INDEX(Metrics!$B$6:$H$70,ROW($A26)-ROW($A$5),MATCH(D$5,Metrics!$B$5:$H$5,0))),"") -> Offer-to-Acceptance Ratio | E26: =IFERROR(IF(LEN(INDEX(Metrics!$B$6:$H$70,ROW($A26)-ROW($A$5),MATCH(E$5,Metrics!$B$5:$H$5,0)))=0,"",INDEX(Metrics!$B$6:$H$70,ROW($A26)-ROW($A$5),MATCH(E$5,Metrics!$B$5:$H$5,0))),"") -> %
B27: =IFERROR(IF(LEN(INDEX(Metrics!$B$6:$H$70,ROW($A27)-ROW($A$5),MATCH(B$5,Metrics!$B$5:$H$5,0)))=0,"",INDEX(Metrics!$B$6:$H$70,ROW($A27)-ROW($A$5),MATCH(B$5,Metrics!$B$5:$H$5,0))),"") -> 403 | C27: =IFERROR(IF(LEN(INDEX(Metrics!$B$6:$H$70,ROW($A27)-ROW($A$5),MATCH(C$5,Metrics!$B$5:$H$5,0)))=0,"",INDEX(Metrics!$B$6:$H$70,ROW($A27)-ROW($A$5),MATCH(C$5,Metrics!$B$5:$H$5,0))),"") -> Process and Workflow | D27: =IFERROR(IF(LEN(INDEX(Metrics!$B$6:$H$70,ROW($A27)-ROW($A$5),MATCH(D$5,Metrics!$B$5:$H$5,0)))=0,"",INDEX(Metrics!$B$6:$H$70,ROW($A27)-ROW($A$5),MATCH(D$5,Metrics!$B$5:$H$5,0))),"") -> Selection Rate | E27: =IFERROR(IF(LEN(INDEX(Metrics!$B$6:$H$70,ROW($A27)-ROW($A$5),MATCH(E$5,Metrics!$B$5:$H$5,0)))=0,"",INDEX(Metrics!$B$6:$H$70,ROW($A27)-ROW($A$5),MATCH(E$5,Metrics!$B$5:$H$5,0))),"") -> %
B28: =IFERROR(IF(LEN(INDEX(Metrics!$B$6:$H$70,ROW($A28)-ROW($A$5),MATCH(B$5,Metrics!$B$5:$H$5,0)))=0,"",INDEX(Metrics!$B$6:$H$70,ROW($A28)-ROW($A$5),MATCH(B$5,Metrics!$B$5:$H$5,0))),"") -> 404 | C28: =IFERROR(IF(LEN(INDEX(Metrics!$B$6:$H$70,ROW($A28)-ROW($A$5),MATCH(C$5,Metrics!$B$5:$H$5,0)))=0,"",INDEX(Metrics!$B$6:$H$70,ROW($A28)-ROW($A$5),MATCH(C$5,Metrics!$B$5:$H$5,0))),"") -> Process and Workflow | D28: =IFERROR(IF(LEN(INDEX(Metrics!$B$6:$H$70,ROW($A28)-ROW($A$5),MATCH(D$5,Metrics!$B$5:$H$5,0)))=0,"",INDEX(Metrics!$B$6:$H$70,ROW($A28)-ROW($A$5),MATCH(D$5,Metrics!$B$5:$H$5,0))),"") -> Interview Drop-off Rate | E28: =IFERROR(IF(LEN(INDEX(Metrics!$B$6:$H$70,ROW($A28)-ROW($A$5),MATCH(E$5,Metrics!$B$5:$H$5,0)))=0,"",INDEX(Metrics!$B$6:$H$70,ROW($A28)-ROW($A$5),MATCH(E$5,Metrics!$B$5:$H$5,0))),"") -> %
B29: =IFERROR(IF(LEN(INDEX(Metrics!$B$6:$H$70,ROW($A29)-ROW($A$5),MATCH(B$5,Metrics!$B$5:$H$5,0)))=0,"",INDEX(Metrics!$B$6:$H$70,ROW($A29)-ROW($A$5),MATCH(B$5,Metrics!$B$5:$H$5,0))),"") -> 405 | C29: =IFERROR(IF(LEN(INDEX(Metrics!$B$6:$H$70,ROW($A29)-ROW($A$5),MATCH(C$5,Metrics!$B$5:$H$5,0)))=0,"",INDEX(Metrics!$B$6:$H$70,ROW($A29)-ROW($A$5),MATCH(C$5,Metrics!$B$5:$H$5,0))),"") -> Process and Workflow | D29: =IFERROR(IF(LEN(INDEX(Metrics!$B$6:$H$70,ROW($A29)-ROW($A$5),MATCH(D$5,Metrics!$B$5:$H$5,0)))=0,"",INDEX(Metrics!$B$6:$H$70,ROW($A29)-ROW($A$5),MATCH(D$5,Metrics!$B$5:$H$5,0))),"") -> Diversity Hire Rate | E29: =IFERROR(IF(LEN(INDEX(Metrics!$B$6:$H$70,ROW($A29)-ROW($A$5),MATCH(E$5,Metrics!$B$5:$H$5,0)))=0,"",INDEX(Metrics!$B$6:$H$70,ROW($A29)-ROW($A$5),MATCH(E$5,Metrics!$B$5:$H$5,0))),"") -> %
B30: =IFERROR(IF(LEN(INDEX(Metrics!$B$6:$H$70,ROW($A30)-ROW($A$5),MATCH(B$5,Metrics!$B$5:$H$5,0)))=0,"",INDEX(Metrics!$B$6:$H$70,ROW($A30)-ROW($A$5),MATCH(B$5,Metrics!$B$5:$H$5,0))),"") -> 406 | C30: =IFERROR(IF(LEN(INDEX(Metrics!$B$6:$H$70,ROW($A30)-ROW($A$5),MATCH(C$5,Metrics!$B$5:$H$5,0)))=0,"",INDEX(Metrics!$B$6:$H$70,ROW($A30)-ROW($A$5),MATCH(C$5,Metrics!$B$5:$H$5,0))),"") -> Process and Workflow | D30: =IFERROR(IF(LEN(INDEX(Metrics!$B$6:$H$70,ROW($A30)-ROW($A$5),MATCH(D$5,Metrics!$B$5:$H$5,0)))=0,"",INDEX(Metrics!$B$6:$H$70,ROW($A30)-ROW($A$5),MATCH(D$5,Metrics!$B$5:$H$5,0))),"") | E30: =IFERROR(IF(LEN(INDEX(Metrics!$B$6:$H$70,ROW($A30)-ROW($A$5),MATCH(E$5,Metrics!$B$5:$H$5,0)))=0,"",INDEX(Metrics!$B$6:$H$70,ROW($A30)-ROW($A$5),MATCH(E$5,Metrics!$B$5:$H$5,0))),"")
B31: =IFERROR(IF(LEN(INDEX(Metrics!$B$6:$H$70,ROW($A31)-ROW($A$5),MATCH(B$5,Metrics!$B$5:$H$5,0)))=0,"",INDEX(Metrics!$B$6:$H$70,ROW($A31)-ROW($A$5),MATCH(B$5,Metrics!$B$5:$H$5,0))),"") -> 407 | C31: =IFERROR(IF(LEN(INDEX(Metrics!$B$6:$H$70,ROW($A31)-ROW($A$5),MATCH(C$5,Metrics!$B$5:$H$5,0)))=0,"",INDEX(Metrics!$B$6:$H$70,ROW($A31)-ROW($A$5),MATCH(C$5,Metrics!$B$5:$H$5,0))),"") -> Process and Workflow | D31: =IFERROR(IF(LEN(INDEX(Metrics!$B$6:$H$70,ROW($A31)-ROW($A$5),MATCH(D$5,Metrics!$B$5:$H$5,0)))=0,"",INDEX(Metrics!$B$6:$H$70,ROW($A31)-ROW($A$5),MATCH(D$5,Metrics!$B$5:$H$5,0))),"") | E31: =IFERROR(IF(LEN(INDEX(Metrics!$B$6:$H$70,ROW($A31)-ROW($A$5),MATCH(E$5,Metrics!$B$5:$H$5,0)))=0,"",INDEX(Metrics!$B$6:$H$70,ROW($A31)-ROW($A$5),MATCH(E$5,Metrics!$B$5:$H$5,0))),"")
B32: =IFERROR(IF(LEN(INDEX(Metrics!$B$6:$H$70,ROW($A32)-ROW($A$5),MATCH(B$5,Metrics!$B$5:$H$5,0)))=0,"",INDEX(Metrics!$B$6:$H$70,ROW($A32)-ROW($A$5),MATCH(B$5,Metrics!$B$5:$H$5,0))),"") -> 501 | C32: =IFERROR(IF(LEN(INDEX(Metrics!$B$6:$H$70,ROW($A32)-ROW($A$5),MATCH(C$5,Metrics!$B$5:$H$5,0)))=0,"",INDEX(Metrics!$B$6:$H$70,ROW($A32)-ROW($A$5),MATCH(C$5,Metrics!$B$5:$H$5,0))),"") -> Candidate Experience | D32: =IFERROR(IF(LEN(INDEX(Metrics!$B$6:$H$70,ROW($A32)-ROW($A$5),MATCH(D$5,Metrics!$B$5:$H$5,0)))=0,"",INDEX(Metrics!$B$6:$H$70,ROW($A32)-ROW($A$5),MATCH(D$5,Metrics!$B$5:$H$5,0))),"") -> Candidate Job Satisfaction | E32: =IFERROR(IF(LEN(INDEX(Metrics!$B$6:$H$70,ROW($A32)-ROW($A$5),MATCH(E$5,Metrics!$B$5:$H$5,0)))=0,"",INDEX(Metrics!$B$6:$H$70,ROW($A32)-ROW($A$5),MATCH(E$5,Metrics!$B$5:$H$5,0))),"") -> Points
B33: =IFERROR(IF(LEN(INDEX(Metrics!$B$6:$H$70,ROW($A33)-ROW($A$5),MATCH(B$5,Metrics!$B$5:$H$5,0)))=0,"",INDEX(Metrics!$B$6:$H$70,ROW($A33)-ROW($A$5),MATCH(B$5,Metrics!$B$5:$H$5,0))),"") -> 502 | C33: =IFERROR(IF(LEN(INDEX(Metrics!$B$6:$H$70,ROW($A33)-ROW($A$5),MATCH(C$5,Metrics!$B$5:$H$5,0)))=0,"",INDEX(Metrics!$B$6:$H$70,ROW($A33)-ROW($A$5),MATCH(C$5,Metrics!$B$5:$H$5,0))),"") -> Candidate Experience | D33: =IFERROR(IF(LEN(INDEX(Metrics!$B$6:$H$70,ROW($A33)-ROW($A$5),MATCH(D$5,Metrics!$B$5:$H$5,0)))=0,"",INDEX(Metrics!$B$6:$H$70,ROW($A33)-ROW($A$5),MATCH(D$5,Metrics!$B$5:$H$5,0))),"") -> Applicant Drop-off Rate | E33: =IFERROR(IF(LEN(INDEX(Metrics!$B$6:$H$70,ROW($A33)-ROW($A$5),MATCH(E$5,Metrics!$B$5:$H$5,0)))=0,"",INDEX(Metrics!$B$6:$H$70,ROW($A33)-ROW($A$5),MATCH(E$5,Metrics!$B$5:$H$5,0))),"") -> %
... B70: =IFERROR(IF(LEN(INDEX(Metrics!$B$6:$H$70,ROW($A70)-ROW($A$5),MATCH(B$5,Metrics!$B$5:$H$5,0)))=0,"",INDEX(Metrics!$B$6:$H$70,ROW($A70)-ROW($A$5),MATCH(B$5,Metrics!$B$5:$H$5,0))),"") | C70: =IFERROR(IF(LEN(INDEX(Metrics!$B$6:$H$70,ROW($A70)-ROW($A$5),MATCH(C$5,Metrics!$B$5:$H$5,0)))=0,"",INDEX(Metrics!$B$6:$H$70,ROW($A70)-ROW($A$5),MATCH(C$5,Metrics!$B$5:$H$5,0))),"") | D70: =IFERROR(IF(LEN(INDEX(Metrics!$B$6:$H$70,ROW($A70)-ROW($A$5),MATCH(D$5,Metrics!$B$5:$H$5,0)))=0,"",INDEX(Metrics!$B$6:$H$70,ROW($A70)-ROW($A$5),MATCH(D$5,Metrics!$B$5:$H$5,0))),"") | E70: =IFERROR(IF(LEN(INDEX(Metrics!$B$6:$H$70,ROW($A70)-ROW($A$5),MATCH(E$5,Metrics!$B$5:$H$5,0)))=0,"",INDEX(Metrics!$B$6:$H$70,ROW($A70)-ROW($A$5),MATCH(E$5,Metrics!$B$5:$H$5,0))),"")

Sheet PY_Actual
C2: RECRUITMENT KPI DASHBOARD
C3: PREVIOUS YEAR ACTUALS
B5: KPI Code | C5: KPI Group | D5: Criteria | E5: Unit | F5: =IFERROR(INDEX(Calc!$I$7:$I$18,COLUMN(PY_Actual!F4)-COLUMN(PY_Actual!$E$4)),"") -> Jan 2023 | G5: =IFERROR(INDEX(Calc!$I$7:$I$18,COLUMN(PY_Actual!G4)-COLUMN(PY_Actual!$E$4)),"") -> Feb 2023 | H5: =IFERROR(INDEX(Calc!$I$7:$I$18,COLUMN(PY_Actual!H4)-COLUMN(PY_Actual!$E$4)),"") -> Mar 2023 | I5: =IFERROR(INDEX(Calc!$I$7:$I$18,COLUMN(PY_Actual!I4)-COLUMN(PY_Actual!$E$4)),"") -> Apr 2023 | J5: =IFERROR(INDEX(Calc!$I$7:$I$18,COLUMN(PY_Actual!J4)-COLUMN(PY_Actual!$E$4)),"") -> May 2023 | K5: =IFERROR(INDEX(Calc!$I$7:$I$18,COLUMN(PY_Actual!K4)-COLUMN(PY_Actual!$E$4)),"") -> Jun 2023 | L5: =IFERROR(INDEX(Calc!$I$7:$I$18,COLUMN(PY_Actual!L4)-COLUMN(PY_Actual!$E$4)),"") -> Jul 2023 | M5: =IFERROR(INDEX(Calc!$I$7:$I$18,COLUMN(PY_Actual!M4)-COLUMN(PY_Actual!$E$4)),"") -> Aug 2023 | ... Q5: =IFERROR(INDEX(Calc!$I$7:$I$18,COLUMN(PY_Actual!Q4)-COLUMN(PY_Actual!$E$4)),"") -> Dec 2023
B6: =IFERROR(IF(LEN(INDEX(Metrics!$B$6:$H$70,ROW($A6)-ROW($A$5),MATCH(B$5,Metrics!$B$5:$H$5,0)))=0,"",INDEX(Metrics!$B$6:$H$70,ROW($A6)-ROW($A$5),MATCH(B$5,Metrics!$B$5:$H$5,0))),"") -> 101 | C6: =IFERROR(IF(LEN(INDEX(Metrics!$B$6:$H$70,ROW($A6)-ROW($A$5),MATCH(C$5,Metrics!$B$5:$H$5,0)))=0,"",INDEX(Metrics!$B$6:$H$70,ROW($A6)-ROW($A$5),MATCH(C$5,Metrics!$B$5:$H$5,0))),"") -> Efficiency and Speed | D6: =IFERROR(IF(LEN(INDEX(Metrics!$B$6:$H$70,ROW($A6)-ROW($A$5),MATCH(D$5,Metrics!$B$5:$H$5,0)))=0,"",INDEX(Metrics!$B$6:$H$70,ROW($A6)-ROW($A$5),MATCH(D$5,Metrics!$B$5:$H$5,0))),"") -> Time to Fill | E6: =IFERROR(IF(LEN(INDEX(Metrics!$B$6:$H$70,ROW($A6)-ROW($A$5),MATCH(E$5,Metrics!$B$5:$H$5,0)))=0,"",INDEX(Metrics!$B$6:$H$70,ROW($A6)-ROW($A$5),MATCH(E$5,Metrics!$B$5:$H$5,0))),"") -> Days | F6: 50 | G6: 50 | H6: 60 | I6: 25 | J6: 60 | K6: 40
B7: =IFERROR(IF(LEN(INDEX(Metrics!$B$6:$H$70,ROW($A7)-ROW($A$5),MATCH(B$5,Metrics!$B$5:$H$5,0)))=0,"",INDEX(Metrics!$B$6:$H$70,ROW($A7)-ROW($A$5),MATCH(B$5,Metrics!$B$5:$H$5,0))),"") -> 102 | C7: =IFERROR(IF(LEN(INDEX(Metrics!$B$6:$H$70,ROW($A7)-ROW($A$5),MATCH(C$5,Metrics!$B$5:$H$5,0)))=0,"",INDEX(Metrics!$B$6:$H$70,ROW($A7)-ROW($A$5),MATCH(C$5,Metrics!$B$5:$H$5,0))),"") -> Efficiency and Speed | D7: =IFERROR(IF(LEN(INDEX(Metrics!$B$6:$H$70,ROW($A7)-ROW($A$5),MATCH(D$5,Metrics!$B$5:$H$5,0)))=0,"",INDEX(Metrics!$B$6:$H$70,ROW($A7)-ROW($A$5),MATCH(D$5,Metrics!$B$5:$H$5,0))),"") -> Time to Hire | E7: =IFERROR(IF(LEN(INDEX(Metrics!$B$6:$H$70,ROW($A7)-ROW($A$5),MATCH(E$5,Metrics!$B$5:$H$5,0)))=0,"",INDEX(Metrics!$B$6:$H$70,ROW($A7)-ROW($A$5),MATCH(E$5,Metrics!$B$5:$H$5,0))),"") -> Days | F7: 25 | G7: 20 | H7: 15 | I7: 15 | J7: 20 | K7: 25
B8: =IFERROR(IF(LEN(INDEX(Metrics!$B$6:$H$70,ROW($A8)-ROW($A$5),MATCH(B$5,Metrics!$B$5:$H$5,0)))=0,"",INDEX(Metrics!$B$6:$H$70,ROW($A8)-ROW($A$5),MATCH(B$5,Metrics!$B$5:$H$5,0))),"") -> 103 | C8: =IFERROR(IF(LEN(INDEX(Metrics!$B$6:$H$70,ROW($A8)-ROW($A$5),MATCH(C$5,Metrics!$B$5:$H$5,0)))=0,"",INDEX(Metrics!$B$6:$H$70,ROW($A8)-ROW($A$5),MATCH(C$5,Metrics!$B$5:$H$5,0))),"") -> Efficiency and Speed | D8: =IFERROR(IF(LEN(INDEX(Metrics!$B$6:$H$70,ROW($A8)-ROW($A$5),MATCH(D$5,Metrics!$B$5:$H$5,0)))=0,"",INDEX(Metrics!$B$6:$H$70,ROW($A8)-ROW($A$5),MATCH(D$5,Metrics!$B$5:$H$5,0))),"") -> Hiring Velocity | E8: =IFERROR(IF(LEN(INDEX(Metrics!$B$6:$H$70,ROW($A8)-ROW($A$5),MATCH(E$5,Metrics!$B$5:$H$5,0)))=0,"",INDEX(Metrics!$B$6:$H$70,ROW($A8)-ROW($A$5),MATCH(E$5,Metrics!$B$5:$H$5,0))),"") -> % | F8: 0.015 | G8: 0.02 | H8: 0.015 | I8: 0.02 | J8: 0.03 | K8: 0.02
B9: =IFERROR(IF(LEN(INDEX(Metrics!$B$6:$H$70,ROW($A9)-ROW($A$5),MATCH(B$5,Metrics!$B$5:$H$5,0)))=0,"",INDEX(Metrics!$B$6:$H$70,ROW($A9)-ROW($A$5),MATCH(B$5,Metrics!$B$5:$H$5,0))),"") -> 104 | C9: =IFERROR(IF(LEN(INDEX(Metrics!$B$6:$H$70,ROW($A9)-ROW($A$5),MATCH(C$5,Metrics!$B$5:$H$5,0)))=0,"",INDEX(Metrics!$B$6:$H$70,ROW($A9)-ROW($A$5),MATCH(C$5,Metrics!$B$5:$H$5,0))),"") -> Efficiency and Speed | D9: =IFERROR(IF(LEN(INDEX(Metrics!$B$6:$H$70,ROW($A9)-ROW($A$5),MATCH(D$5,Metrics!$B$5:$H$5,0)))=0,"",INDEX(Metrics!$B$6:$H$70,ROW($A9)-ROW($A$5),MATCH(D$5,Metrics!$B$5:$H$5,0))),"") -> Average Interview Duration | E9: =IFERROR(IF(LEN(INDEX(Metrics!$B$6:$H$70,ROW($A9)-ROW($A$5),MATCH(E$5,Metrics!$B$5:$H$5,0)))=0,"",INDEX(Metrics!$B$6:$H$70,ROW($A9)-ROW($A$5),MATCH(E$5,Metrics!$B$5:$H$5,0))),"") -> Minutes | F9: 50 | G9: 60 | H9: 55 | I9: 75 | J9: 45 | K9: 50
B10: =IFERROR(IF(LEN(INDEX(Metrics!$B$6:$H$70,ROW($A10)-ROW($A$5),MATCH(B$5,Metrics!$B$5:$H$5,0)))=0,"",INDEX(Metrics!$B$6:$H$70,ROW($A10)-ROW($A$5),MATCH(B$5,Metrics!$B$5:$H$5,0))),"") -> 105 | C10: =IFERROR(IF(LEN(INDEX(Metrics!$B$6:$H$70,ROW($A10)-ROW($A$5),MATCH(C$5,Metrics!$B$5:$H$5,0)))=0,"",INDEX(Metrics!$B$6:$H$70,ROW($A10)-ROW($A$5),MATCH(C$5,Metrics!$B$5:$H$5,0))),"") -> Efficiency and Speed | D10: =IFERROR(IF(LEN(INDEX(Metrics!$B$6:$H$70,ROW($A10)-ROW($A$5),MATCH(D$5,Metrics!$B$5:$H$5,0)))=0,"",INDEX(Metrics!$B$6:$H$70,ROW($A10)-ROW($A$5),MATCH(D$5,Metrics!$B$5:$H$5,0))),"") -> Screening Efficiency | E10: =IFERROR(IF(LEN(INDEX(Metrics!$B$6:$H$70,ROW($A10)-ROW($A$5),MATCH(E$5,Metrics!$B$5:$H$5,0)))=0,"",INDEX(Metrics!$B$6:$H$70,ROW($A10)-ROW($A$5),MATCH(E$5,Metrics!$B$5:$H$5,0))),"") -> % | F10: 0.2 | G10: 0.25 | H10: 0.4 | I10: 0.52 | J10: 0.3 | K10: 0.3
B11: =IFERROR(IF(LEN(INDEX(Metrics!$B$6:$H$70,ROW($A11)-ROW($A$5),MATCH(B$5,Metrics!$B$5:$H$5,0)))=0,"",INDEX(Metrics!$B$6:$H$70,ROW($A11)-ROW($A$5),MATCH(B$5,Metrics!$B$5:$H$5,0))),"") -> 106 | C11: =IFERROR(IF(LEN(INDEX(Metrics!$B$6:$H$70,ROW($A11)-ROW($A$5),MATCH(C$5,Metrics!$B$5:$H$5,0)))=0,"",INDEX(Metrics!$B$6:$H$70,ROW($A11)-ROW($A$5),MATCH(C$5,Metrics!$B$5:$H$5,0))),"") -> Efficiency and Speed | D11: =IFERROR(IF(LEN(INDEX(Metrics!$B$6:$H$70,ROW($A11)-ROW($A$5),MATCH(D$5,Metrics!$B$5:$H$5,0)))=0,"",INDEX(Metrics!$B$6:$H$70,ROW($A11)-ROW($A$5),MATCH(D$5,Metrics!$B$5:$H$5,0))),"") | E11: =IFERROR(IF(LEN(INDEX(Metrics!$B$6:$H$70,ROW($A11)-ROW($A$5),MATCH(E$5,Metrics!$B$5:$H$5,0)))=0,"",INDEX(Metrics!$B$6:$H$70,ROW($A11)-ROW($A$5),MATCH(E$5,Metrics!$B$5:$H$5,0))),"")
B12: =IFERROR(IF(LEN(INDEX(Metrics!$B$6:$H$70,ROW($A12)-ROW($A$5),MATCH(B$5,Metrics!$B$5:$H$5,0)))=0,"",INDEX(Metrics!$B$6:$H$70,ROW($A12)-ROW($A$5),MATCH(B$5,Metrics!$B$5:$H$5,0))),"") -> 107 | C12: =IFERROR(IF(LEN(INDEX(Metrics!$B$6:$H$70,ROW($A12)-ROW($A$5),MATCH(C$5,Metrics!$B$5:$H$5,0)))=0,"",INDEX(Metrics!$B$6:$H$70,ROW($A12)-ROW($A$5),MATCH(C$5,Metrics!$B$5:$H$5,0))),"") -> Efficiency and Speed | D12: =IFERROR(IF(LEN(INDEX(Metrics!$B$6:$H$70,ROW($A12)-ROW($A$5),MATCH(D$5,Metrics!$B$5:$H$5,0)))=0,"",INDEX(Metrics!$B$6:$H$70,ROW($A12)-ROW($A$5),MATCH(D$5,Metrics!$B$5:$H$5,0))),"") | E12: =IFERROR(IF(LEN(INDEX(Metrics!$B$6:$H$70,ROW($A12)-ROW($A$5),MATCH(E$5,Metrics!$B$5:$H$5,0)))=0,"",INDEX(Metrics!$B$6:$H$70,ROW($A12)-ROW($A$5),MATCH(E$5,Metrics!$B$5:$H$5,0))),"")
B13: =IFERROR(IF(LEN(INDEX(Metrics!$B$6:$H$70,ROW($A13)-ROW($A$5),MATCH(B$5,Metrics!$B$5:$H$5,0)))=0,"",INDEX(Metrics!$B$6:$H$70,ROW($A13)-ROW($A$5),MATCH(B$5,Metrics!$B$5:$H$5,0))),"") -> 201 | C13: =IFERROR(IF(LEN(INDEX(Metrics!$B$6:$H$70,ROW($A13)-ROW($A$5),MATCH(C$5,Metrics!$B$5:$H$5,0)))=0,"",INDEX(Metrics!$B$6:$H$70,ROW($A13)-ROW($A$5),MATCH(C$5,Metrics!$B$5:$H$5,0))),"") -> Cost and Investment | D13: =IFERROR(IF(LEN(INDEX(Metrics!$B$6:$H$70,ROW($A13)-ROW($A$5),MATCH(D$5,Metrics!$B$5:$H$5,0)))=0,"",INDEX(Metrics!$B$6:$H$70,ROW($A13)-ROW($A$5),MATCH(D$5,Metrics!$B$5:$H$5,0))),"") -> Cost per Hire | E13: =IFERROR(IF(LEN(INDEX(Metrics!$B$6:$H$70,ROW($A13)-ROW($A$5),MATCH(E$5,Metrics!$B$5:$H$5,0)))=0,"",INDEX(Metrics!$B$6:$H$70,ROW($A13)-ROW($A$5),MATCH(E$5,Metrics!$B$5:$H$5,0))),"") -> USD | F13: 800 | G13: 1200 | H13: 500 | I13: 750 | J13: 1800 | K13: 1200
B14: =IFERROR(IF(LEN(INDEX(Metrics!$B$6:$H$70,ROW($A14)-ROW($A$5),MATCH(B$5,Metrics!$B$5:$H$5,0)))=0,"",INDEX(Metrics!$B$6:$H$70,ROW($A14)-ROW($A$5),MATCH(B$5,Metrics!$B$5:$H$5,0))),"") -> 202 | C14: =IFERROR(IF(LEN(INDEX(Metrics!$B$6:$H$70,ROW($A14)-ROW($A$5),MATCH(C$5,Metrics!$B$5:$H$5,0)))=0,"",INDEX(Metrics!$B$6:$H$70,ROW($A14)-ROW($A$5),MATCH(C$5,Metrics!$B$5:$H$5,0))),"") -> Cost and Investment | D14: =IFERROR(IF(LEN(INDEX(Metrics!$B$6:$H$70,ROW($A14)-ROW($A$5),MATCH(D$5,Metrics!$B$5:$H$5,0)))=0,"",INDEX(Metrics!$B$6:$H$70,ROW($A14)-ROW($A$5),MATCH(D$5,Metrics!$B$5:$H$5,0))),"") -> Recruitment Marketing ROI | E14: =IFERROR(IF(LEN(INDEX(Metrics!$B$6:$H$70,ROW($A14)-ROW($A$5),MATCH(E$5,Metrics!$B$5:$H$5,0)))=0,"",INDEX(Metrics!$B$6:$H$70,ROW($A14)-ROW($A$5),MATCH(E$5,Metrics!$B$5:$H$5,0))),"") -> % | F14: 0.12 | G14: 0.12 | H14: 0.15 | I14: 0.15 | J14: 0.2 | K14: 0.18
B15: =IFERROR(IF(LEN(INDEX(Metrics!$B$6:$H$70,ROW($A15)-ROW($A$5),MATCH(B$5,Metrics!$B$5:$H$5,0)))=0,"",INDEX(Metrics!$B$6:$H$70,ROW($A15)-ROW($A$5),MATCH(B$5,Metrics!$B$5:$H$5,0))),"") -> 203 | C15: =IFERROR(IF(LEN(INDEX(Metrics!$B$6:$H$70,ROW($A15)-ROW($A$5),MATCH(C$5,Metrics!$B$5:$H$5,0)))=0,"",INDEX(Metrics!$B$6:$H$70,ROW($A15)-ROW($A$5),MATCH(C$5,Metrics!$B$5:$H$5,0))),"") -> Cost and Investment | D15: =IFERROR(IF(LEN(INDEX(Metrics!$B$6:$H$70,ROW($A15)-ROW($A$5),MATCH(D$5,Metrics!$B$5:$H$5,0)))=0,"",INDEX(Metrics!$B$6:$H$70,ROW($A15)-ROW($A$5),MATCH(D$5,Metrics!$B$5:$H$5,0))),"") -> Recruitment Cost Ratio | E15: =IFERROR(IF(LEN(INDEX(Metrics!$B$6:$H$70,ROW($A15)-ROW($A$5),MATCH(E$5,Metrics!$B$5:$H$5,0)))=0,"",INDEX(Metrics!$B$6:$H$70,ROW($A15)-ROW($A$5),MATCH(E$5,Metrics!$B$5:$H$5,0))),"") -> % | F15: 0.03 | G15: 0.03 | H15: 0.02 | I15: 0.022 | J15: 0.04 | K15: 0.012
B16: =IFERROR(IF(LEN(INDEX(Metrics!$B$6:$H$70,ROW($A16)-ROW($A$5),MATCH(B$5,Metrics!$B$5:$H$5,0)))=0,"",INDEX(Metrics!$B$6:$H$70,ROW($A16)-ROW($A$5),MATCH(B$5,Metrics!$B$5:$H$5,0))),"") -> 204 | C16: =IFERROR(IF(LEN(INDEX(Metrics!$B$6:$H$70,ROW($A16)-ROW($A$5),MATCH(C$5,Metrics!$B$5:$H$5,0)))=0,"",INDEX(Metrics!$B$6:$H$70,ROW($A16)-ROW($A$5),MATCH(C$5,Metrics!$B$5:$H$5,0))),"") -> Cost and Investment | D16: =IFERROR(IF(LEN(INDEX(Metrics!$B$6:$H$70,ROW($A16)-ROW($A$5),MATCH(D$5,Metrics!$B$5:$H$5,0)))=0,"",INDEX(Metrics!$B$6:$H$70,ROW($A16)-ROW($A$5),MATCH(D$5,Metrics!$B$5:$H$5,0))),"") | E16: =IFERROR(IF(LEN(INDEX(Metrics!$B$6:$H$70,ROW($A16)-ROW($A$5),MATCH(E$5,Metrics!$B$5:$H$5,0)))=0,"",INDEX(Metrics!$B$6:$H$70,ROW($A16)-ROW($A$5),MATCH(E$5,Metrics!$B$5:$H$5,0))),"")
B17: =IFERROR(IF(LEN(INDEX(Metrics!$B$6:$H$70,ROW($A17)-ROW($A$5),MATCH(B$5,Metrics!$B$5:$H$5,0)))=0,"",INDEX(Metrics!$B$6:$H$70,ROW($A17)-ROW($A$5),MATCH(B$5,Metrics!$B$5:$H$5,0))),"") -> 205 | C17: =IFERROR(IF(LEN(INDEX(Metrics!$B$6:$H$70,ROW($A17)-ROW($A$5),MATCH(C$5,Metrics!$B$5:$H$5,0)))=0,"",INDEX(Metrics!$B$6:$H$70,ROW($A17)-ROW($A$5),MATCH(C$5,Metrics!$B$5:$H$5,0))),"") -> Cost and Investment | D17: =IFERROR(IF(LEN(INDEX(Metrics!$B$6:$H$70,ROW($A17)-ROW($A$5),MATCH(D$5,Metrics!$B$5:$H$5,0)))=0,"",INDEX(Metrics!$B$6:$H$70,ROW($A17)-ROW($A$5),MATCH(D$5,Metrics!$B$5:$H$5,0))),"") | E17: =IFERROR(IF(LEN(INDEX(Metrics!$B$6:$H$70,ROW($A17)-ROW($A$5),MATCH(E$5,Metrics!$B$5:$H$5,0)))=0,"",INDEX(Metrics!$B$6:$H$70,ROW($A17)-ROW($A$5),MATCH(E$5,Metrics!$B$5:$H$5,0))),"")
B18: =IFERROR(IF(LEN(INDEX(Metrics!$B$6:$H$70,ROW($A18)-ROW($A$5),MATCH(B$5,Metrics!$B$5:$H$5,0)))=0,"",INDEX(Metrics!$B$6:$H$70,ROW($A18)-ROW($A$5),MATCH(B$5,Metrics!$B$5:$H$5,0))),"") -> 301 | C18: =IFERROR(IF(LEN(INDEX(Metrics!$B$6:$H$70,ROW($A18)-ROW($A$5),MATCH(C$5,Metrics!$B$5:$H$5,0)))=0,"",INDEX(Metrics!$B$6:$H$70,ROW($A18)-ROW($A$5),MATCH(C$5,Metrics!$B$5:$H$5,0))),"") -> Quality & Performance | D18: =IFERROR(IF(LEN(INDEX(Metrics!$B$6:$H$70,ROW($A18)-ROW($A$5),MATCH(D$5,Metrics!$B$5:$H$5,0)))=0,"",INDEX(Metrics!$B$6:$H$70,ROW($A18)-ROW($A$5),MATCH(D$5,Metrics!$B$5:$H$5,0))),"") -> Performance of Hire | E18: =IFERROR(IF(LEN(INDEX(Metrics!$B$6:$H$70,ROW($A18)-ROW($A$5),MATCH(E$5,Metrics!$B$5:$H$5,0)))=0,"",INDEX(Metrics!$B$6:$H$70,ROW($A18)-ROW($A$5),MATCH(E$5,Metrics!$B$5:$H$5,0))),"") -> Points | F18: 85 | G18: 80 | H18: 85 | I18: 85 | J18: 80 | K18: 90
B19: =IFERROR(IF(LEN(INDEX(Metrics!$B$6:$H$70,ROW($A19)-ROW($A$5),MATCH(B$5,Metrics!$B$5:$H$5,0)))=0,"",INDEX(Metrics!$B$6:$H$70,ROW($A19)-ROW($A$5),MATCH(B$5,Metrics!$B$5:$H$5,0))),"") -> 302 | C19: =IFERROR(IF(LEN(INDEX(Metrics!$B$6:$H$70,ROW($A19)-ROW($A$5),MATCH(C$5,Metrics!$B$5:$H$5,0)))=0,"",INDEX(Metrics!$B$6:$H$70,ROW($A19)-ROW($A$5),MATCH(C$5,Metrics!$B$5:$H$5,0))),"") -> Quality & Performance | D19: =IFERROR(IF(LEN(INDEX(Metrics!$B$6:$H$70,ROW($A19)-ROW($A$5),MATCH(D$5,Metrics!$B$5:$H$5,0)))=0,"",INDEX(Metrics!$B$6:$H$70,ROW($A19)-ROW($A$5),MATCH(D$5,Metrics!$B$5:$H$5,0))),"") -> First-Year Attrition | E19: =IFERROR(IF(LEN(INDEX(Metrics!$B$6:$H$70,ROW($A19)-ROW($A$5),MATCH(E$5,Metrics!$B$5:$H$5,0)))=0,"",INDEX(Metrics!$B$6:$H$70,ROW($A19)-ROW($A$5),MATCH(E$5,Metrics!$B$5:$H$5,0))),"") -> % | F19: 0.05 | G19: 0.06 | H19: 0.1 | I19: 0.15 | J19: 0.15 | K19: 0.2
B20: =IFERROR(IF(LEN(INDEX(Metrics!$B$6:$H$70,ROW($A20)-ROW($A$5),MATCH(B$5,Metrics!$B$5:$H$5,0)))=0,"",INDEX(Metrics!$B$6:$H$70,ROW($A20)-ROW($A$5),MATCH(B$5,Metrics!$B$5:$H$5,0))),"") -> 303 | C20: =IFERROR(IF(LEN(INDEX(Metrics!$B$6:$H$70,ROW($A20)-ROW($A$5),MATCH(C$5,Metrics!$B$5:$H$5,0)))=0,"",INDEX(Metrics!$B$6:$H$70,ROW($A20)-ROW($A$5),MATCH(C$5,Metrics!$B$5:$H$5,0))),"") -> Quality & Performance | D20: =IFERROR(IF(LEN(INDEX(Metrics!$B$6:$H$70,ROW($A20)-ROW($A$5),MATCH(D$5,Metrics!$B$5:$H$5,0)))=0,"",INDEX(Metrics!$B$6:$H$70,ROW($A20)-ROW($A$5),MATCH(D$5,Metrics!$B$5:$H$5,0))),"") -> Internal Mobility Rate | E20: =IFERROR(IF(LEN(INDEX(Metrics!$B$6:$H$70,ROW($A20)-ROW($A$5),MATCH(E$5,Metrics!$B$5:$H$5,0)))=0,"",INDEX(Metrics!$B$6:$H$70,ROW($A20)-ROW($A$5),MATCH(E$5,Metrics!$B$5:$H$5,0))),"") -> % | F20: 0.3 | G20: 0.35 | H20: 0.4 | I20: 0.65 | J20: 0.42 | K20: 0.3
B21: =IFERROR(IF(LEN(INDEX(Metrics!$B$6:$H$70,ROW($A21)-ROW($A$5),MATCH(B$5,Metrics!$B$5:$H$5,0)))=0,"",INDEX(Metrics!$B$6:$H$70,ROW($A21)-ROW($A$5),MATCH(B$5,Metrics!$B$5:$H$5,0))),"") -> 304 | C21: =IFERROR(IF(LEN(INDEX(Metrics!$B$6:$H$70,ROW($A21)-ROW($A$5),MATCH(C$5,Metrics!$B$5:$H$5,0)))=0,"",INDEX(Metrics!$B$6:$H$70,ROW($A21)-ROW($A$5),MATCH(C$5,Metrics!$B$5:$H$5,0))),"") -> Quality & Performance | D21: =IFERROR(IF(LEN(INDEX(Metrics!$B$6:$H$70,ROW($A21)-ROW($A$5),MATCH(D$5,Metrics!$B$5:$H$5,0)))=0,"",INDEX(Metrics!$B$6:$H$70,ROW($A21)-ROW($A$5),MATCH(D$5,Metrics!$B$5:$H$5,0))),"") -> Hiring Manager Satisfaction | E21: =IFERROR(IF(LEN(INDEX(Metrics!$B$6:$H$70,ROW($A21)-ROW($A$5),MATCH(E$5,Metrics!$B$5:$H$5,0)))=0,"",INDEX(Metrics!$B$6:$H$70,ROW($A21)-ROW($A$5),MATCH(E$5,Metrics!$B$5:$H$5,0))),"") -> Points | F21: 70 | G21: 70 | H21: 80 | I21: 75 | J21: 75 | K21: 50
B22: =IFERROR(IF(LEN(INDEX(Metrics!$B$6:$H$70,ROW($A22)-ROW($A$5),MATCH(B$5,Metrics!$B$5:$H$5,0)))=0,"",INDEX(Metrics!$B$6:$H$70,ROW($A22)-ROW($A$5),MATCH(B$5,Metrics!$B$5:$H$5,0))),"") -> 305 | C22: =IFERROR(IF(LEN(INDEX(Metrics!$B$6:$H$70,ROW($A22)-ROW($A$5),MATCH(C$5,Metrics!$B$5:$H$5,0)))=0,"",INDEX(Metrics!$B$6:$H$70,ROW($A22)-ROW($A$5),MATCH(C$5,Metrics!$B$5:$H$5,0))),"") -> Quality & Performance | D22: =IFERROR(IF(LEN(INDEX(Metrics!$B$6:$H$70,ROW($A22)-ROW($A$5),MATCH(D$5,Metrics!$B$5:$H$5,0)))=0,"",INDEX(Metrics!$B$6:$H$70,ROW($A22)-ROW($A$5),MATCH(D$5,Metrics!$B$5:$H$5,0))),"") | E22: =IFERROR(IF(LEN(INDEX(Metrics!$B$6:$H$70,ROW($A22)-ROW($A$5),MATCH(E$5,Metrics!$B$5:$H$5,0)))=0,"",INDEX(Metrics!$B$6:$H$70,ROW($A22)-ROW($A$5),MATCH(E$5,Metrics!$B$5:$H$5,0))),"")
B23: =IFERROR(IF(LEN(INDEX(Metrics!$B$6:$H$70,ROW($A23)-ROW($A$5),MATCH(B$5,Metrics!$B$5:$H$5,0)))=0,"",INDEX(Metrics!$B$6:$H$70,ROW($A23)-ROW($A$5),MATCH(B$5,Metrics!$B$5:$H$5,0))),"") -> 306 | C23: =IFERROR(IF(LEN(INDEX(Metrics!$B$6:$H$70,ROW($A23)-ROW($A$5),MATCH(C$5,Metrics!$B$5:$H$5,0)))=0,"",INDEX(Metrics!$B$6:$H$70,ROW($A23)-ROW($A$5),MATCH(C$5,Metrics!$B$5:$H$5,0))),"") -> Quality & Performance | D23: =IFERROR(IF(LEN(INDEX(Metrics!$B$6:$H$70,ROW($A23)-ROW($A$5),MATCH(D$5,Metrics!$B$5:$H$5,0)))=0,"",INDEX(Metrics!$B$6:$H$70,ROW($A23)-ROW($A$5),MATCH(D$5,Metrics!$B$5:$H$5,0))),"") | E23: =IFERROR(IF(LEN(INDEX(Metrics!$B$6:$H$70,ROW($A23)-ROW($A$5),MATCH(E$5,Metrics!$B$5:$H$5,0)))=0,"",INDEX(Metrics!$B$6:$H$70,ROW($A23)-ROW($A$5),MATCH(E$5,Metrics!$B$5:$H$5,0))),"")
B24: =IFERROR(IF(LEN(INDEX(Metrics!$B$6:$H$70,ROW($A24)-ROW($A$5),MATCH(B$5,Metrics!$B$5:$H$5,0)))=0,"",INDEX(Metrics!$B$6:$H$70,ROW($A24)-ROW($A$5),MATCH(B$5,Metrics!$B$5:$H$5,0))),"") -> 307 | C24: =IFERROR(IF(LEN(INDEX(Metrics!$B$6:$H$70,ROW($A24)-ROW($A$5),MATCH(C$5,Metrics!$B$5:$H$5,0)))=0,"",INDEX(Metrics!$B$6:$H$70,ROW($A24)-ROW($A$5),MATCH(C$5,Metrics!$B$5:$H$5,0))),"") -> Quality & Performance | D24: =IFERROR(IF(LEN(INDEX(Metrics!$B$6:$H$70,ROW($A24)-ROW($A$5),MATCH(D$5,Metrics!$B$5:$H$5,0)))=0,"",INDEX(Metrics!$B$6:$H$70,ROW($A24)-ROW($A$5),MATCH(D$5,Metrics!$B$5:$H$5,0))),"") | E24: =IFERROR(IF(LEN(INDEX(Metrics!$B$6:$H$70,ROW($A24)-ROW($A$5),MATCH(E$5,Metrics!$B$5:$H$5,0)))=0,"",INDEX(Metrics!$B$6:$H$70,ROW($A24)-ROW($A$5),MATCH(E$5,Metrics!$B$5:$H$5,0))),"")
B25: =IFERROR(IF(LEN(INDEX(Metrics!$B$6:$H$70,ROW($A25)-ROW($A$5),MATCH(B$5,Metrics!$B$5:$H$5,0)))=0,"",INDEX(Metrics!$B$6:$H$70,ROW($A25)-ROW($A$5),MATCH(B$5,Metrics!$B$5:$H$5,0))),"") -> 401 | C25: =IFERROR(IF(LEN(INDEX(Metrics!$B$6:$H$70,ROW($A25)-ROW($A$5),MATCH(C$5,Metrics!$B$5:$H$5,0)))=0,"",INDEX(Metrics!$B$6:$H$70,ROW($A25)-ROW($A$5),MATCH(C$5,Metrics!$B$5:$H$5,0))),"") -> Process and Workflow | D25: =IFERROR(IF(LEN(INDEX(Metrics!$B$6:$H$70,ROW($A25)-ROW($A$5),MATCH(D$5,Metrics!$B$5:$H$5,0)))=0,"",INDEX(Metrics!$B$6:$H$70,ROW($A25)-ROW($A$5),MATCH(D$5,Metrics!$B$5:$H$5,0))),"") -> Interview-to-Offer Ratio | E25: =IFERROR(IF(LEN(INDEX(Metrics!$B$6:$H$70,ROW($A25)-ROW($A$5),MATCH(E$5,Metrics!$B$5:$H$5,0)))=0,"",INDEX(Metrics!$B$6:$H$70,ROW($A25)-ROW($A$5),MATCH(E$5,Metrics!$B$5:$H$5,0))),"") -> %
B26: =IFERROR(IF(LEN(INDEX(Metrics!$B$6:$H$70,ROW($A26)-ROW($A$5),MATCH(B$5,Metrics!$B$5:$H$5,0)))=0,"",INDEX(Metrics!$B$6:$H$70,ROW($A26)-ROW($A$5),MATCH(B$5,Metrics!$B$5:$H$5,0))),"") -> 402 | C26: =IFERROR(IF(LEN(INDEX(Metrics!$B$6:$H$70,ROW($A26)-ROW($A$5),MATCH(C$5,Metrics!$B$5:$H$5,0)))=0,"",INDEX(Metrics!$B$6:$H$70,ROW($A26)-ROW($A$5),MATCH(C$5,Metrics!$B$5:$H$5,0))),"") -> Process and Workflow | D26: =IFERROR(IF(LEN(INDEX(Metrics!$B$6:$H$70,ROW($A26)-ROW($A$5),MATCH(D$5,Metrics!$B$5:$H$5,0)))=0,"",INDEX(Metrics!$B$6:$H$70,ROW($A26)-ROW($A$5),MATCH(D$5,Metrics!$B$5:$H$5,0))),"") -> Offer-to-Acceptance Ratio | E26: =IFERROR(IF(LEN(INDEX(Metrics!$B$6:$H$70,ROW($A26)-ROW($A$5),MATCH(E$5,Metrics!$B$5:$H$5,0)))=0,"",INDEX(Metrics!$B$6:$H$70,ROW($A26)-ROW($A$5),MATCH(E$5,Metrics!$B$5:$H$5,0))),"") -> %
B27: =IFERROR(IF(LEN(INDEX(Metrics!$B$6:$H$70,ROW($A27)-ROW($A$5),MATCH(B$5,Metrics!$B$5:$H$5,0)))=0,"",INDEX(Metrics!$B$6:$H$70,ROW($A27)-ROW($A$5),MATCH(B$5,Metrics!$B$5:$H$5,0))),"") -> 403 | C27: =IFERROR(IF(LEN(INDEX(Metrics!$B$6:$H$70,ROW($A27)-ROW($A$5),MATCH(C$5,Metrics!$B$5:$H$5,0)))=0,"",INDEX(Metrics!$B$6:$H$70,ROW($A27)-ROW($A$5),MATCH(C$5,Metrics!$B$5:$H$5,0))),"") -> Process and Workflow | D27: =IFERROR(IF(LEN(INDEX(Metrics!$B$6:$H$70,ROW($A27)-ROW($A$5),MATCH(D$5,Metrics!$B$5:$H$5,0)))=0,"",INDEX(Metrics!$B$6:$H$70,ROW($A27)-ROW($A$5),MATCH(D$5,Metrics!$B$5:$H$5,0))),"") -> Selection Rate | E27: =IFERROR(IF(LEN(INDEX(Metrics!$B$6:$H$70,ROW($A27)-ROW($A$5),MATCH(E$5,Metrics!$B$5:$H$5,0)))=0,"",INDEX(Metrics!$B$6:$H$70,ROW($A27)-ROW($A$5),MATCH(E$5,Metrics!$B$5:$H$5,0))),"") -> %
B28: =IFERROR(IF(LEN(INDEX(Metrics!$B$6:$H$70,ROW($A28)-ROW($A$5),MATCH(B$5,Metrics!$B$5:$H$5,0)))=0,"",INDEX(Metrics!$B$6:$H$70,ROW($A28)-ROW($A$5),MATCH(B$5,Metrics!$B$5:$H$5,0))),"") -> 404 | C28: =IFERROR(IF(LEN(INDEX(Metrics!$B$6:$H$70,ROW($A28)-ROW($A$5),MATCH(C$5,Metrics!$B$5:$H$5,0)))=0,"",INDEX(Metrics!$B$6:$H$70,ROW($A28)-ROW($A$5),MATCH(C$5,Metrics!$B$5:$H$5,0))),"") -> Process and Workflow | D28: =IFERROR(IF(LEN(INDEX(Metrics!$B$6:$H$70,ROW($A28)-ROW($A$5),MATCH(D$5,Metrics!$B$5:$H$5,0)))=0,"",INDEX(Metrics!$B$6:$H$70,ROW($A28)-ROW($A$5),MATCH(D$5,Metrics!$B$5:$H$5,0))),"") -> Interview Drop-off Rate | E28: =IFERROR(IF(LEN(INDEX(Metrics!$B$6:$H$70,ROW($A28)-ROW($A$5),MATCH(E$5,Metrics!$B$5:$H$5,0)))=0,"",INDEX(Metrics!$B$6:$H$70,ROW($A28)-ROW($A$5),MATCH(E$5,Metrics!$B$5:$H$5,0))),"") -> %
B29: =IFERROR(IF(LEN(INDEX(Metrics!$B$6:$H$70,ROW($A29)-ROW($A$5),MATCH(B$5,Metrics!$B$5:$H$5,0)))=0,"",INDEX(Metrics!$B$6:$H$70,ROW($A29)-ROW($A$5),MATCH(B$5,Metrics!$B$5:$H$5,0))),"") -> 405 | C29: =IFERROR(IF(LEN(INDEX(Metrics!$B$6:$H$70,ROW($A29)-ROW($A$5),MATCH(C$5,Metrics!$B$5:$H$5,0)))=0,"",INDEX(Metrics!$B$6:$H$70,ROW($A29)-ROW($A$5),MATCH(C$5,Metrics!$B$5:$H$5,0))),"") -> Process and Workflow | D29: =IFERROR(IF(LEN(INDEX(Metrics!$B$6:$H$70,ROW($A29)-ROW($A$5),MATCH(D$5,Metrics!$B$5:$H$5,0)))=0,"",INDEX(Metrics!$B$6:$H$70,ROW($A29)-ROW($A$5),MATCH(D$5,Metrics!$B$5:$H$5,0))),"") -> Diversity Hire Rate | E29: =IFERROR(IF(LEN(INDEX(Metrics!$B$6:$H$70,ROW($A29)-ROW($A$5),MATCH(E$5,Metrics!$B$5:$H$5,0)))=0,"",INDEX(Metrics!$B$6:$H$70,ROW($A29)-ROW($A$5),MATCH(E$5,Metrics!$B$5:$H$5,0))),"") -> %
B30: =IFERROR(IF(LEN(INDEX(Metrics!$B$6:$H$70,ROW($A30)-ROW($A$5),MATCH(B$5,Metrics!$B$5:$H$5,0)))=0,"",INDEX(Metrics!$B$6:$H$70,ROW($A30)-ROW($A$5),MATCH(B$5,Metrics!$B$5:$H$5,0))),"") -> 406 | C30: =IFERROR(IF(LEN(INDEX(Metrics!$B$6:$H$70,ROW($A30)-ROW($A$5),MATCH(C$5,Metrics!$B$5:$H$5,0)))=0,"",INDEX(Metrics!$B$6:$H$70,ROW($A30)-ROW($A$5),MATCH(C$5,Metrics!$B$5:$H$5,0))),"") -> Process and Workflow | D30: =IFERROR(IF(LEN(INDEX(Metrics!$B$6:$H$70,ROW($A30)-ROW($A$5),MATCH(D$5,Metrics!$B$5:$H$5,0)))=0,"",INDEX(Metrics!$B$6:$H$70,ROW($A30)-ROW($A$5),MATCH(D$5,Metrics!$B$5:$H$5,0))),"") | E30: =IFERROR(IF(LEN(INDEX(Metrics!$B$6:$H$70,ROW($A30)-ROW($A$5),MATCH(E$5,Metrics!$B$5:$H$5,0)))=0,"",INDEX(Metrics!$B$6:$H$70,ROW($A30)-ROW($A$5),MATCH(E$5,Metrics!$B$5:$H$5,0))),"")
B31: =IFERROR(IF(LEN(INDEX(Metrics!$B$6:$H$70,ROW($A31)-ROW($A$5),MATCH(B$5,Metrics!$B$5:$H$5,0)))=0,"",INDEX(Metrics!$B$6:$H$70,ROW($A31)-ROW($A$5),MATCH(B$5,Metrics!$B$5:$H$5,0))),"") -> 407 | C31: =IFERROR(IF(LEN(INDEX(Metrics!$B$6:$H$70,ROW($A31)-ROW($A$5),MATCH(C$5,Metrics!$B$5:$H$5,0)))=0,"",INDEX(Metrics!$B$6:$H$70,ROW($A31)-ROW($A$5),MATCH(C$5,Metrics!$B$5:$H$5,0))),"") -> Process and Workflow | D31: =IFERROR(IF(LEN(INDEX(Metrics!$B$6:$H$70,ROW($A31)-ROW($A$5),MATCH(D$5,Metrics!$B$5:$H$5,0)))=0,"",INDEX(Metrics!$B$6:$H$70,ROW($A31)-ROW($A$5),MATCH(D$5,Metrics!$B$5:$H$5,0))),"") | E31: =IFERROR(IF(LEN(INDEX(Metrics!$B$6:$H$70,ROW($A31)-ROW($A$5),MATCH(E$5,Metrics!$B$5:$H$5,0)))=0,"",INDEX(Metrics!$B$6:$H$70,ROW($A31)-ROW($A$5),MATCH(E$5,Metrics!$B$5:$H$5,0))),"")
B32: =IFERROR(IF(LEN(INDEX(Metrics!$B$6:$H$70,ROW($A32)-ROW($A$5),MATCH(B$5,Metrics!$B$5:$H$5,0)))=0,"",INDEX(Metrics!$B$6:$H$70,ROW($A32)-ROW($A$5),MATCH(B$5,Metrics!$B$5:$H$5,0))),"") -> 501 | C32: =IFERROR(IF(LEN(INDEX(Metrics!$B$6:$H$70,ROW($A32)-ROW($A$5),MATCH(C$5,Metrics!$B$5:$H$5,0)))=0,"",INDEX(Metrics!$B$6:$H$70,ROW($A32)-ROW($A$5),MATCH(C$5,Metrics!$B$5:$H$5,0))),"") -> Candidate Experience | D32: =IFERROR(IF(LEN(INDEX(Metrics!$B$6:$H$70,ROW($A32)-ROW($A$5),MATCH(D$5,Metrics!$B$5:$H$5,0)))=0,"",INDEX(Metrics!$B$6:$H$70,ROW($A32)-ROW($A$5),MATCH(D$5,Metrics!$B$5:$H$5,0))),"") -> Candidate Job Satisfaction | E32: =IFERROR(IF(LEN(INDEX(Metrics!$B$6:$H$70,ROW($A32)-ROW($A$5),MATCH(E$5,Metrics!$B$5:$H$5,0)))=0,"",INDEX(Metrics!$B$6:$H$70,ROW($A32)-ROW($A$5),MATCH(E$5,Metrics!$B$5:$H$5,0))),"") -> Points
B33: =IFERROR(IF(LEN(INDEX(Metrics!$B$6:$H$70,ROW($A33)-ROW($A$5),MATCH(B$5,Metrics!$B$5:$H$5,0)))=0,"",INDEX(Metrics!$B$6:$H$70,ROW($A33)-ROW($A$5),MATCH(B$5,Metrics!$B$5:$H$5,0))),"") -> 502 | C33: =IFERROR(IF(LEN(INDEX(Metrics!$B$6:$H$70,ROW($A33)-ROW($A$5),MATCH(C$5,Metrics!$B$5:$H$5,0)))=0,"",INDEX(Metrics!$B$6:$H$70,ROW($A33)-ROW($A$5),MATCH(C$5,Metrics!$B$5:$H$5,0))),"") -> Candidate Experience | D33: =IFERROR(IF(LEN(INDEX(Metrics!$B$6:$H$70,ROW($A33)-ROW($A$5),MATCH(D$5,Metrics!$B$5:$H$5,0)))=0,"",INDEX(Metrics!$B$6:$H$70,ROW($A33)-ROW($A$5),MATCH(D$5,Metrics!$B$5:$H$5,0))),"") -> Applicant Drop-off Rate | E33: =IFERROR(IF(LEN(INDEX(Metrics!$B$6:$H$70,ROW($A33)-ROW($A$5),MATCH(E$5,Metrics!$B$5:$H$5,0)))=0,"",INDEX(Metrics!$B$6:$H$70,ROW($A33)-ROW($A$5),MATCH(E$5,Metrics!$B$5:$H$5,0))),"") -> %
... B70: =IFERROR(IF(LEN(INDEX(Metrics!$B$6:$H$70,ROW($A70)-ROW($A$5),MATCH(B$5,Metrics!$B$5:$H$5,0)))=0,"",INDEX(Metrics!$B$6:$H$70,ROW($A70)-ROW($A$5),MATCH(B$5,Metrics!$B$5:$H$5,0))),"") | C70: =IFERROR(IF(LEN(INDEX(Metrics!$B$6:$H$70,ROW($A70)-ROW($A$5),MATCH(C$5,Metrics!$B$5:$H$5,0)))=0,"",INDEX(Metrics!$B$6:$H$70,ROW($A70)-ROW($A$5),MATCH(C$5,Metrics!$B$5:$H$5,0))),"") | D70: =IFERROR(IF(LEN(INDEX(Metrics!$B$6:$H$70,ROW($A70)-ROW($A$5),MATCH(D$5,Metrics!$B$5:$H$5,0)))=0,"",INDEX(Metrics!$B$6:$H$70,ROW($A70)-ROW($A$5),MATCH(D$5,Metrics!$B$5:$H$5,0))),"") | E70: =IFERROR(IF(LEN(INDEX(Metrics!$B$6:$H$70,ROW($A70)-ROW($A$5),MATCH(E$5,Metrics!$B$5:$H$5,0)))=0,"",INDEX(Metrics!$B$6:$H$70,ROW($A70)-ROW($A$5),MATCH(E$5,Metrics!$B$5:$H$5,0))),"")

Sheet CY_Actual_Cumulative
C2: RECRUITMENT KPI DASHBOARD
C3: CURRENT YEAR ACTUALS - CUMULATIVE
B5: KPI Code | C5: KPI Group | D5: Criteria | E5: Unit | F5: =IFERROR(INDEX(Calc!$H$7:$H$18,COLUMN(CY_Actual_Cumulative!F4)-COLUMN(CY_Actual_Cumulative!$E$4)),"") -> Jan 2024 | G5: =IFERROR(INDEX(Calc!$H$7:$H$18,COLUMN(CY_Actual_Cumulative!G4)-COLUMN(CY_Actual_Cumulative!$E$4)),"") -> Feb 2024 | H5: =IFERROR(INDEX(Calc!$H$7:$H$18,COLUMN(CY_Actual_Cumulative!H4)-COLUMN(CY_Actual_Cumulative!$E$4)),"") -> Mar 2024 | I5: =IFERROR(INDEX(Calc!$H$7:$H$18,COLUMN(CY_Actual_Cumulative!I4)-COLUMN(CY_Actual_Cumulative!$E$4)),"") -> Apr 2024 | J5: =IFERROR(INDEX(Calc!$H$7:$H$18,COLUMN(CY_Actual_Cumulative!J4)-COLUMN(CY_Actual_Cumulative!$E$4)),"") -> May 2024 | K5: =IFERROR(INDEX(Calc!$H$7:$H$18,COLUMN(CY_Actual_Cumulative!K4)-COLUMN(CY_Actual_Cumulative!$E$4)),"") -> Jun 2024 | L5: =IFERROR(INDEX(Calc!$H$7:$H$18,COLUMN(CY_Actual_Cumulative!L4)-COLUMN(CY_Actual_Cumulative!$E$4)),"") -> Jul 2024 | M5: =IFERROR(INDEX(Calc!$H$7:$H$18,COLUMN(CY_Actual_Cumulative!M4)-COLUMN(CY_Actual_Cumulative!$E$4)),"") -> Aug 2024 | ... Q5: =IFERROR(INDEX(Calc!$H$7:$H$18,COLUMN(CY_Actual_Cumulative!Q4)-COLUMN(CY_Actual_Cumulative!$E$4)),"") -> Dec 2024
B6: =IFERROR(IF(LEN(INDEX(Metrics!$B$6:$E$70,ROW($A6)-ROW($A$5),MATCH(B$5,Metrics!$B$5:$E$5,0)))=0,"",INDEX(Metrics!$B$6:$E$70,ROW($A6)-ROW($A$5),MATCH(B$5,Metrics!$B$5:$E$5,0))),"") -> 101 | C6: =IFERROR(IF(LEN(INDEX(Metrics!$B$6:$E$70,ROW($A6)-ROW($A$5),MATCH(C$5,Metrics!$B$5:$E$5,0)))=0,"",INDEX(Metrics!$B$6:$E$70,ROW($A6)-ROW($A$5),MATCH(C$5,Metrics!$B$5:$E$5,0))),"") -> Efficiency and Speed | D6: =IFERROR(IF(LEN(INDEX(Metrics!$B$6:$E$70,ROW($A6)-ROW($A$5),MATCH(D$5,Metrics!$B$5:$E$5,0)))=0,"",INDEX(Metrics!$B$6:$E$70,ROW($A6)-ROW($A$5),MATCH(D$5,Metrics!$B$5:$E$5,0))),"") -> Time to Fill | E6: =IFERROR(IF(LEN(INDEX(Metrics!$B$6:$E$70,ROW($A6)-ROW($A$5),MATCH(E$5,Metrics!$B$5:$E$5,0)))=0,"",INDEX(Metrics!$B$6:$E$70,ROW($A6)-ROW($A$5),MATCH(E$5,Metrics!$B$5:$E$5,0))),"") -> Days | F6: =IFERROR(IF(INDEX(Metrics!$G$6:$G$70,MATCH(CY_Actual_Cumulative!$D6,Metrics!$D$6:$D$70,0))=Calc!$K$8,SUM(CY_Actual!$F6:F6),AVERAGE(CY_Actual!$F6:F6)),"") -> 30 | G6: =IFERROR(IF(INDEX(Metrics!$G$6:$G$70,MATCH(CY_Actual_Cumulative!$D6,Metrics!$D$6:$D$70,0))=Calc!$K$8,SUM(CY_Actual!$F6:G6),AVERAGE(CY_Actual!$F6:G6)),"") -> 45 | H6: =IFERROR(IF(INDEX(Metrics!$G$6:$G$70,MATCH(CY_Actual_Cumulative!$D6,Metrics!$D$6:$D$70,0))=Calc!$K$8,SUM(CY_Actual!$F6:H6),AVERAGE(CY_Actual!$F6:H6)),"") -> 48.666667 | I6: =IFERROR(IF(INDEX(Metrics!$G$6:$G$70,MATCH(CY_Actual_Cumulative!$D6,Metrics!$D$6:$D$70,0))=Calc!$K$8,SUM(CY_Actual!$F6:I6),AVERAGE(CY_Actual!$F6:I6)),"") -> 49 | J6: =IFERROR(IF(INDEX(Metrics!$G$6:$G$70,MATCH(CY_Actual_Cumulative!$D6,Metrics!$D$6:$D$70,0))=Calc!$K$8,SUM(CY_Actual!$F6:J6),AVERAGE(CY_Actual!$F6:J6)),"") -> 49.2 | K6: =IFERROR(IF(INDEX(Metrics!$G$6:$G$70,MATCH(CY_Actual_Cumulative!$D6,Metrics!$D$6:$D$70,0))=Calc!$K$8,SUM(CY_Actual!$F6:K6),AVERAGE(CY_Actual!$F6:K6)),"") -> 47.666667 | L6: =IFERROR(IF(INDEX(Metrics!$G$6:$G$70,MATCH(CY_Actual_Cumulative!$D6,Metrics!$D$6:$D$70,0))=Calc!$K$8,SUM(CY_Actual!$F6:L6),AVERAGE(CY_Actual!$F6:L6)),"") -> 47.666667 | M6: =IFERROR(IF(INDEX(Metrics!$G$6:$G$70,MATCH(CY_Actual_Cumulative!$D6,Metrics!$D$6:$D$70,0))=Calc!$K$8,SUM(CY_Actual!$F6:M6),AVERAGE(CY_Actual!$F6:M6)),"") -> 47.666667 | ... Q6: =IFERROR(IF(INDEX(Metrics!$G$6:$G$70,MATCH(CY_Actual_Cumulative!$D6,Metrics!$D$6:$D$70,0))=Calc!$K$8,SUM(CY_Actual!$F6:Q6),AVERAGE(CY_Actual!$F6:Q6)),"") -> 47.666667
B7: =IFERROR(IF(LEN(INDEX(Metrics!$B$6:$E$70,ROW($A7)-ROW($A$5),MATCH(B$5,Metrics!$B$5:$E$5,0)))=0,"",INDEX(Metrics!$B$6:$E$70,ROW($A7)-ROW($A$5),MATCH(B$5,Metrics!$B$5:$E$5,0))),"") -> 102 | C7: =IFERROR(IF(LEN(INDEX(Metrics!$B$6:$E$70,ROW($A7)-ROW($A$5),MATCH(C$5,Metrics!$B$5:$E$5,0)))=0,"",INDEX(Metrics!$B$6:$E$70,ROW($A7)-ROW($A$5),MATCH(C$5,Metrics!$B$5:$E$5,0))),"") -> Efficiency and Speed | D7: =IFERROR(IF(LEN(INDEX(Metrics!$B$6:$E$70,ROW($A7)-ROW($A$5),MATCH(D$5,Metrics!$B$5:$E$5,0)))=0,"",INDEX(Metrics!$B$6:$E$70,ROW($A7)-ROW($A$5),MATCH(D$5,Metrics!$B$5:$E$5,0))),"") -> Time to Hire | E7: =IFERROR(IF(LEN(INDEX(Metrics!$B$6:$E$70,ROW($A7)-ROW($A$5),MATCH(E$5,Metrics!$B$5:$E$5,0)))=0,"",INDEX(Metrics!$B$6:$E$70,ROW($A7)-ROW($A$5),MATCH(E$5,Metrics!$B$5:$E$5,0))),"") -> Days | F7: =IFERROR(IF(INDEX(Metrics!$G$6:$G$70,MATCH(CY_Actual_Cumulative!$D7,Metrics!$D$6:$D$70,0))=Calc!$K$8,SUM(CY_Actual!$F7:F7),AVERAGE(CY_Actual!$F7:F7)),"") -> 20 | G7: =IFERROR(IF(INDEX(Metrics!$G$6:$G$70,MATCH(CY_Actual_Cumulative!$D7,Metrics!$D$6:$D$70,0))=Calc!$K$8,SUM(CY_Actual!$F7:G7),AVERAGE(CY_Actual!$F7:G7)),"") -> 22.5 | H7: =IFERROR(IF(INDEX(Metrics!$G$6:$G$70,MATCH(CY_Actual_Cumulative!$D7,Metrics!$D$6:$D$70,0))=Calc!$K$8,SUM(CY_Actual!$F7:H7),AVERAGE(CY_Actual!$F7:H7)),"") -> 18.333333 | I7: =IFERROR(IF(INDEX(Metrics!$G$6:$G$70,MATCH(CY_Actual_Cumulative!$D7,Metrics!$D$6:$D$70,0))=Calc!$K$8,SUM(CY_Actual!$F7:I7),AVERAGE(CY_Actual!$F7:I7)),"") -> 16.75 | J7: =IFERROR(IF(INDEX(Metrics!$G$6:$G$70,MATCH(CY_Actual_Cumulative!$D7,Metrics!$D$6:$D$70,0))=Calc!$K$8,SUM(CY_Actual!$F7:J7),AVERAGE(CY_Actual!$F7:J7)),"") -> 17.4 | K7: =IFERROR(IF(INDEX(Metrics!$G$6:$G$70,MATCH(CY_Actual_Cumulative!$D7,Metrics!$D$6:$D$70,0))=Calc!$K$8,SUM(CY_Actual!$F7:K7),AVERAGE(CY_Actual!$F7:K7)),"") -> 17 | L7: =IFERROR(IF(INDEX(Metrics!$G$6:$G$70,MATCH(CY_Actual_Cumulative!$D7,Metrics!$D$6:$D$70,0))=Calc!$K$8,SUM(CY_Actual!$F7:L7),AVERAGE(CY_Actual!$F7:L7)),"") -> 17 | M7: =IFERROR(IF(INDEX(Metrics!$G$6:$G$70,MATCH(CY_Actual_Cumulative!$D7,Metrics!$D$6:$D$70,0))=Calc!$K$8,SUM(CY_Actual!$F7:M7),AVERAGE(CY_Actual!$F7:M7)),"") -> 17 | ... Q7: =IFERROR(IF(INDEX(Metrics!$G$6:$G$70,MATCH(CY_Actual_Cumulative!$D7,Metrics!$D$6:$D$70,0))=Calc!$K$8,SUM(CY_Actual!$F7:Q7),AVERAGE(CY_Actual!$F7:Q7)),"") -> 17
B8: =IFERROR(IF(LEN(INDEX(Metrics!$B$6:$E$70,ROW($A8)-ROW($A$5),MATCH(B$5,Metrics!$B$5:$E$5,0)))=0,"",INDEX(Metrics!$B$6:$E$70,ROW($A8)-ROW($A$5),MATCH(B$5,Metrics!$B$5:$E$5,0))),"") -> 103 | C8: =IFERROR(IF(LEN(INDEX(Metrics!$B$6:$E$70,ROW($A8)-ROW($A$5),MATCH(C$5,Metrics!$B$5:$E$5,0)))=0,"",INDEX(Metrics!$B$6:$E$70,ROW($A8)-ROW($A$5),MATCH(C$5,Metrics!$B$5:$E$5,0))),"") -> Efficiency and Speed | D8: =IFERROR(IF(LEN(INDEX(Metrics!$B$6:$E$70,ROW($A8)-ROW($A$5),MATCH(D$5,Metrics!$B$5:$E$5,0)))=0,"",INDEX(Metrics!$B$6:$E$70,ROW($A8)-ROW($A$5),MATCH(D$5,Metrics!$B$5:$E$5,0))),"") -> Hiring Velocity | E8: =IFERROR(IF(LEN(INDEX(Metrics!$B$6:$E$70,ROW($A8)-ROW($A$5),MATCH(E$5,Metrics!$B$5:$E$5,0)))=0,"",INDEX(Metrics!$B$6:$E$70,ROW($A8)-ROW($A$5),MATCH(E$5,Metrics!$B$5:$E$5,0))),"") -> % | F8: =IFERROR(IF(INDEX(Metrics!$G$6:$G$70,MATCH(CY_Actual_Cumulative!$D8,Metrics!$D$6:$D$70,0))=Calc!$K$8,SUM(CY_Actual!$F8:F8),AVERAGE(CY_Actual!$F8:F8)),"") -> 0.02 | G8: =IFERROR(IF(INDEX(Metrics!$G$6:$G$70,MATCH(CY_Actual_Cumulative!$D8,Metrics!$D$6:$D$70,0))=Calc!$K$8,SUM(CY_Actual!$F8:G8),AVERAGE(CY_Actual!$F8:G8)),"") -> 0.021 | H8: =IFERROR(IF(INDEX(Metrics!$G$6:$G$70,MATCH(CY_Actual_Cumulative!$D8,Metrics!$D$6:$D$70,0))=Calc!$K$8,SUM(CY_Actual!$F8:H8),AVERAGE(CY_Actual!$F8:H8)),"") -> 0.024 | I8: =IFERROR(IF(INDEX(Metrics!$G$6:$G$70,MATCH(CY_Actual_Cumulative!$D8,Metrics!$D$6:$D$70,0))=Calc!$K$8,SUM(CY_Actual!$F8:I8),AVERAGE(CY_Actual!$F8:I8)),"") -> 0.0305 | J8: =IFERROR(IF(INDEX(Metrics!$G$6:$G$70,MATCH(CY_Actual_Cumulative!$D8,Metrics!$D$6:$D$70,0))=Calc!$K$8,SUM(CY_Actual!$F8:J8),AVERAGE(CY_Actual!$F8:J8)),"") -> 0.0304 | K8: =IFERROR(IF(INDEX(Metrics!$G$6:$G$70,MATCH(CY_Actual_Cumulative!$D8,Metrics!$D$6:$D$70,0))=Calc!$K$8,SUM(CY_Actual!$F8:K8),AVERAGE(CY_Actual!$F8:K8)),"") -> 0.028666667 | L8: =IFERROR(IF(INDEX(Metrics!$G$6:$G$70,MATCH(CY_Actual_Cumulative!$D8,Metrics!$D$6:$D$70,0))=Calc!$K$8,SUM(CY_Actual!$F8:L8),AVERAGE(CY_Actual!$F8:L8)),"") -> 0.028666667 | M8: =IFERROR(IF(INDEX(Metrics!$G$6:$G$70,MATCH(CY_Actual_Cumulative!$D8,Metrics!$D$6:$D$70,0))=Calc!$K$8,SUM(CY_Actual!$F8:M8),AVERAGE(CY_Actual!$F8:M8)),"") -> 0.028666667 | ... Q8: =IFERROR(IF(INDEX(Metrics!$G$6:$G$70,MATCH(CY_Actual_Cumulative!$D8,Metrics!$D$6:$D$70,0))=Calc!$K$8,SUM(CY_Actual!$F8:Q8),AVERAGE(CY_Actual!$F8:Q8)),"") -> 0.028666667
B9: =IFERROR(IF(LEN(INDEX(Metrics!$B$6:$E$70,ROW($A9)-ROW($A$5),MATCH(B$5,Metrics!$B$5:$E$5,0)))=0,"",INDEX(Metrics!$B$6:$E$70,ROW($A9)-ROW($A$5),MATCH(B$5,Metrics!$B$5:$E$5,0))),"") -> 104 | C9: =IFERROR(IF(LEN(INDEX(Metrics!$B$6:$E$70,ROW($A9)-ROW($A$5),MATCH(C$5,Metrics!$B$5:$E$5,0)))=0,"",INDEX(Metrics!$B$6:$E$70,ROW($A9)-ROW($A$5),MATCH(C$5,Metrics!$B$5:$E$5,0))),"") -> Efficiency and Speed | D9: =IFERROR(IF(LEN(INDEX(Metrics!$B$6:$E$70,ROW($A9)-ROW($A$5),MATCH(D$5,Metrics!$B$5:$E$5,0)))=0,"",INDEX(Metrics!$B$6:$E$70,ROW($A9)-ROW($A$5),MATCH(D$5,Metrics!$B$5:$E$5,0))),"") -> Average Interview Duration | E9: =IFERROR(IF(LEN(INDEX(Metrics!$B$6:$E$70,ROW($A9)-ROW($A$5),MATCH(E$5,Metrics!$B$5:$E$5,0)))=0,"",INDEX(Metrics!$B$6:$E$70,ROW($A9)-ROW($A$5),MATCH(E$5,Metrics!$B$5:$E$5,0))),"") -> Minutes | F9: =IFERROR(IF(INDEX(Metrics!$G$6:$G$70,MATCH(CY_Actual_Cumulative!$D9,Metrics!$D$6:$D$70,0))=Calc!$K$8,SUM(CY_Actual!$F9:F9),AVERAGE(CY_Actual!$F9:F9)),"") -> 45 | G9: =IFERROR(IF(INDEX(Metrics!$G$6:$G$70,MATCH(CY_Actual_Cumulative!$D9,Metrics!$D$6:$D$70,0))=Calc!$K$8,SUM(CY_Actual!$F9:G9),AVERAGE(CY_Actual!$F9:G9)),"") -> 47.5 | H9: =IFERROR(IF(INDEX(Metrics!$G$6:$G$70,MATCH(CY_Actual_Cumulative!$D9,Metrics!$D$6:$D$70,0))=Calc!$K$8,SUM(CY_Actual!$F9:H9),AVERAGE(CY_Actual!$F9:H9)),"") -> 50.333333 | I9: =IFERROR(IF(INDEX(Metrics!$G$6:$G$70,MATCH(CY_Actual_Cumulative!$D9,Metrics!$D$6:$D$70,0))=Calc!$K$8,SUM(CY_Actual!$F9:I9),AVERAGE(CY_Actual!$F9:I9)),"") -> 55.25 | J9: =IFERROR(IF(INDEX(Metrics!$G$6:$G$70,MATCH(CY_Actual_Cumulative!$D9,Metrics!$D$6:$D$70,0))=Calc!$K$8,SUM(CY_Actual!$F9:J9),AVERAGE(CY_Actual!$F9:J9)),"") -> 60.2 | K9: =IFERROR(IF(INDEX(Metrics!$G$6:$G$70,MATCH(CY_Actual_Cumulative!$D9,Metrics!$D$6:$D$70,0))=Calc!$K$8,SUM(CY_Actual!$F9:K9),AVERAGE(CY_Actual!$F9:K9)),"") -> 57.666667 | L9: =IFERROR(IF(INDEX(Metrics!$G$6:$G$70,MATCH(CY_Actual_Cumulative!$D9,Metrics!$D$6:$D$70,0))=Calc!$K$8,SUM(CY_Actual!$F9:L9),AVERAGE(CY_Actual!$F9:L9)),"") -> 57.666667 | M9: =IFERROR(IF(INDEX(Metrics!$G$6:$G$70,MATCH(CY_Actual_Cumulative!$D9,Metrics!$D$6:$D$70,0))=Calc!$K$8,SUM(CY_Actual!$F9:M9),AVERAGE(CY_Actual!$F9:M9)),"") -> 57.666667 | ... Q9: =IFERROR(IF(INDEX(Metrics!$G$6:$G$70,MATCH(CY_Actual_Cumulative!$D9,Metrics!$D$6:$D$70,0))=Calc!$K$8,SUM(CY_Actual!$F9:Q9),AVERAGE(CY_Actual!$F9:Q9)),"") -> 57.666667
B10: =IFERROR(IF(LEN(INDEX(Metrics!$B$6:$E$70,ROW($A10)-ROW($A$5),MATCH(B$5,Metrics!$B$5:$E$5,0)))=0,"",INDEX(Metrics!$B$6:$E$70,ROW($A10)-ROW($A$5),MATCH(B$5,Metrics!$B$5:$E$5,0))),"") -> 105 | C10: =IFERROR(IF(LEN(INDEX(Metrics!$B$6:$E$70,ROW($A10)-ROW($A$5),MATCH(C$5,Metrics!$B$5:$E$5,0)))=0,"",INDEX(Metrics!$B$6:$E$70,ROW($A10)-ROW($A$5),MATCH(C$5,Metrics!$B$5:$E$5,0))),"") -> Efficiency and Speed | D10: =IFERROR(IF(LEN(INDEX(Metrics!$B$6:$E$70,ROW($A10)-ROW($A$5),MATCH(D$5,Metrics!$B$5:$E$5,0)))=0,"",INDEX(Metrics!$B$6:$E$70,ROW($A10)-ROW($A$5),MATCH(D$5,Metrics!$B$5:$E$5,0))),"") -> Screening Efficiency | E10: =IFERROR(IF(LEN(INDEX(Metrics!$B$6:$E$70,ROW($A10)-ROW($A$5),MATCH(E$5,Metrics!$B$5:$E$5,0)))=0,"",INDEX(Metrics!$B$6:$E$70,ROW($A10)-ROW($A$5),MATCH(E$5,Metrics!$B$5:$E$5,0))),"") -> % | F10: =IFERROR(IF(INDEX(Metrics!$G$6:$G$70,MATCH(CY_Actual_Cumulative!$D10,Metrics!$D$6:$D$70,0))=Calc!$K$8,SUM(CY_Actual!$F10:F10),AVERAGE(CY_Actual!$F10:F10)),"") -> 0.3 | G10: =IFERROR(IF(INDEX(Metrics!$G$6:$G$70,MATCH(CY_Actual_Cumulative!$D10,Metrics!$D$6:$D$70,0))=Calc!$K$8,SUM(CY_Actual!$F10:G10),AVERAGE(CY_Actual!$F10:G10)),"") -> 0.25 | H10: =IFERROR(IF(INDEX(Metrics!$G$6:$G$70,MATCH(CY_Actual_Cumulative!$D10,Metrics!$D$6:$D$70,0))=Calc!$K$8,SUM(CY_Actual!$F10:H10),AVERAGE(CY_Actual!$F10:H10)),"") -> 0.3 | I10: =IFERROR(IF(INDEX(Metrics!$G$6:$G$70,MATCH(CY_Actual_Cumulative!$D10,Metrics!$D$6:$D$70,0))=Calc!$K$8,SUM(CY_Actual!$F10:I10),AVERAGE(CY_Actual!$F10:I10)),"") -> 0.35 | J10: =IFERROR(IF(INDEX(Metrics!$G$6:$G$70,MATCH(CY_Actual_Cumulative!$D10,Metrics!$D$6:$D$70,0))=Calc!$K$8,SUM(CY_Actual!$F10:J10),AVERAGE(CY_Actual!$F10:J10)),"") -> 0.38 | K10: =IFERROR(IF(INDEX(Metrics!$G$6:$G$70,MATCH(CY_Actual_Cumulative!$D10,Metrics!$D$6:$D$70,0))=Calc!$K$8,SUM(CY_Actual!$F10:K10),AVERAGE(CY_Actual!$F10:K10)),"") -> 0.35833333 | L10: =IFERROR(IF(INDEX(Metrics!$G$6:$G$70,MATCH(CY_Actual_Cumulative!$D10,Metrics!$D$6:$D$70,0))=Calc!$K$8,SUM(CY_Actual!$F10:L10),AVERAGE(CY_Actual!$F10:L10)),"") -> 0.35833333 | M10: =IFERROR(IF(INDEX(Metrics!$G$6:$G$70,MATCH(CY_Actual_Cumulative!$D10,Metrics!$D$6:$D$70,0))=Calc!$K$8,SUM(CY_Actual!$F10:M10),AVERAGE(CY_Actual!$F10:M10)),"") -> 0.35833333 | ... Q10: =IFERROR(IF(INDEX(Metrics!$G$6:$G$70,MATCH(CY_Actual_Cumulative!$D10,Metrics!$D$6:$D$70,0))=Calc!$K$8,SUM(CY_Actual!$F10:Q10),AVERAGE(CY_Actual!$F10:Q10)),"") -> 0.35833333
B11: =IFERROR(IF(LEN(INDEX(Metrics!$B$6:$E$70,ROW($A11)-ROW($A$5),MATCH(B$5,Metrics!$B$5:$E$5,0)))=0,"",INDEX(Metrics!$B$6:$E$70,ROW($A11)-ROW($A$5),MATCH(B$5,Metrics!$B$5:$E$5,0))),"") -> 106 | C11: =IFERROR(IF(LEN(INDEX(Metrics!$B$6:$E$70,ROW($A11)-ROW($A$5),MATCH(C$5,Metrics!$B$5:$E$5,0)))=0,"",INDEX(Metrics!$B$6:$E$70,ROW($A11)-ROW($A$5),MATCH(C$5,Metrics!$B$5:$E$5,0))),"") -> Efficiency and Speed | D11: =IFERROR(IF(LEN(INDEX(Metrics!$B$6:$E$70,ROW($A11)-ROW($A$5),MATCH(D$5,Metrics!$B$5:$E$5,0)))=0,"",INDEX(Metrics!$B$6:$E$70,ROW($A11)-ROW($A$5),MATCH(D$5,Metrics!$B$5:$E$5,0))),"") | E11: =IFERROR(IF(LEN(INDEX(Metrics!$B$6:$E$70,ROW($A11)-ROW($A$5),MATCH(E$5,Metrics!$B$5:$E$5,0)))=0,"",INDEX(Metrics!$B$6:$E$70,ROW($A11)-ROW($A$5),MATCH(E$5,Metrics!$B$5:$E$5,0))),"") | F11: =IFERROR(IF(INDEX(Metrics!$G$6:$G$70,MATCH(CY_Actual_Cumulative!$D11,Metrics!$D$6:$D$70,0))=Calc!$K$8,SUM(CY_Actual!$F11:F11),AVERAGE(CY_Actual!$F11:F11)),"") | G11: =IFERROR(IF(INDEX(Metrics!$G$6:$G$70,MATCH(CY_Actual_Cumulative!$D11,Metrics!$D$6:$D$70,0))=Calc!$K$8,SUM(CY_Actual!$F11:G11),AVERAGE(CY_Actual!$F11:G11)),"") | H11: =IFERROR(IF(INDEX(Metrics!$G$6:$G$70,MATCH(CY_Actual_Cumulative!$D11,Metrics!$D$6:$D$70,0))=Calc!$K$8,SUM(CY_Actual!$F11:H11),AVERAGE(CY_Actual!$F11:H11)),"") | I11: =IFERROR(IF(INDEX(Metrics!$G$6:$G$70,MATCH(CY_Actual_Cumulative!$D11,Metrics!$D$6:$D$70,0))=Calc!$K$8,SUM(CY_Actual!$F11:I11),AVERAGE(CY_Actual!$F11:I11)),"") | J11: =IFERROR(IF(INDEX(Metrics!$G$6:$G$70,MATCH(CY_Actual_Cumulative!$D11,Metrics!$D$6:$D$70,0))=Calc!$K$8,SUM(CY_Actual!$F11:J11),AVERAGE(CY_Actual!$F11:J11)),"") | K11: =IFERROR(IF(INDEX(Metrics!$G$6:$G$70,MATCH(CY_Actual_Cumulative!$D11,Metrics!$D$6:$D$70,0))=Calc!$K$8,SUM(CY_Actual!$F11:K11),AVERAGE(CY_Actual!$F11:K11)),"") | L11: =IFERROR(IF(INDEX(Metrics!$G$6:$G$70,MATCH(CY_Actual_Cumulative!$D11,Metrics!$D$6:$D$70,0))=Calc!$K$8,SUM(CY_Actual!$F11:L11),AVERAGE(CY_Actual!$F11:L11)),"") | M11: =IFERROR(IF(INDEX(Metrics!$G$6:$G$70,MATCH(CY_Actual_Cumulative!$D11,Metrics!$D$6:$D$70,0))=Calc!$K$8,SUM(CY_Actual!$F11:M11),AVERAGE(CY_Actual!$F11:M11)),"") | ... Q11: =IFERROR(IF(INDEX(Metrics!$G$6:$G$70,MATCH(CY_Actual_Cumulative!$D11,Metrics!$D$6:$D$70,0))=Calc!$K$8,SUM(CY_Actual!$F11:Q11),AVERAGE(CY_Actual!$F11:Q11)),"")
B12: =IFERROR(IF(LEN(INDEX(Metrics!$B$6:$E$70,ROW($A12)-ROW($A$5),MATCH(B$5,Metrics!$B$5:$E$5,0)))=0,"",INDEX(Metrics!$B$6:$E$70,ROW($A12)-ROW($A$5),MATCH(B$5,Metrics!$B$5:$E$5,0))),"") -> 107 | C12: =IFERROR(IF(LEN(INDEX(Metrics!$B$6:$E$70,ROW($A12)-ROW($A$5),MATCH(C$5,Metrics!$B$5:$E$5,0)))=0,"",INDEX(Metrics!$B$6:$E$70,ROW($A12)-ROW($A$5),MATCH(C$5,Metrics!$B$5:$E$5,0))),"") -> Efficiency and Speed | D12: =IFERROR(IF(LEN(INDEX(Metrics!$B$6:$E$70,ROW($A12)-ROW($A$5),MATCH(D$5,Metrics!$B$5:$E$5,0)))=0,"",INDEX(Metrics!$B$6:$E$70,ROW($A12)-ROW($A$5),MATCH(D$5,Metrics!$B$5:$E$5,0))),"") | E12: =IFERROR(IF(LEN(INDEX(Metrics!$B$6:$E$70,ROW($A12)-ROW($A$5),MATCH(E$5,Metrics!$B$5:$E$5,0)))=0,"",INDEX(Metrics!$B$6:$E$70,ROW($A12)-ROW($A$5),MATCH(E$5,Metrics!$B$5:$E$5,0))),"") | F12: =IFERROR(IF(INDEX(Metrics!$G$6:$G$70,MATCH(CY_Actual_Cumulative!$D12,Metrics!$D$6:$D$70,0))=Calc!$K$8,SUM(CY_Actual!$F12:F12),AVERAGE(CY_Actual!$F12:F12)),"") | G12: =IFERROR(IF(INDEX(Metrics!$G$6:$G$70,MATCH(CY_Actual_Cumulative!$D12,Metrics!$D$6:$D$70,0))=Calc!$K$8,SUM(CY_Actual!$F12:G12),AVERAGE(CY_Actual!$F12:G12)),"") | H12: =IFERROR(IF(INDEX(Metrics!$G$6:$G$70,MATCH(CY_Actual_Cumulative!$D12,Metrics!$D$6:$D$70,0))=Calc!$K$8,SUM(CY_Actual!$F12:H12),AVERAGE(CY_Actual!$F12:H12)),"") | I12: =IFERROR(IF(INDEX(Metrics!$G$6:$G$70,MATCH(CY_Actual_Cumulative!$D12,Metrics!$D$6:$D$70,0))=Calc!$K$8,SUM(CY_Actual!$F12:I12),AVERAGE(CY_Actual!$F12:I12)),"") | J12: =IFERROR(IF(INDEX(Metrics!$G$6:$G$70,MATCH(CY_Actual_Cumulative!$D12,Metrics!$D$6:$D$70,0))=Calc!$K$8,SUM(CY_Actual!$F12:J12),AVERAGE(CY_Actual!$F12:J12)),"") | K12: =IFERROR(IF(INDEX(Metrics!$G$6:$G$70,MATCH(CY_Actual_Cumulative!$D12,Metrics!$D$6:$D$70,0))=Calc!$K$8,SUM(CY_Actual!$F12:K12),AVERAGE(CY_Actual!$F12:K12)),"") | L12: =IFERROR(IF(INDEX(Metrics!$G$6:$G$70,MATCH(CY_Actual_Cumulative!$D12,Metrics!$D$6:$D$70,0))=Calc!$K$8,SUM(CY_Actual!$F12:L12),AVERAGE(CY_Actual!$F12:L12)),"") | M12: =IFERROR(IF(INDEX(Metrics!$G$6:$G$70,MATCH(CY_Actual_Cumulative!$D12,Metrics!$D$6:$D$70,0))=Calc!$K$8,SUM(CY_Actual!$F12:M12),AVERAGE(CY_Actual!$F12:M12)),"") | ... Q12: =IFERROR(IF(INDEX(Metrics!$G$6:$G$70,MATCH(CY_Actual_Cumulative!$D12,Metrics!$D$6:$D$70,0))=Calc!$K$8,SUM(CY_Actual!$F12:Q12),AVERAGE(CY_Actual!$F12:Q12)),"")
B13: =IFERROR(IF(LEN(INDEX(Metrics!$B$6:$E$70,ROW($A13)-ROW($A$5),MATCH(B$5,Metrics!$B$5:$E$5,0)))=0,"",INDEX(Metrics!$B$6:$E$70,ROW($A13)-ROW($A$5),MATCH(B$5,Metrics!$B$5:$E$5,0))),"") -> 201 | C13: =IFERROR(IF(LEN(INDEX(Metrics!$B$6:$E$70,ROW($A13)-ROW($A$5),MATCH(C$5,Metrics!$B$5:$E$5,0)))=0,"",INDEX(Metrics!$B$6:$E$70,ROW($A13)-ROW($A$5),MATCH(C$5,Metrics!$B$5:$E$5,0))),"") -> Cost and Investment | D13: =IFERROR(IF(LEN(INDEX(Metrics!$B$6:$E$70,ROW($A13)-ROW($A$5),MATCH(D$5,Metrics!$B$5:$E$5,0)))=0,"",INDEX(Metrics!$B$6:$E$70,ROW($A13)-ROW($A$5),MATCH(D$5,Metrics!$B$5:$E$5,0))),"") -> Cost per Hire | E13: =IFERROR(IF(LEN(INDEX(Metrics!$B$6:$E$70,ROW($A13)-ROW($A$5),MATCH(E$5,Metrics!$B$5:$E$5,0)))=0,"",INDEX(Metrics!$B$6:$E$70,ROW($A13)-ROW($A$5),MATCH(E$5,Metrics!$B$5:$E$5,0))),"") -> USD | F13: =IFERROR(IF(INDEX(Metrics!$G$6:$G$70,MATCH(CY_Actual_Cumulative!$D13,Metrics!$D$6:$D$70,0))=Calc!$K$8,SUM(CY_Actual!$F13:F13),AVERAGE(CY_Actual!$F13:F13)),"") -> 1200 | G13: =IFERROR(IF(INDEX(Metrics!$G$6:$G$70,MATCH(CY_Actual_Cumulative!$D13,Metrics!$D$6:$D$70,0))=Calc!$K$8,SUM(CY_Actual!$F13:G13),AVERAGE(CY_Actual!$F13:G13)),"") -> 1000 | H13: =IFERROR(IF(INDEX(Metrics!$G$6:$G$70,MATCH(CY_Actual_Cumulative!$D13,Metrics!$D$6:$D$70,0))=Calc!$K$8,SUM(CY_Actual!$F13:H13),AVERAGE(CY_Actual!$F13:H13)),"") -> 1066.6667 | I13: =IFERROR(IF(INDEX(Metrics!$G$6:$G$70,MATCH(CY_Actual_Cumulative!$D13,Metrics!$D$6:$D$70,0))=Calc!$K$8,SUM(CY_Actual!$F13:I13),AVERAGE(CY_Actual!$F13:I13)),"") -> 950 | J13: =IFERROR(IF(INDEX(Metrics!$G$6:$G$70,MATCH(CY_Actual_Cumulative!$D13,Metrics!$D$6:$D$70,0))=Calc!$K$8,SUM(CY_Actual!$F13:J13),AVERAGE(CY_Actual!$F13:J13)),"") -> 1160 | K13: =IFERROR(IF(INDEX(Metrics!$G$6:$G$70,MATCH(CY_Actual_Cumulative!$D13,Metrics!$D$6:$D$70,0))=Calc!$K$8,SUM(CY_Actual!$F13:K13),AVERAGE(CY_Actual!$F13:K13)),"") -> 1158.3333 | L13: =IFERROR(IF(INDEX(Metrics!$G$6:$G$70,MATCH(CY_Actual_Cumulative!$D13,Metrics!$D$6:$D$70,0))=Calc!$K$8,SUM(CY_Actual!$F13:L13),AVERAGE(CY_Actual!$F13:L13)),"") -> 1158.3333 | M13: =IFERROR(IF(INDEX(Metrics!$G$6:$G$70,MATCH(CY_Actual_Cumulative!$D13,Metrics!$D$6:$D$70,0))=Calc!$K$8,SUM(CY_Actual!$F13:M13),AVERAGE(CY_Actual!$F13:M13)),"") -> 1158.3333 | ... Q13: =IFERROR(IF(INDEX(Metrics!$G$6:$G$70,MATCH(CY_Actual_Cumulative!$D13,Metrics!$D$6:$D$70,0))=Calc!$K$8,SUM(CY_Actual!$F13:Q13),AVERAGE(CY_Actual!$F13:Q13)),"") -> 1158.3333
B14: =IFERROR(IF(LEN(INDEX(Metrics!$B$6:$E$70,ROW($A14)-ROW($A$5),MATCH(B$5,Metrics!$B$5:$E$5,0)))=0,"",INDEX(Metrics!$B$6:$E$70,ROW($A14)-ROW($A$5),MATCH(B$5,Metrics!$B$5:$E$5,0))),"") -> 202 | C14: =IFERROR(IF(LEN(INDEX(Metrics!$B$6:$E$70,ROW($A14)-ROW($A$5),MATCH(C$5,Metrics!$B$5:$E$5,0)))=0,"",INDEX(Metrics!$B$6:$E$70,ROW($A14)-ROW($A$5),MATCH(C$5,Metrics!$B$5:$E$5,0))),"") -> Cost and Investment | D14: =IFERROR(IF(LEN(INDEX(Metrics!$B$6:$E$70,ROW($A14)-ROW($A$5),MATCH(D$5,Metrics!$B$5:$E$5,0)))=0,"",INDEX(Metrics!$B$6:$E$70,ROW($A14)-ROW($A$5),MATCH(D$5,Metrics!$B$5:$E$5,0))),"") -> Recruitment Marketing ROI | E14: =IFERROR(IF(LEN(INDEX(Metrics!$B$6:$E$70,ROW($A14)-ROW($A$5),MATCH(E$5,Metrics!$B$5:$E$5,0)))=0,"",INDEX(Metrics!$B$6:$E$70,ROW($A14)-ROW($A$5),MATCH(E$5,Metrics!$B$5:$E$5,0))),"") -> % | F14: =IFERROR(IF(INDEX(Metrics!$G$6:$G$70,MATCH(CY_Actual_Cumulative!$D14,Metrics!$D$6:$D$70,0))=Calc!$K$8,SUM(CY_Actual!$F14:F14),AVERAGE(CY_Actual!$F14:F14)),"") -> 0.1 | G14: =IFERROR(IF(INDEX(Metrics!$G$6:$G$70,MATCH(CY_Actual_Cumulative!$D14,Metrics!$D$6:$D$70,0))=Calc!$K$8,SUM(CY_Actual!$F14:G14),AVERAGE(CY_Actual!$F14:G14)),"") -> 0.11 | H14: =IFERROR(IF(INDEX(Metrics!$G$6:$G$70,MATCH(CY_Actual_Cumulative!$D14,Metrics!$D$6:$D$70,0))=Calc!$K$8,SUM(CY_Actual!$F14:H14),AVERAGE(CY_Actual!$F14:H14)),"") -> 0.15666667 | I14: =IFERROR(IF(INDEX(Metrics!$G$6:$G$70,MATCH(CY_Actual_Cumulative!$D14,Metrics!$D$6:$D$70,0))=Calc!$K$8,SUM(CY_Actual!$F14:I14),AVERAGE(CY_Actual!$F14:I14)),"") -> 0.1425 | J14: =IFERROR(IF(INDEX(Metrics!$G$6:$G$70,MATCH(CY_Actual_Cumulative!$D14,Metrics!$D$6:$D$70,0))=Calc!$K$8,SUM(CY_Actual!$F14:J14),AVERAGE(CY_Actual!$F14:J14)),"") -> 0.154 | K14: =IFERROR(IF(INDEX(Metrics!$G$6:$G$70,MATCH(CY_Actual_Cumulative!$D14,Metrics!$D$6:$D$70,0))=Calc!$K$8,SUM(CY_Actual!$F14:K14),AVERAGE(CY_Actual!$F14:K14)),"") -> 0.14833333 | L14: =IFERROR(IF(INDEX(Metrics!$G$6:$G$70,MATCH(CY_Actual_Cumulative!$D14,Metrics!$D$6:$D$70,0))=Calc!$K$8,SUM(CY_Actual!$F14:L14),AVERAGE(CY_Actual!$F14:L14)),"") -> 0.14833333 | M14: =IFERROR(IF(INDEX(Metrics!$G$6:$G$70,MATCH(CY_Actual_Cumulative!$D14,Metrics!$D$6:$D$70,0))=Calc!$K$8,SUM(CY_Actual!$F14:M14),AVERAGE(CY_Actual!$F14:M14)),"") -> 0.14833333 | ... Q14: =IFERROR(IF(INDEX(Metrics!$G$6:$G$70,MATCH(CY_Actual_Cumulative!$D14,Metrics!$D$6:$D$70,0))=Calc!$K$8,SUM(CY_Actual!$F14:Q14),AVERAGE(CY_Actual!$F14:Q14)),"") -> 0.14833333
B15: =IFERROR(IF(LEN(INDEX(Metrics!$B$6:$E$70,ROW($A15)-ROW($A$5),MATCH(B$5,Metrics!$B$5:$E$5,0)))=0,"",INDEX(Metrics!$B$6:$E$70,ROW($A15)-ROW($A$5),MATCH(B$5,Metrics!$B$5:$E$5,0))),"") -> 203 | C15: =IFERROR(IF(LEN(INDEX(Metrics!$B$6:$E$70,ROW($A15)-ROW($A$5),MATCH(C$5,Metrics!$B$5:$E$5,0)))=0,"",INDEX(Metrics!$B$6:$E$70,ROW($A15)-ROW($A$5),MATCH(C$5,Metrics!$B$5:$E$5,0))),"") -> Cost and Investment | D15: =IFERROR(IF(LEN(INDEX(Metrics!$B$6:$E$70,ROW($A15)-ROW($A$5),MATCH(D$5,Metrics!$B$5:$E$5,0)))=0,"",INDEX(Metrics!$B$6:$E$70,ROW($A15)-ROW($A$5),MATCH(D$5,Metrics!$B$5:$E$5,0))),"") -> Recruitment Cost Ratio | E15: =IFERROR(IF(LEN(INDEX(Metrics!$B$6:$E$70,ROW($A15)-ROW($A$5),MATCH(E$5,Metrics!$B$5:$E$5,0)))=0,"",INDEX(Metrics!$B$6:$E$70,ROW($A15)-ROW($A$5),MATCH(E$5,Metrics!$B$5:$E$5,0))),"") -> % | F15: =IFERROR(IF(INDEX(Metrics!$G$6:$G$70,MATCH(CY_Actual_Cumulative!$D15,Metrics!$D$6:$D$70,0))=Calc!$K$8,SUM(CY_Actual!$F15:F15),AVERAGE(CY_Actual!$F15:F15)),"") -> 0.03 | G15: =IFERROR(IF(INDEX(Metrics!$G$6:$G$70,MATCH(CY_Actual_Cumulative!$D15,Metrics!$D$6:$D$70,0))=Calc!$K$8,SUM(CY_Actual!$F15:G15),AVERAGE(CY_Actual!$F15:G15)),"") -> 0.025 | H15: =IFERROR(IF(INDEX(Metrics!$G$6:$G$70,MATCH(CY_Actual_Cumulative!$D15,Metrics!$D$6:$D$70,0))=Calc!$K$8,SUM(CY_Actual!$F15:H15),AVERAGE(CY_Actual!$F15:H15)),"") -> 0.025 | I15: =IFERROR(IF(INDEX(Metrics!$G$6:$G$70,MATCH(CY_Actual_Cumulative!$D15,Metrics!$D$6:$D$70,0))=Calc!$K$8,SUM(CY_Actual!$F15:I15),AVERAGE(CY_Actual!$F15:I15)),"") -> 0.03125 | J15: =IFERROR(IF(INDEX(Metrics!$G$6:$G$70,MATCH(CY_Actual_Cumulative!$D15,Metrics!$D$6:$D$70,0))=Calc!$K$8,SUM(CY_Actual!$F15:J15),AVERAGE(CY_Actual!$F15:J15)),"") -> 0.029 | K15: =IFERROR(IF(INDEX(Metrics!$G$6:$G$70,MATCH(CY_Actual_Cumulative!$D15,Metrics!$D$6:$D$70,0))=Calc!$K$8,SUM(CY_Actual!$F15:K15),AVERAGE(CY_Actual!$F15:K15)),"") -> 0.029166667 | L15: =IFERROR(IF(INDEX(Metrics!$G$6:$G$70,MATCH(CY_Actual_Cumulative!$D15,Metrics!$D$6:$D$70,0))=Calc!$K$8,SUM(CY_Actual!$F15:L15),AVERAGE(CY_Actual!$F15:L15)),"") -> 0.029166667 | M15: =IFERROR(IF(INDEX(Metrics!$G$6:$G$70,MATCH(CY_Actual_Cumulative!$D15,Metrics!$D$6:$D$70,0))=Calc!$K$8,SUM(CY_Actual!$F15:M15),AVERAGE(CY_Actual!$F15:M15)),"") -> 0.029166667 | ... Q15: =IFERROR(IF(INDEX(Metrics!$G$6:$G$70,MATCH(CY_Actual_Cumulative!$D15,Metrics!$D$6:$D$70,0))=Calc!$K$8,SUM(CY_Actual!$F15:Q15),AVERAGE(CY_Actual!$F15:Q15)),"") -> 0.029166667
B16: =IFERROR(IF(LEN(INDEX(Metrics!$B$6:$E$70,ROW($A16)-ROW($A$5),MATCH(B$5,Metrics!$B$5:$E$5,0)))=0,"",INDEX(Metrics!$B$6:$E$70,ROW($A16)-ROW($A$5),MATCH(B$5,Metrics!$B$5:$E$5,0))),"") -> 204 | C16: =IFERROR(IF(LEN(INDEX(Metrics!$B$6:$E$70,ROW($A16)-ROW($A$5),MATCH(C$5,Metrics!$B$5:$E$5,0)))=0,"",INDEX(Metrics!$B$6:$E$70,ROW($A16)-ROW($A$5),MATCH(C$5,Metrics!$B$5:$E$5,0))),"") -> Cost and Investment | D16: =IFERROR(IF(LEN(INDEX(Metrics!$B$6:$E$70,ROW($A16)-ROW($A$5),MATCH(D$5,Metrics!$B$5:$E$5,0)))=0,"",INDEX(Metrics!$B$6:$E$70,ROW($A16)-ROW($A$5),MATCH(D$5,Metrics!$B$5:$E$5,0))),"") | E16: =IFERROR(IF(LEN(INDEX(Metrics!$B$6:$E$70,ROW($A16)-ROW($A$5),MATCH(E$5,Metrics!$B$5:$E$5,0)))=0,"",INDEX(Metrics!$B$6:$E$70,ROW($A16)-ROW($A$5),MATCH(E$5,Metrics!$B$5:$E$5,0))),"") | F16: =IFERROR(IF(INDEX(Metrics!$G$6:$G$70,MATCH(CY_Actual_Cumulative!$D16,Metrics!$D$6:$D$70,0))=Calc!$K$8,SUM(CY_Actual!$F16:F16),AVERAGE(CY_Actual!$F16:F16)),"") | G16: =IFERROR(IF(INDEX(Metrics!$G$6:$G$70,MATCH(CY_Actual_Cumulative!$D16,Metrics!$D$6:$D$70,0))=Calc!$K$8,SUM(CY_Actual!$F16:G16),AVERAGE(CY_Actual!$F16:G16)),"") | H16: =IFERROR(IF(INDEX(Metrics!$G$6:$G$70,MATCH(CY_Actual_Cumulative!$D16,Metrics!$D$6:$D$70,0))=Calc!$K$8,SUM(CY_Actual!$F16:H16),AVERAGE(CY_Actual!$F16:H16)),"") | I16: =IFERROR(IF(INDEX(Metrics!$G$6:$G$70,MATCH(CY_Actual_Cumulative!$D16,Metrics!$D$6:$D$70,0))=Calc!$K$8,SUM(CY_Actual!$F16:I16),AVERAGE(CY_Actual!$F16:I16)),"") | J16: =IFERROR(IF(INDEX(Metrics!$G$6:$G$70,MATCH(CY_Actual_Cumulative!$D16,Metrics!$D$6:$D$70,0))=Calc!$K$8,SUM(CY_Actual!$F16:J16),AVERAGE(CY_Actual!$F16:J16)),"") | K16: =IFERROR(IF(INDEX(Metrics!$G$6:$G$70,MATCH(CY_Actual_Cumulative!$D16,Metrics!$D$6:$D$70,0))=Calc!$K$8,SUM(CY_Actual!$F16:K16),AVERAGE(CY_Actual!$F16:K16)),"") | L16: =IFERROR(IF(INDEX(Metrics!$G$6:$G$70,MATCH(CY_Actual_Cumulative!$D16,Metrics!$D$6:$D$70,0))=Calc!$K$8,SUM(CY_Actual!$F16:L16),AVERAGE(CY_Actual!$F16:L16)),"") | M16: =IFERROR(IF(INDEX(Metrics!$G$6:$G$70,MATCH(CY_Actual_Cumulative!$D16,Metrics!$D$6:$D$70,0))=Calc!$K$8,SUM(CY_Actual!$F16:M16),AVERAGE(CY_Actual!$F16:M16)),"") | ... Q16: =IFERROR(IF(INDEX(Metrics!$G$6:$G$70,MATCH(CY_Actual_Cumulative!$D16,Metrics!$D$6:$D$70,0))=Calc!$K$8,SUM(CY_Actual!$F16:Q16),AVERAGE(CY_Actual!$F16:Q16)),"")
B17: =IFERROR(IF(LEN(INDEX(Metrics!$B$6:$E$70,ROW($A17)-ROW($A$5),MATCH(B$5,Metrics!$B$5:$E$5,0)))=0,"",INDEX(Metrics!$B$6:$E$70,ROW($A17)-ROW($A$5),MATCH(B$5,Metrics!$B$5:$E$5,0))),"") -> 205 | C17: =IFERROR(IF(LEN(INDEX(Metrics!$B$6:$E$70,ROW($A17)-ROW($A$5),MATCH(C$5,Metrics!$B$5:$E$5,0)))=0,"",INDEX(Metrics!$B$6:$E$70,ROW($A17)-ROW($A$5),MATCH(C$5,Metrics!$B$5:$E$5,0))),"") -> Cost and Investment | D17: =IFERROR(IF(LEN(INDEX(Metrics!$B$6:$E$70,ROW($A17)-ROW($A$5),MATCH(D$5,Metrics!$B$5:$E$5,0)))=0,"",INDEX(Metrics!$B$6:$E$70,ROW($A17)-ROW($A$5),MATCH(D$5,Metrics!$B$5:$E$5,0))),"") | E17: =IFERROR(IF(LEN(INDEX(Metrics!$B$6:$E$70,ROW($A17)-ROW($A$5),MATCH(E$5,Metrics!$B$5:$E$5,0)))=0,"",INDEX(Metrics!$B$6:$E$70,ROW($A17)-ROW($A$5),MATCH(E$5,Metrics!$B$5:$E$5,0))),"") | F17: =IFERROR(IF(INDEX(Metrics!$G$6:$G$70,MATCH(CY_Actual_Cumulative!$D17,Metrics!$D$6:$D$70,0))=Calc!$K$8,SUM(CY_Actual!$F17:F17),AVERAGE(CY_Actual!$F17:F17)),"") | G17: =IFERROR(IF(INDEX(Metrics!$G$6:$G$70,MATCH(CY_Actual_Cumulative!$D17,Metrics!$D$6:$D$70,0))=Calc!$K$8,SUM(CY_Actual!$F17:G17),AVERAGE(CY_Actual!$F17:G17)),"") | H17: =IFERROR(IF(INDEX(Metrics!$G$6:$G$70,MATCH(CY_Actual_Cumulative!$D17,Metrics!$D$6:$D$70,0))=Calc!$K$8,SUM(CY_Actual!$F17:H17),AVERAGE(CY_Actual!$F17:H17)),"") | I17: =IFERROR(IF(INDEX(Metrics!$G$6:$G$70,MATCH(CY_Actual_Cumulative!$D17,Metrics!$D$6:$D$70,0))=Calc!$K$8,SUM(CY_Actual!$F17:I17),AVERAGE(CY_Actual!$F17:I17)),"") | J17: =IFERROR(IF(INDEX(Metrics!$G$6:$G$70,MATCH(CY_Actual_Cumulative!$D17,Metrics!$D$6:$D$70,0))=Calc!$K$8,SUM(CY_Actual!$F17:J17),AVERAGE(CY_Actual!$F17:J17)),"") | K17: =IFERROR(IF(INDEX(Metrics!$G$6:$G$70,MATCH(CY_Actual_Cumulative!$D17,Metrics!$D$6:$D$70,0))=Calc!$K$8,SUM(CY_Actual!$F17:K17),AVERAGE(CY_Actual!$F17:K17)),"") | L17: =IFERROR(IF(INDEX(Metrics!$G$6:$G$70,MATCH(CY_Actual_Cumulative!$D17,Metrics!$D$6:$D$70,0))=Calc!$K$8,SUM(CY_Actual!$F17:L17),AVERAGE(CY_Actual!$F17:L17)),"") | M17: =IFERROR(IF(INDEX(Metrics!$G$6:$G$70,MATCH(CY_Actual_Cumulative!$D17,Metrics!$D$6:$D$70,0))=Calc!$K$8,SUM(CY_Actual!$F17:M17),AVERAGE(CY_Actual!$F17:M17)),"") | ... Q17: =IFERROR(IF(INDEX(Metrics!$G$6:$G$70,MATCH(CY_Actual_Cumulative!$D17,Metrics!$D$6:$D$70,0))=Calc!$K$8,SUM(CY_Actual!$F17:Q17),AVERAGE(CY_Actual!$F17:Q17)),"")
... B70: =IFERROR(IF(LEN(INDEX(Metrics!$B$6:$E$70,ROW($A70)-ROW($A$5),MATCH(B$5,Metrics!$B$5:$E$5,0)))=0,"",INDEX(Metrics!$B$6:$E$70,ROW($A70)-ROW($A$5),MATCH(B$5,Metrics!$B$5:$E$5,0))),"") | C70: =IFERROR(IF(LEN(INDEX(Metrics!$B$6:$E$70,ROW($A70)-ROW($A$5),MATCH(C$5,Metrics!$B$5:$E$5,0)))=0,"",INDEX(Metrics!$B$6:$E$70,ROW($A70)-ROW($A$5),MATCH(C$5,Metrics!$B$5:$E$5,0))),"") | D70: =IFERROR(IF(LEN(INDEX(Metrics!$B$6:$E$70,ROW($A70)-ROW($A$5),MATCH(D$5,Metrics!$B$5:$E$5,0)))=0,"",INDEX(Metrics!$B$6:$E$70,ROW($A70)-ROW($A$5),MATCH(D$5,Metrics!$B$5:$E$5,0))),"") | E70: =IFERROR(IF(LEN(INDEX(Metrics!$B$6:$E$70,ROW($A70)-ROW($A$5),MATCH(E$5,Metrics!$B$5:$E$5,0)))=0,"",INDEX(Metrics!$B$6:$E$70,ROW($A70)-ROW($A$5),MATCH(E$5,Metrics!$B$5:$E$5,0))),"") | F70: =IFERROR(IF(INDEX(Metrics!$G$6:$G$70,MATCH(CY_Actual_Cumulative!$D70,Metrics!$D$6:$D$70,0))=Calc!$K$8,SUM(CY_Actual!$F70:F70),AVERAGE(CY_Actual!$F70:F70)),"") | G70: =IFERROR(IF(INDEX(Metrics!$G$6:$G$70,MATCH(CY_Actual_Cumulative!$D70,Metrics!$D$6:$D$70,0))=Calc!$K$8,SUM(CY_Actual!$F70:G70),AVERAGE(CY_Actual!$F70:G70)),"") | H70: =IFERROR(IF(INDEX(Metrics!$G$6:$G$70,MATCH(CY_Actual_Cumulative!$D70,Metrics!$D$6:$D$70,0))=Calc!$K$8,SUM(CY_Actual!$F70:H70),AVERAGE(CY_Actual!$F70:H70)),"") | I70: =IFERROR(IF(INDEX(Metrics!$G$6:$G$70,MATCH(CY_Actual_Cumulative!$D70,Metrics!$D$6:$D$70,0))=Calc!$K$8,SUM(CY_Actual!$F70:I70),AVERAGE(CY_Actual!$F70:I70)),"") | J70: =IFERROR(IF(INDEX(Metrics!$G$6:$G$70,MATCH(CY_Actual_Cumulative!$D70,Metrics!$D$6:$D$70,0))=Calc!$K$8,SUM(CY_Actual!$F70:J70),AVERAGE(CY_Actual!$F70:J70)),"") | K70: =IFERROR(IF(INDEX(Metrics!$G$6:$G$70,MATCH(CY_Actual_Cumulative!$D70,Metrics!$D$6:$D$70,0))=Calc!$K$8,SUM(CY_Actual!$F70:K70),AVERAGE(CY_Actual!$F70:K70)),"") | L70: =IFERROR(IF(INDEX(Metrics!$G$6:$G$70,MATCH(CY_Actual_Cumulative!$D70,Metrics!$D$6:$D$70,0))=Calc!$K$8,SUM(CY_Actual!$F70:L70),AVERAGE(CY_Actual!$F70:L70)),"") | M70: =IFERROR(IF(INDEX(Metrics!$G$6:$G$70,MATCH(CY_Actual_Cumulative!$D70,Metrics!$D$6:$D$70,0))=Calc!$K$8,SUM(CY_Actual!$F70:M70),AVERAGE(CY_Actual!$F70:M70)),"") | ... Q70: =IFERROR(IF(INDEX(Metrics!$G$6:$G$70,MATCH(CY_Actual_Cumulative!$D70,Metrics!$D$6:$D$70,0))=Calc!$K$8,SUM(CY_Actual!$F70:Q70),AVERAGE(CY_Actual!$F70:Q70)),"")

Sheet CY_Target_Cumulative
C2: RECRUITMENT KPI DASHBOARD
C3: CURRENT YEAR TARGETS - CUMULATIVE
B5: KPI Code | C5: KPI Group | D5: Criteria | E5: Unit | F5: =IFERROR(INDEX(Calc!$H$7:$H$18,COLUMN(CY_Target_Cumulative!F4)-COLUMN(CY_Target_Cumulative!$E$4)),"") -> Jan 2024 | G5: =IFERROR(INDEX(Calc!$H$7:$H$18,COLUMN(CY_Target_Cumulative!G4)-COLUMN(CY_Target_Cumulative!$E$4)),"") -> Feb 2024 | H5: =IFERROR(INDEX(Calc!$H$7:$H$18,COLUMN(CY_Target_Cumulative!H4)-COLUMN(CY_Target_Cumulative!$E$4)),"") -> Mar 2024 | I5: =IFERROR(INDEX(Calc!$H$7:$H$18,COLUMN(CY_Target_Cumulative!I4)-COLUMN(CY_Target_Cumulative!$E$4)),"") -> Apr 2024 | J5: =IFERROR(INDEX(Calc!$H$7:$H$18,COLUMN(CY_Target_Cumulative!J4)-COLUMN(CY_Target_Cumulative!$E$4)),"") -> May 2024 | K5: =IFERROR(INDEX(Calc!$H$7:$H$18,COLUMN(CY_Target_Cumulative!K4)-COLUMN(CY_Target_Cumulative!$E$4)),"") -> Jun 2024 | L5: =IFERROR(INDEX(Calc!$H$7:$H$18,COLUMN(CY_Target_Cumulative!L4)-COLUMN(CY_Target_Cumulative!$E$4)),"") -> Jul 2024 | M5: =IFERROR(INDEX(Calc!$H$7:$H$18,COLUMN(CY_Target_Cumulative!M4)-COLUMN(CY_Target_Cumulative!$E$4)),"") -> Aug 2024 | ... Q5: =IFERROR(INDEX(Calc!$H$7:$H$18,COLUMN(CY_Target_Cumulative!Q4)-COLUMN(CY_Target_Cumulative!$E$4)),"") -> Dec 2024
B6: =IFERROR(IF(LEN(INDEX(Metrics!$B$6:$E$70,ROW($A6)-ROW($A$5),MATCH(B$5,Metrics!$B$5:$E$5,0)))=0,"",INDEX(Metrics!$B$6:$E$70,ROW($A6)-ROW($A$5),MATCH(B$5,Metrics!$B$5:$E$5,0))),"") -> 101 | C6: =IFERROR(IF(LEN(INDEX(Metrics!$B$6:$E$70,ROW($A6)-ROW($A$5),MATCH(C$5,Metrics!$B$5:$E$5,0)))=0,"",INDEX(Metrics!$B$6:$E$70,ROW($A6)-ROW($A$5),MATCH(C$5,Metrics!$B$5:$E$5,0))),"") -> Efficiency and Speed | D6: =IFERROR(IF(LEN(INDEX(Metrics!$B$6:$E$70,ROW($A6)-ROW($A$5),MATCH(D$5,Metrics!$B$5:$E$5,0)))=0,"",INDEX(Metrics!$B$6:$E$70,ROW($A6)-ROW($A$5),MATCH(D$5,Metrics!$B$5:$E$5,0))),"") -> Time to Fill | E6: =IFERROR(IF(LEN(INDEX(Metrics!$B$6:$E$70,ROW($A6)-ROW($A$5),MATCH(E$5,Metrics!$B$5:$E$5,0)))=0,"",INDEX(Metrics!$B$6:$E$70,ROW($A6)-ROW($A$5),MATCH(E$5,Metrics!$B$5:$E$5,0))),"") -> Days | F6: =IFERROR(IF(INDEX(Metrics!$G$6:$G$70,MATCH(CY_Target_Cumulative!$D6,Metrics!$D$6:$D$70,0))=Calc!$K$8,SUM(CY_Target!$F6:F6),AVERAGE(CY_Target!$F6:F6)),"") -> 40 | G6: =IFERROR(IF(INDEX(Metrics!$G$6:$G$70,MATCH(CY_Target_Cumulative!$D6,Metrics!$D$6:$D$70,0))=Calc!$K$8,SUM(CY_Target!$F6:G6),AVERAGE(CY_Target!$F6:G6)),"") -> 40 | H6: =IFERROR(IF(INDEX(Metrics!$G$6:$G$70,MATCH(CY_Target_Cumulative!$D6,Metrics!$D$6:$D$70,0))=Calc!$K$8,SUM(CY_Target!$F6:H6),AVERAGE(CY_Target!$F6:H6)),"") -> 40 | I6: =IFERROR(IF(INDEX(Metrics!$G$6:$G$70,MATCH(CY_Target_Cumulative!$D6,Metrics!$D$6:$D$70,0))=Calc!$K$8,SUM(CY_Target!$F6:I6),AVERAGE(CY_Target!$F6:I6)),"") -> 40 | J6: =IFERROR(IF(INDEX(Metrics!$G$6:$G$70,MATCH(CY_Target_Cumulative!$D6,Metrics!$D$6:$D$70,0))=Calc!$K$8,SUM(CY_Target!$F6:J6),AVERAGE(CY_Target!$F6:J6)),"") -> 40 | K6: =IFERROR(IF(INDEX(Metrics!$G$6:$G$70,MATCH(CY_Target_Cumulative!$D6,Metrics!$D$6:$D$70,0))=Calc!$K$8,SUM(CY_Target!$F6:K6),AVERAGE(CY_Target!$F6:K6)),"") -> 40 | L6: =IFERROR(IF(INDEX(Metrics!$G$6:$G$70,MATCH(CY_Target_Cumulative!$D6,Metrics!$D$6:$D$70,0))=Calc!$K$8,SUM(CY_Target!$F6:L6),AVERAGE(CY_Target!$F6:L6)),"") -> 40 | M6: =IFERROR(IF(INDEX(Metrics!$G$6:$G$70,MATCH(CY_Target_Cumulative!$D6,Metrics!$D$6:$D$70,0))=Calc!$K$8,SUM(CY_Target!$F6:M6),AVERAGE(CY_Target!$F6:M6)),"") -> 40 | ... Q6: =IFERROR(IF(INDEX(Metrics!$G$6:$G$70,MATCH(CY_Target_Cumulative!$D6,Metrics!$D$6:$D$70,0))=Calc!$K$8,SUM(CY_Target!$F6:Q6),AVERAGE(CY_Target!$F6:Q6)),"") -> 40
B7: =IFERROR(IF(LEN(INDEX(Metrics!$B$6:$E$70,ROW($A7)-ROW($A$5),MATCH(B$5,Metrics!$B$5:$E$5,0)))=0,"",INDEX(Metrics!$B$6:$E$70,ROW($A7)-ROW($A$5),MATCH(B$5,Metrics!$B$5:$E$5,0))),"") -> 102 | C7: =IFERROR(IF(LEN(INDEX(Metrics!$B$6:$E$70,ROW($A7)-ROW($A$5),MATCH(C$5,Metrics!$B$5:$E$5,0)))=0,"",INDEX(Metrics!$B$6:$E$70,ROW($A7)-ROW($A$5),MATCH(C$5,Metrics!$B$5:$E$5,0))),"") -> Efficiency and Speed | D7: =IFERROR(IF(LEN(INDEX(Metrics!$B$6:$E$70,ROW($A7)-ROW($A$5),MATCH(D$5,Metrics!$B$5:$E$5,0)))=0,"",INDEX(Metrics!$B$6:$E$70,ROW($A7)-ROW($A$5),MATCH(D$5,Metrics!$B$5:$E$5,0))),"") -> Time to Hire | E7: =IFERROR(IF(LEN(INDEX(Metrics!$B$6:$E$70,ROW($A7)-ROW($A$5),MATCH(E$5,Metrics!$B$5:$E$5,0)))=0,"",INDEX(Metrics!$B$6:$E$70,ROW($A7)-ROW($A$5),MATCH(E$5,Metrics!$B$5:$E$5,0))),"") -> Days | F7: =IFERROR(IF(INDEX(Metrics!$G$6:$G$70,MATCH(CY_Target_Cumulative!$D7,Metrics!$D$6:$D$70,0))=Calc!$K$8,SUM(CY_Target!$F7:F7),AVERAGE(CY_Target!$F7:F7)),"") -> 15 | G7: =IFERROR(IF(INDEX(Metrics!$G$6:$G$70,MATCH(CY_Target_Cumulative!$D7,Metrics!$D$6:$D$70,0))=Calc!$K$8,SUM(CY_Target!$F7:G7),AVERAGE(CY_Target!$F7:G7)),"") -> 15 | H7: =IFERROR(IF(INDEX(Metrics!$G$6:$G$70,MATCH(CY_Target_Cumulative!$D7,Metrics!$D$6:$D$70,0))=Calc!$K$8,SUM(CY_Target!$F7:H7),AVERAGE(CY_Target!$F7:H7)),"") -> 15 | I7: =IFERROR(IF(INDEX(Metrics!$G$6:$G$70,MATCH(CY_Target_Cumulative!$D7,Metrics!$D$6:$D$70,0))=Calc!$K$8,SUM(CY_Target!$F7:I7),AVERAGE(CY_Target!$F7:I7)),"") -> 15 | J7: =IFERROR(IF(INDEX(Metrics!$G$6:$G$70,MATCH(CY_Target_Cumulative!$D7,Metrics!$D$6:$D$70,0))=Calc!$K$8,SUM(CY_Target!$F7:J7),AVERAGE(CY_Target!$F7:J7)),"") -> 15 | K7: =IFERROR(IF(INDEX(Metrics!$G$6:$G$70,MATCH(CY_Target_Cumulative!$D7,Metrics!$D$6:$D$70,0))=Calc!$K$8,SUM(CY_Target!$F7:K7),AVERAGE(CY_Target!$F7:K7)),"") -> 15 | L7: =IFERROR(IF(INDEX(Metrics!$G$6:$G$70,MATCH(CY_Target_Cumulative!$D7,Metrics!$D$6:$D$70,0))=Calc!$K$8,SUM(CY_Target!$F7:L7),AVERAGE(CY_Target!$F7:L7)),"") -> 15 | M7: =IFERROR(IF(INDEX(Metrics!$G$6:$G$70,MATCH(CY_Target_Cumulative!$D7,Metrics!$D$6:$D$70,0))=Calc!$K$8,SUM(CY_Target!$F7:M7),AVERAGE(CY_Target!$F7:M7)),"") -> 15 | ... Q7: =IFERROR(IF(INDEX(Metrics!$G$6:$G$70,MATCH(CY_Target_Cumulative!$D7,Metrics!$D$6:$D$70,0))=Calc!$K$8,SUM(CY_Target!$F7:Q7),AVERAGE(CY_Target!$F7:Q7)),"") -> 15
B8: =IFERROR(IF(LEN(INDEX(Metrics!$B$6:$E$70,ROW($A8)-ROW($A$5),MATCH(B$5,Metrics!$B$5:$E$5,0)))=0,"",INDEX(Metrics!$B$6:$E$70,ROW($A8)-ROW($A$5),MATCH(B$5,Metrics!$B$5:$E$5,0))),"") -> 103 | C8: =IFERROR(IF(LEN(INDEX(Metrics!$B$6:$E$70,ROW($A8)-ROW($A$5),MATCH(C$5,Metrics!$B$5:$E$5,0)))=0,"",INDEX(Metrics!$B$6:$E$70,ROW($A8)-ROW($A$5),MATCH(C$5,Metrics!$B$5:$E$5,0))),"") -> Efficiency and Speed | D8: =IFERROR(IF(LEN(INDEX(Metrics!$B$6:$E$70,ROW($A8)-ROW($A$5),MATCH(D$5,Metrics!$B$5:$E$5,0)))=0,"",INDEX(Metrics!$B$6:$E$70,ROW($A8)-ROW($A$5),MATCH(D$5,Metrics!$B$5:$E$5,0))),"") -> Hiring Velocity | E8: =IFERROR(IF(LEN(INDEX(Metrics!$B$6:$E$70,ROW($A8)-ROW($A$5),MATCH(E$5,Metrics!$B$5:$E$5,0)))=0,"",INDEX(Metrics!$B$6:$E$70,ROW($A8)-ROW($A$5),MATCH(E$5,Metrics!$B$5:$E$5,0))),"") -> % | F8: =IFERROR(IF(INDEX(Metrics!$G$6:$G$70,MATCH(CY_Target_Cumulative!$D8,Metrics!$D$6:$D$70,0))=Calc!$K$8,SUM(CY_Target!$F8:F8),AVERAGE(CY_Target!$F8:F8)),"") -> 0.02 | G8: =IFERROR(IF(INDEX(Metrics!$G$6:$G$70,MATCH(CY_Target_Cumulative!$D8,Metrics!$D$6:$D$70,0))=Calc!$K$8,SUM(CY_Target!$F8:G8),AVERAGE(CY_Target!$F8:G8)),"") -> 0.02 | H8: =IFERROR(IF(INDEX(Metrics!$G$6:$G$70,MATCH(CY_Target_Cumulative!$D8,Metrics!$D$6:$D$70,0))=Calc!$K$8,SUM(CY_Target!$F8:H8),AVERAGE(CY_Target!$F8:H8)),"") -> 0.02 | I8: =IFERROR(IF(INDEX(Metrics!$G$6:$G$70,MATCH(CY_Target_Cumulative!$D8,Metrics!$D$6:$D$70,0))=Calc!$K$8,SUM(CY_Target!$F8:I8),AVERAGE(CY_Target!$F8:I8)),"") -> 0.02 | J8: =IFERROR(IF(INDEX(Metrics!$G$6:$G$70,MATCH(CY_Target_Cumulative!$D8,Metrics!$D$6:$D$70,0))=Calc!$K$8,SUM(CY_Target!$F8:J8),AVERAGE(CY_Target!$F8:J8)),"") -> 0.02 | K8: =IFERROR(IF(INDEX(Metrics!$G$6:$G$70,MATCH(CY_Target_Cumulative!$D8,Metrics!$D$6:$D$70,0))=Calc!$K$8,SUM(CY_Target!$F8:K8),AVERAGE(CY_Target!$F8:K8)),"") -> 0.02 | L8: =IFERROR(IF(INDEX(Metrics!$G$6:$G$70,MATCH(CY_Target_Cumulative!$D8,Metrics!$D$6:$D$70,0))=Calc!$K$8,SUM(CY_Target!$F8:L8),AVERAGE(CY_Target!$F8:L8)),"") -> 0.02 | M8: =IFERROR(IF(INDEX(Metrics!$G$6:$G$70,MATCH(CY_Target_Cumulative!$D8,Metrics!$D$6:$D$70,0))=Calc!$K$8,SUM(CY_Target!$F8:M8),AVERAGE(CY_Target!$F8:M8)),"") -> 0.02 | ... Q8: =IFERROR(IF(INDEX(Metrics!$G$6:$G$70,MATCH(CY_Target_Cumulative!$D8,Metrics!$D$6:$D$70,0))=Calc!$K$8,SUM(CY_Target!$F8:Q8),AVERAGE(CY_Target!$F8:Q8)),"") -> 0.02
B9: =IFERROR(IF(LEN(INDEX(Metrics!$B$6:$E$70,ROW($A9)-ROW($A$5),MATCH(B$5,Metrics!$B$5:$E$5,0)))=0,"",INDEX(Metrics!$B$6:$E$70,ROW($A9)-ROW($A$5),MATCH(B$5,Metrics!$B$5:$E$5,0))),"") -> 104 | C9: =IFERROR(IF(LEN(INDEX(Metrics!$B$6:$E$70,ROW($A9)-ROW($A$5),MATCH(C$5,Metrics!$B$5:$E$5,0)))=0,"",INDEX(Metrics!$B$6:$E$70,ROW($A9)-ROW($A$5),MATCH(C$5,Metrics!$B$5:$E$5,0))),"") -> Efficiency and Speed | D9: =IFERROR(IF(LEN(INDEX(Metrics!$B$6:$E$70,ROW($A9)-ROW($A$5),MATCH(D$5,Metrics!$B$5:$E$5,0)))=0,"",INDEX(Metrics!$B$6:$E$70,ROW($A9)-ROW($A$5),MATCH(D$5,Metrics!$B$5:$E$5,0))),"") -> Average Interview Duration | E9: =IFERROR(IF(LEN(INDEX(Metrics!$B$6:$E$70,ROW($A9)-ROW($A$5),MATCH(E$5,Metrics!$B$5:$E$5,0)))=0,"",INDEX(Metrics!$B$6:$E$70,ROW($A9)-ROW($A$5),MATCH(E$5,Metrics!$B$5:$E$5,0))),"") -> Minutes | F9: =IFERROR(IF(INDEX(Metrics!$G$6:$G$70,MATCH(CY_Target_Cumulative!$D9,Metrics!$D$6:$D$70,0))=Calc!$K$8,SUM(CY_Target!$F9:F9),AVERAGE(CY_Target!$F9:F9)),"") -> 40 | G9: =IFERROR(IF(INDEX(Metrics!$G$6:$G$70,MATCH(CY_Target_Cumulative!$D9,Metrics!$D$6:$D$70,0))=Calc!$K$8,SUM(CY_Target!$F9:G9),AVERAGE(CY_Target!$F9:G9)),"") -> 40 | H9: =IFERROR(IF(INDEX(Metrics!$G$6:$G$70,MATCH(CY_Target_Cumulative!$D9,Metrics!$D$6:$D$70,0))=Calc!$K$8,SUM(CY_Target!$F9:H9),AVERAGE(CY_Target!$F9:H9)),"") -> 40 | I9: =IFERROR(IF(INDEX(Metrics!$G$6:$G$70,MATCH(CY_Target_Cumulative!$D9,Metrics!$D$6:$D$70,0))=Calc!$K$8,SUM(CY_Target!$F9:I9),AVERAGE(CY_Target!$F9:I9)),"") -> 40 | J9: =IFERROR(IF(INDEX(Metrics!$G$6:$G$70,MATCH(CY_Target_Cumulative!$D9,Metrics!$D$6:$D$70,0))=Calc!$K$8,SUM(CY_Target!$F9:J9),AVERAGE(CY_Target!$F9:J9)),"") -> 40 | K9: =IFERROR(IF(INDEX(Metrics!$G$6:$G$70,MATCH(CY_Target_Cumulative!$D9,Metrics!$D$6:$D$70,0))=Calc!$K$8,SUM(CY_Target!$F9:K9),AVERAGE(CY_Target!$F9:K9)),"") -> 40 | L9: =IFERROR(IF(INDEX(Metrics!$G$6:$G$70,MATCH(CY_Target_Cumulative!$D9,Metrics!$D$6:$D$70,0))=Calc!$K$8,SUM(CY_Target!$F9:L9),AVERAGE(CY_Target!$F9:L9)),"") -> 40 | M9: =IFERROR(IF(INDEX(Metrics!$G$6:$G$70,MATCH(CY_Target_Cumulative!$D9,Metrics!$D$6:$D$70,0))=Calc!$K$8,SUM(CY_Target!$F9:M9),AVERAGE(CY_Target!$F9:M9)),"") -> 40 | ... Q9: =IFERROR(IF(INDEX(Metrics!$G$6:$G$70,MATCH(CY_Target_Cumulative!$D9,Metrics!$D$6:$D$70,0))=Calc!$K$8,SUM(CY_Target!$F9:Q9),AVERAGE(CY_Target!$F9:Q9)),"") -> 40
B10: =IFERROR(IF(LEN(INDEX(Metrics!$B$6:$E$70,ROW($A10)-ROW($A$5),MATCH(B$5,Metrics!$B$5:$E$5,0)))=0,"",INDEX(Metrics!$B$6:$E$70,ROW($A10)-ROW($A$5),MATCH(B$5,Metrics!$B$5:$E$5,0))),"") -> 105 | C10: =IFERROR(IF(LEN(INDEX(Metrics!$B$6:$E$70,ROW($A10)-ROW($A$5),MATCH(C$5,Metrics!$B$5:$E$5,0)))=0,"",INDEX(Metrics!$B$6:$E$70,ROW($A10)-ROW($A$5),MATCH(C$5,Metrics!$B$5:$E$5,0))),"") -> Efficiency and Speed | D10: =IFERROR(IF(LEN(INDEX(Metrics!$B$6:$E$70,ROW($A10)-ROW($A$5),MATCH(D$5,Metrics!$B$5:$E$5,0)))=0,"",INDEX(Metrics!$B$6:$E$70,ROW($A10)-ROW($A$5),MATCH(D$5,Metrics!$B$5:$E$5,0))),"") -> Screening Efficiency | E10: =IFERROR(IF(LEN(INDEX(Metrics!$B$6:$E$70,ROW($A10)-ROW($A$5),MATCH(E$5,Metrics!$B$5:$E$5,0)))=0,"",INDEX(Metrics!$B$6:$E$70,ROW($A10)-ROW($A$5),MATCH(E$5,Metrics!$B$5:$E$5,0))),"") -> % | F10: =IFERROR(IF(INDEX(Metrics!$G$6:$G$70,MATCH(CY_Target_Cumulative!$D10,Metrics!$D$6:$D$70,0))=Calc!$K$8,SUM(CY_Target!$F10:F10),AVERAGE(CY_Target!$F10:F10)),"") -> 0.2 | G10: =IFERROR(IF(INDEX(Metrics!$G$6:$G$70,MATCH(CY_Target_Cumulative!$D10,Metrics!$D$6:$D$70,0))=Calc!$K$8,SUM(CY_Target!$F10:G10),AVERAGE(CY_Target!$F10:G10)),"") -> 0.2 | H10: =IFERROR(IF(INDEX(Metrics!$G$6:$G$70,MATCH(CY_Target_Cumulative!$D10,Metrics!$D$6:$D$70,0))=Calc!$K$8,SUM(CY_Target!$F10:H10),AVERAGE(CY_Target!$F10:H10)),"") -> 0.2 | I10: =IFERROR(IF(INDEX(Metrics!$G$6:$G$70,MATCH(CY_Target_Cumulative!$D10,Metrics!$D$6:$D$70,0))=Calc!$K$8,SUM(CY_Target!$F10:I10),AVERAGE(CY_Target!$F10:I10)),"") -> 0.2 | J10: =IFERROR(IF(INDEX(Metrics!$G$6:$G$70,MATCH(CY_Target_Cumulative!$D10,Metrics!$D$6:$D$70,0))=Calc!$K$8,SUM(CY_Target!$F10:J10),AVERAGE(CY_Target!$F10:J10)),"") -> 0.2 | K10: =IFERROR(IF(INDEX(Metrics!$G$6:$G$70,MATCH(CY_Target_Cumulative!$D10,Metrics!$D$6:$D$70,0))=Calc!$K$8,SUM(CY_Target!$F10:K10),AVERAGE(CY_Target!$F10:K10)),"") -> 0.2 | L10: =IFERROR(IF(INDEX(Metrics!$G$6:$G$70,MATCH(CY_Target_Cumulative!$D10,Metrics!$D$6:$D$70,0))=Calc!$K$8,SUM(CY_Target!$F10:L10),AVERAGE(CY_Target!$F10:L10)),"") -> 0.2 | M10: =IFERROR(IF(INDEX(Metrics!$G$6:$G$70,MATCH(CY_Target_Cumulative!$D10,Metrics!$D$6:$D$70,0))=Calc!$K$8,SUM(CY_Target!$F10:M10),AVERAGE(CY_Target!$F10:M10)),"") -> 0.2 | ... Q10: =IFERROR(IF(INDEX(Metrics!$G$6:$G$70,MATCH(CY_Target_Cumulative!$D10,Metrics!$D$6:$D$70,0))=Calc!$K$8,SUM(CY_Target!$F10:Q10),AVERAGE(CY_Target!$F10:Q10)),"") -> 0.2
B11: =IFERROR(IF(LEN(INDEX(Metrics!$B$6:$E$70,ROW($A11)-ROW($A$5),MATCH(B$5,Metrics!$B$5:$E$5,0)))=0,"",INDEX(Metrics!$B$6:$E$70,ROW($A11)-ROW($A$5),MATCH(B$5,Metrics!$B$5:$E$5,0))),"") -> 106 | C11: =IFERROR(IF(LEN(INDEX(Metrics!$B$6:$E$70,ROW($A11)-ROW($A$5),MATCH(C$5,Metrics!$B$5:$E$5,0)))=0,"",INDEX(Metrics!$B$6:$E$70,ROW($A11)-ROW($A$5),MATCH(C$5,Metrics!$B$5:$E$5,0))),"") -> Efficiency and Speed | D11: =IFERROR(IF(LEN(INDEX(Metrics!$B$6:$E$70,ROW($A11)-ROW($A$5),MATCH(D$5,Metrics!$B$5:$E$5,0)))=0,"",INDEX(Metrics!$B$6:$E$70,ROW($A11)-ROW($A$5),MATCH(D$5,Metrics!$B$5:$E$5,0))),"") | E11: =IFERROR(IF(LEN(INDEX(Metrics!$B$6:$E$70,ROW($A11)-ROW($A$5),MATCH(E$5,Metrics!$B$5:$E$5,0)))=0,"",INDEX(Metrics!$B$6:$E$70,ROW($A11)-ROW($A$5),MATCH(E$5,Metrics!$B$5:$E$5,0))),"") | F11: =IFERROR(IF(INDEX(Metrics!$G$6:$G$70,MATCH(CY_Target_Cumulative!$D11,Metrics!$D$6:$D$70,0))=Calc!$K$8,SUM(CY_Target!$F11:F11),AVERAGE(CY_Target!$F11:F11)),"") | G11: =IFERROR(IF(INDEX(Metrics!$G$6:$G$70,MATCH(CY_Target_Cumulative!$D11,Metrics!$D$6:$D$70,0))=Calc!$K$8,SUM(CY_Target!$F11:G11),AVERAGE(CY_Target!$F11:G11)),"") | H11: =IFERROR(IF(INDEX(Metrics!$G$6:$G$70,MATCH(CY_Target_Cumulative!$D11,Metrics!$D$6:$D$70,0))=Calc!$K$8,SUM(CY_Target!$F11:H11),AVERAGE(CY_Target!$F11:H11)),"") | I11: =IFERROR(IF(INDEX(Metrics!$G$6:$G$70,MATCH(CY_Target_Cumulative!$D11,Metrics!$D$6:$D$70,0))=Calc!$K$8,SUM(CY_Target!$F11:I11),AVERAGE(CY_Target!$F11:I11)),"") | J11: =IFERROR(IF(INDEX(Metrics!$G$6:$G$70,MATCH(CY_Target_Cumulative!$D11,Metrics!$D$6:$D$70,0))=Calc!$K$8,SUM(CY_Target!$F11:J11),AVERAGE(CY_Target!$F11:J11)),"") | K11: =IFERROR(IF(INDEX(Metrics!$G$6:$G$70,MATCH(CY_Target_Cumulative!$D11,Metrics!$D$6:$D$70,0))=Calc!$K$8,SUM(CY_Target!$F11:K11),AVERAGE(CY_Target!$F11:K11)),"") | L11: =IFERROR(IF(INDEX(Metrics!$G$6:$G$70,MATCH(CY_Target_Cumulative!$D11,Metrics!$D$6:$D$70,0))=Calc!$K$8,SUM(CY_Target!$F11:L11),AVERAGE(CY_Target!$F11:L11)),"") | M11: =IFERROR(IF(INDEX(Metrics!$G$6:$G$70,MATCH(CY_Target_Cumulative!$D11,Metrics!$D$6:$D$70,0))=Calc!$K$8,SUM(CY_Target!$F11:M11),AVERAGE(CY_Target!$F11:M11)),"") | ... Q11: =IFERROR(IF(INDEX(Metrics!$G$6:$G$70,MATCH(CY_Target_Cumulative!$D11,Metrics!$D$6:$D$70,0))=Calc!$K$8,SUM(CY_Target!$F11:Q11),AVERAGE(CY_Target!$F11:Q11)),"")
B12: =IFERROR(IF(LEN(INDEX(Metrics!$B$6:$E$70,ROW($A12)-ROW($A$5),MATCH(B$5,Metrics!$B$5:$E$5,0)))=0,"",INDEX(Metrics!$B$6:$E$70,ROW($A12)-ROW($A$5),MATCH(B$5,Metrics!$B$5:$E$5,0))),"") -> 107 | C12: =IFERROR(IF(LEN(INDEX(Metrics!$B$6:$E$70,ROW($A12)-ROW($A$5),MATCH(C$5,Metrics!$B$5:$E$5,0)))=0,"",INDEX(Metrics!$B$6:$E$70,ROW($A12)-ROW($A$5),MATCH(C$5,Metrics!$B$5:$E$5,0))),"") -> Efficiency and Speed | D12: =IFERROR(IF(LEN(INDEX(Metrics!$B$6:$E$70,ROW($A12)-ROW($A$5),MATCH(D$5,Metrics!$B$5:$E$5,0)))=0,"",INDEX(Metrics!$B$6:$E$70,ROW($A12)-ROW($A$5),MATCH(D$5,Metrics!$B$5:$E$5,0))),"") | E12: =IFERROR(IF(LEN(INDEX(Metrics!$B$6:$E$70,ROW($A12)-ROW($A$5),MATCH(E$5,Metrics!$B$5:$E$5,0)))=0,"",INDEX(Metrics!$B$6:$E$70,ROW($A12)-ROW($A$5),MATCH(E$5,Metrics!$B$5:$E$5,0))),"") | F12: =IFERROR(IF(INDEX(Metrics!$G$6:$G$70,MATCH(CY_Target_Cumulative!$D12,Metrics!$D$6:$D$70,0))=Calc!$K$8,SUM(CY_Target!$F12:F12),AVERAGE(CY_Target!$F12:F12)),"") | G12: =IFERROR(IF(INDEX(Metrics!$G$6:$G$70,MATCH(CY_Target_Cumulative!$D12,Metrics!$D$6:$D$70,0))=Calc!$K$8,SUM(CY_Target!$F12:G12),AVERAGE(CY_Target!$F12:G12)),"") | H12: =IFERROR(IF(INDEX(Metrics!$G$6:$G$70,MATCH(CY_Target_Cumulative!$D12,Metrics!$D$6:$D$70,0))=Calc!$K$8,SUM(CY_Target!$F12:H12),AVERAGE(CY_Target!$F12:H12)),"") | I12: =IFERROR(IF(INDEX(Metrics!$G$6:$G$70,MATCH(CY_Target_Cumulative!$D12,Metrics!$D$6:$D$70,0))=Calc!$K$8,SUM(CY_Target!$F12:I12),AVERAGE(CY_Target!$F12:I12)),"") | J12: =IFERROR(IF(INDEX(Metrics!$G$6:$G$70,MATCH(CY_Target_Cumulative!$D12,Metrics!$D$6:$D$70,0))=Calc!$K$8,SUM(CY_Target!$F12:J12),AVERAGE(CY_Target!$F12:J12)),"") | K12: =IFERROR(IF(INDEX(Metrics!$G$6:$G$70,MATCH(CY_Target_Cumulative!$D12,Metrics!$D$6:$D$70,0))=Calc!$K$8,SUM(CY_Target!$F12:K12),AVERAGE(CY_Target!$F12:K12)),"") | L12: =IFERROR(IF(INDEX(Metrics!$G$6:$G$70,MATCH(CY_Target_Cumulative!$D12,Metrics!$D$6:$D$70,0))=Calc!$K$8,SUM(CY_Target!$F12:L12),AVERAGE(CY_Target!$F12:L12)),"") | M12: =IFERROR(IF(INDEX(Metrics!$G$6:$G$70,MATCH(CY_Target_Cumulative!$D12,Metrics!$D$6:$D$70,0))=Calc!$K$8,SUM(CY_Target!$F12:M12),AVERAGE(CY_Target!$F12:M12)),"") | ... Q12: =IFERROR(IF(INDEX(Metrics!$G$6:$G$70,MATCH(CY_Target_Cumulative!$D12,Metrics!$D$6:$D$70,0))=Calc!$K$8,SUM(CY_Target!$F12:Q12),AVERAGE(CY_Target!$F12:Q12)),"")
B13: =IFERROR(IF(LEN(INDEX(Metrics!$B$6:$E$70,ROW($A13)-ROW($A$5),MATCH(B$5,Metrics!$B$5:$E$5,0)))=0,"",INDEX(Metrics!$B$6:$E$70,ROW($A13)-ROW($A$5),MATCH(B$5,Metrics!$B$5:$E$5,0))),"") -> 201 | C13: =IFERROR(IF(LEN(INDEX(Metrics!$B$6:$E$70,ROW($A13)-ROW($A$5),MATCH(C$5,Metrics!$B$5:$E$5,0)))=0,"",INDEX(Metrics!$B$6:$E$70,ROW($A13)-ROW($A$5),MATCH(C$5,Metrics!$B$5:$E$5,0))),"") -> Cost and Investment | D13: =IFERROR(IF(LEN(INDEX(Metrics!$B$6:$E$70,ROW($A13)-ROW($A$5),MATCH(D$5,Metrics!$B$5:$E$5,0)))=0,"",INDEX(Metrics!$B$6:$E$70,ROW($A13)-ROW($A$5),MATCH(D$5,Metrics!$B$5:$E$5,0))),"") -> Cost per Hire | E13: =IFERROR(IF(LEN(INDEX(Metrics!$B$6:$E$70,ROW($A13)-ROW($A$5),MATCH(E$5,Metrics!$B$5:$E$5,0)))=0,"",INDEX(Metrics!$B$6:$E$70,ROW($A13)-ROW($A$5),MATCH(E$5,Metrics!$B$5:$E$5,0))),"") -> USD | F13: =IFERROR(IF(INDEX(Metrics!$G$6:$G$70,MATCH(CY_Target_Cumulative!$D13,Metrics!$D$6:$D$70,0))=Calc!$K$8,SUM(CY_Target!$F13:F13),AVERAGE(CY_Target!$F13:F13)),"") -> 1000 | G13: =IFERROR(IF(INDEX(Metrics!$G$6:$G$70,MATCH(CY_Target_Cumulative!$D13,Metrics!$D$6:$D$70,0))=Calc!$K$8,SUM(CY_Target!$F13:G13),AVERAGE(CY_Target!$F13:G13)),"") -> 1000 | H13: =IFERROR(IF(INDEX(Metrics!$G$6:$G$70,MATCH(CY_Target_Cumulative!$D13,Metrics!$D$6:$D$70,0))=Calc!$K$8,SUM(CY_Target!$F13:H13),AVERAGE(CY_Target!$F13:H13)),"") -> 1000 | I13: =IFERROR(IF(INDEX(Metrics!$G$6:$G$70,MATCH(CY_Target_Cumulative!$D13,Metrics!$D$6:$D$70,0))=Calc!$K$8,SUM(CY_Target!$F13:I13),AVERAGE(CY_Target!$F13:I13)),"") -> 1000 | J13: =IFERROR(IF(INDEX(Metrics!$G$6:$G$70,MATCH(CY_Target_Cumulative!$D13,Metrics!$D$6:$D$70,0))=Calc!$K$8,SUM(CY_Target!$F13:J13),AVERAGE(CY_Target!$F13:J13)),"") -> 1000 | K13: =IFERROR(IF(INDEX(Metrics!$G$6:$G$70,MATCH(CY_Target_Cumulative!$D13,Metrics!$D$6:$D$70,0))=Calc!$K$8,SUM(CY_Target!$F13:K13),AVERAGE(CY_Target!$F13:K13)),"") -> 1000 | L13: =IFERROR(IF(INDEX(Metrics!$G$6:$G$70,MATCH(CY_Target_Cumulative!$D13,Metrics!$D$6:$D$70,0))=Calc!$K$8,SUM(CY_Target!$F13:L13),AVERAGE(CY_Target!$F13:L13)),"") -> 1000 | M13: =IFERROR(IF(INDEX(Metrics!$G$6:$G$70,MATCH(CY_Target_Cumulative!$D13,Metrics!$D$6:$D$70,0))=Calc!$K$8,SUM(CY_Target!$F13:M13),AVERAGE(CY_Target!$F13:M13)),"") -> 1000 | ... Q13: =IFERROR(IF(INDEX(Metrics!$G$6:$G$70,MATCH(CY_Target_Cumulative!$D13,Metrics!$D$6:$D$70,0))=Calc!$K$8,SUM(CY_Target!$F13:Q13),AVERAGE(CY_Target!$F13:Q13)),"") -> 1000
B14: =IFERROR(IF(LEN(INDEX(Metrics!$B$6:$E$70,ROW($A14)-ROW($A$5),MATCH(B$5,Metrics!$B$5:$E$5,0)))=0,"",INDEX(Metrics!$B$6:$E$70,ROW($A14)-ROW($A$5),MATCH(B$5,Metrics!$B$5:$E$5,0))),"") -> 202 | C14: =IFERROR(IF(LEN(INDEX(Metrics!$B$6:$E$70,ROW($A14)-ROW($A$5),MATCH(C$5,Metrics!$B$5:$E$5,0)))=0,"",INDEX(Metrics!$B$6:$E$70,ROW($A14)-ROW($A$5),MATCH(C$5,Metrics!$B$5:$E$5,0))),"") -> Cost and Investment | D14: =IFERROR(IF(LEN(INDEX(Metrics!$B$6:$E$70,ROW($A14)-ROW($A$5),MATCH(D$5,Metrics!$B$5:$E$5,0)))=0,"",INDEX(Metrics!$B$6:$E$70,ROW($A14)-ROW($A$5),MATCH(D$5,Metrics!$B$5:$E$5,0))),"") -> Recruitment Marketing ROI | E14: =IFERROR(IF(LEN(INDEX(Metrics!$B$6:$E$70,ROW($A14)-ROW($A$5),MATCH(E$5,Metrics!$B$5:$E$5,0)))=0,"",INDEX(Metrics!$B$6:$E$70,ROW($A14)-ROW($A$5),MATCH(E$5,Metrics!$B$5:$E$5,0))),"") -> % | F14: =IFERROR(IF(INDEX(Metrics!$G$6:$G$70,MATCH(CY_Target_Cumulative!$D14,Metrics!$D$6:$D$70,0))=Calc!$K$8,SUM(CY_Target!$F14:F14),AVERAGE(CY_Target!$F14:F14)),"") -> 0.15 | G14: =IFERROR(IF(INDEX(Metrics!$G$6:$G$70,MATCH(CY_Target_Cumulative!$D14,Metrics!$D$6:$D$70,0))=Calc!$K$8,SUM(CY_Target!$F14:G14),AVERAGE(CY_Target!$F14:G14)),"") -> 0.15 | H14: =IFERROR(IF(INDEX(Metrics!$G$6:$G$70,MATCH(CY_Target_Cumulative!$D14,Metrics!$D$6:$D$70,0))=Calc!$K$8,SUM(CY_Target!$F14:H14),AVERAGE(CY_Target!$F14:H14)),"") -> 0.15 | I14: =IFERROR(IF(INDEX(Metrics!$G$6:$G$70,MATCH(CY_Target_Cumulative!$D14,Metrics!$D$6:$D$70,0))=Calc!$K$8,SUM(CY_Target!$F14:I14),AVERAGE(CY_Target!$F14:I14)),"") -> 0.15 | J14: =IFERROR(IF(INDEX(Metrics!$G$6:$G$70,MATCH(CY_Target_Cumulative!$D14,Metrics!$D$6:$D$70,0))=Calc!$K$8,SUM(CY_Target!$F14:J14),AVERAGE(CY_Target!$F14:J14)),"") -> 0.15 | K14: =IFERROR(IF(INDEX(Metrics!$G$6:$G$70,MATCH(CY_Target_Cumulative!$D14,Metrics!$D$6:$D$70,0))=Calc!$K$8,SUM(CY_Target!$F14:K14),AVERAGE(CY_Target!$F14:K14)),"") -> 0.15 | L14: =IFERROR(IF(INDEX(Metrics!$G$6:$G$70,MATCH(CY_Target_Cumulative!$D14,Metrics!$D$6:$D$70,0))=Calc!$K$8,SUM(CY_Target!$F14:L14),AVERAGE(CY_Target!$F14:L14)),"") -> 0.15 | M14: =IFERROR(IF(INDEX(Metrics!$G$6:$G$70,MATCH(CY_Target_Cumulative!$D14,Metrics!$D$6:$D$70,0))=Calc!$K$8,SUM(CY_Target!$F14:M14),AVERAGE(CY_Target!$F14:M14)),"") -> 0.15 | ... Q14: =IFERROR(IF(INDEX(Metrics!$G$6:$G$70,MATCH(CY_Target_Cumulative!$D14,Metrics!$D$6:$D$70,0))=Calc!$K$8,SUM(CY_Target!$F14:Q14),AVERAGE(CY_Target!$F14:Q14)),"") -> 0.15
B15: =IFERROR(IF(LEN(INDEX(Metrics!$B$6:$E$70,ROW($A15)-ROW($A$5),MATCH(B$5,Metrics!$B$5:$E$5,0)))=0,"",INDEX(Metrics!$B$6:$E$70,ROW($A15)-ROW($A$5),MATCH(B$5,Metrics!$B$5:$E$5,0))),"") -> 203 | C15: =IFERROR(IF(LEN(INDEX(Metrics!$B$6:$E$70,ROW($A15)-ROW($A$5),MATCH(C$5,Metrics!$B$5:$E$5,0)))=0,"",INDEX(Metrics!$B$6:$E$70,ROW($A15)-ROW($A$5),MATCH(C$5,Metrics!$B$5:$E$5,0))),"") -> Cost and Investment | D15: =IFERROR(IF(LEN(INDEX(Metrics!$B$6:$E$70,ROW($A15)-ROW($A$5),MATCH(D$5,Metrics!$B$5:$E$5,0)))=0,"",INDEX(Metrics!$B$6:$E$70,ROW($A15)-ROW($A$5),MATCH(D$5,Metrics!$B$5:$E$5,0))),"") -> Recruitment Cost Ratio | E15: =IFERROR(IF(LEN(INDEX(Metrics!$B$6:$E$70,ROW($A15)-ROW($A$5),MATCH(E$5,Metrics!$B$5:$E$5,0)))=0,"",INDEX(Metrics!$B$6:$E$70,ROW($A15)-ROW($A$5),MATCH(E$5,Metrics!$B$5:$E$5,0))),"") -> % | F15: =IFERROR(IF(INDEX(Metrics!$G$6:$G$70,MATCH(CY_Target_Cumulative!$D15,Metrics!$D$6:$D$70,0))=Calc!$K$8,SUM(CY_Target!$F15:F15),AVERAGE(CY_Target!$F15:F15)),"") -> 0.02 | G15: =IFERROR(IF(INDEX(Metrics!$G$6:$G$70,MATCH(CY_Target_Cumulative!$D15,Metrics!$D$6:$D$70,0))=Calc!$K$8,SUM(CY_Target!$F15:G15),AVERAGE(CY_Target!$F15:G15)),"") -> 0.02 | H15: =IFERROR(IF(INDEX(Metrics!$G$6:$G$70,MATCH(CY_Target_Cumulative!$D15,Metrics!$D$6:$D$70,0))=Calc!$K$8,SUM(CY_Target!$F15:H15),AVERAGE(CY_Target!$F15:H15)),"") -> 0.02 | I15: =IFERROR(IF(INDEX(Metrics!$G$6:$G$70,MATCH(CY_Target_Cumulative!$D15,Metrics!$D$6:$D$70,0))=Calc!$K$8,SUM(CY_Target!$F15:I15),AVERAGE(CY_Target!$F15:I15)),"") -> 0.02 | J15: =IFERROR(IF(INDEX(Metrics!$G$6:$G$70,MATCH(CY_Target_Cumulative!$D15,Metrics!$D$6:$D$70,0))=Calc!$K$8,SUM(CY_Target!$F15:J15),AVERAGE(CY_Target!$F15:J15)),"") -> 0.02 | K15: =IFERROR(IF(INDEX(Metrics!$G$6:$G$70,MATCH(CY_Target_Cumulative!$D15,Metrics!$D$6:$D$70,0))=Calc!$K$8,SUM(CY_Target!$F15:K15),AVERAGE(CY_Target!$F15:K15)),"") -> 0.02 | L15: =IFERROR(IF(INDEX(Metrics!$G$6:$G$70,MATCH(CY_Target_Cumulative!$D15,Metrics!$D$6:$D$70,0))=Calc!$K$8,SUM(CY_Target!$F15:L15),AVERAGE(CY_Target!$F15:L15)),"") -> 0.02 | M15: =IFERROR(IF(INDEX(Metrics!$G$6:$G$70,MATCH(CY_Target_Cumulative!$D15,Metrics!$D$6:$D$70,0))=Calc!$K$8,SUM(CY_Target!$F15:M15),AVERAGE(CY_Target!$F15:M15)),"") -> 0.02 | ... Q15: =IFERROR(IF(INDEX(Metrics!$G$6:$G$70,MATCH(CY_Target_Cumulative!$D15,Metrics!$D$6:$D$70,0))=Calc!$K$8,SUM(CY_Target!$F15:Q15),AVERAGE(CY_Target!$F15:Q15)),"") -> 0.02
B16: =IFERROR(IF(LEN(INDEX(Metrics!$B$6:$E$70,ROW($A16)-ROW($A$5),MATCH(B$5,Metrics!$B$5:$E$5,0)))=0,"",INDEX(Metrics!$B$6:$E$70,ROW($A16)-ROW($A$5),MATCH(B$5,Metrics!$B$5:$E$5,0))),"") -> 204 | C16: =IFERROR(IF(LEN(INDEX(Metrics!$B$6:$E$70,ROW($A16)-ROW($A$5),MATCH(C$5,Metrics!$B$5:$E$5,0)))=0,"",INDEX(Metrics!$B$6:$E$70,ROW($A16)-ROW($A$5),MATCH(C$5,Metrics!$B$5:$E$5,0))),"") -> Cost and Investment | D16: =IFERROR(IF(LEN(INDEX(Metrics!$B$6:$E$70,ROW($A16)-ROW($A$5),MATCH(D$5,Metrics!$B$5:$E$5,0)))=0,"",INDEX(Metrics!$B$6:$E$70,ROW($A16)-ROW($A$5),MATCH(D$5,Metrics!$B$5:$E$5,0))),"") | E16: =IFERROR(IF(LEN(INDEX(Metrics!$B$6:$E$70,ROW($A16)-ROW($A$5),MATCH(E$5,Metrics!$B$5:$E$5,0)))=0,"",INDEX(Metrics!$B$6:$E$70,ROW($A16)-ROW($A$5),MATCH(E$5,Metrics!$B$5:$E$5,0))),"") | F16: =IFERROR(IF(INDEX(Metrics!$G$6:$G$70,MATCH(CY_Target_Cumulative!$D16,Metrics!$D$6:$D$70,0))=Calc!$K$8,SUM(CY_Target!$F16:F16),AVERAGE(CY_Target!$F16:F16)),"") | G16: =IFERROR(IF(INDEX(Metrics!$G$6:$G$70,MATCH(CY_Target_Cumulative!$D16,Metrics!$D$6:$D$70,0))=Calc!$K$8,SUM(CY_Target!$F16:G16),AVERAGE(CY_Target!$F16:G16)),"") | H16: =IFERROR(IF(INDEX(Metrics!$G$6:$G$70,MATCH(CY_Target_Cumulative!$D16,Metrics!$D$6:$D$70,0))=Calc!$K$8,SUM(CY_Target!$F16:H16),AVERAGE(CY_Target!$F16:H16)),"") | I16: =IFERROR(IF(INDEX(Metrics!$G$6:$G$70,MATCH(CY_Target_Cumulative!$D16,Metrics!$D$6:$D$70,0))=Calc!$K$8,SUM(CY_Target!$F16:I16),AVERAGE(CY_Target!$F16:I16)),"") | J16: =IFERROR(IF(INDEX(Metrics!$G$6:$G$70,MATCH(CY_Target_Cumulative!$D16,Metrics!$D$6:$D$70,0))=Calc!$K$8,SUM(CY_Target!$F16:J16),AVERAGE(CY_Target!$F16:J16)),"") | K16: =IFERROR(IF(INDEX(Metrics!$G$6:$G$70,MATCH(CY_Target_Cumulative!$D16,Metrics!$D$6:$D$70,0))=Calc!$K$8,SUM(CY_Target!$F16:K16),AVERAGE(CY_Target!$F16:K16)),"") | L16: =IFERROR(IF(INDEX(Metrics!$G$6:$G$70,MATCH(CY_Target_Cumulative!$D16,Metrics!$D$6:$D$70,0))=Calc!$K$8,SUM(CY_Target!$F16:L16),AVERAGE(CY_Target!$F16:L16)),"") | M16: =IFERROR(IF(INDEX(Metrics!$G$6:$G$70,MATCH(CY_Target_Cumulative!$D16,Metrics!$D$6:$D$70,0))=Calc!$K$8,SUM(CY_Target!$F16:M16),AVERAGE(CY_Target!$F16:M16)),"") | ... Q16: =IFERROR(IF(INDEX(Metrics!$G$6:$G$70,MATCH(CY_Target_Cumulative!$D16,Metrics!$D$6:$D$70,0))=Calc!$K$8,SUM(CY_Target!$F16:Q16),AVERAGE(CY_Target!$F16:Q16)),"")
B17: =IFERROR(IF(LEN(INDEX(Metrics!$B$6:$E$70,ROW($A17)-ROW($A$5),MATCH(B$5,Metrics!$B$5:$E$5,0)))=0,"",INDEX(Metrics!$B$6:$E$70,ROW($A17)-ROW($A$5),MATCH(B$5,Metrics!$B$5:$E$5,0))),"") -> 205 | C17: =IFERROR(IF(LEN(INDEX(Metrics!$B$6:$E$70,ROW($A17)-ROW($A$5),MATCH(C$5,Metrics!$B$5:$E$5,0)))=0,"",INDEX(Metrics!$B$6:$E$70,ROW($A17)-ROW($A$5),MATCH(C$5,Metrics!$B$5:$E$5,0))),"") -> Cost and Investment | D17: =IFERROR(IF(LEN(INDEX(Metrics!$B$6:$E$70,ROW($A17)-ROW($A$5),MATCH(D$5,Metrics!$B$5:$E$5,0)))=0,"",INDEX(Metrics!$B$6:$E$70,ROW($A17)-ROW($A$5),MATCH(D$5,Metrics!$B$5:$E$5,0))),"") | E17: =IFERROR(IF(LEN(INDEX(Metrics!$B$6:$E$70,ROW($A17)-ROW($A$5),MATCH(E$5,Metrics!$B$5:$E$5,0)))=0,"",INDEX(Metrics!$B$6:$E$70,ROW($A17)-ROW($A$5),MATCH(E$5,Metrics!$B$5:$E$5,0))),"") | F17: =IFERROR(IF(INDEX(Metrics!$G$6:$G$70,MATCH(CY_Target_Cumulative!$D17,Metrics!$D$6:$D$70,0))=Calc!$K$8,SUM(CY_Target!$F17:F17),AVERAGE(CY_Target!$F17:F17)),"") | G17: =IFERROR(IF(INDEX(Metrics!$G$6:$G$70,MATCH(CY_Target_Cumulative!$D17,Metrics!$D$6:$D$70,0))=Calc!$K$8,SUM(CY_Target!$F17:G17),AVERAGE(CY_Target!$F17:G17)),"") | H17: =IFERROR(IF(INDEX(Metrics!$G$6:$G$70,MATCH(CY_Target_Cumulative!$D17,Metrics!$D$6:$D$70,0))=Calc!$K$8,SUM(CY_Target!$F17:H17),AVERAGE(CY_Target!$F17:H17)),"") | I17: =IFERROR(IF(INDEX(Metrics!$G$6:$G$70,MATCH(CY_Target_Cumulative!$D17,Metrics!$D$6:$D$70,0))=Calc!$K$8,SUM(CY_Target!$F17:I17),AVERAGE(CY_Target!$F17:I17)),"") | J17: =IFERROR(IF(INDEX(Metrics!$G$6:$G$70,MATCH(CY_Target_Cumulative!$D17,Metrics!$D$6:$D$70,0))=Calc!$K$8,SUM(CY_Target!$F17:J17),AVERAGE(CY_Target!$F17:J17)),"") | K17: =IFERROR(IF(INDEX(Metrics!$G$6:$G$70,MATCH(CY_Target_Cumulative!$D17,Metrics!$D$6:$D$70,0))=Calc!$K$8,SUM(CY_Target!$F17:K17),AVERAGE(CY_Target!$F17:K17)),"") | L17: =IFERROR(IF(INDEX(Metrics!$G$6:$G$70,MATCH(CY_Target_Cumulative!$D17,Metrics!$D$6:$D$70,0))=Calc!$K$8,SUM(CY_Target!$F17:L17),AVERAGE(CY_Target!$F17:L17)),"") | M17: =IFERROR(IF(INDEX(Metrics!$G$6:$G$70,MATCH(CY_Target_Cumulative!$D17,Metrics!$D$6:$D$70,0))=Calc!$K$8,SUM(CY_Target!$F17:M17),AVERAGE(CY_Target!$F17:M17)),"") | ... Q17: =IFERROR(IF(INDEX(Metrics!$G$6:$G$70,MATCH(CY_Target_Cumulative!$D17,Metrics!$D$6:$D$70,0))=Calc!$K$8,SUM(CY_Target!$F17:Q17),AVERAGE(CY_Target!$F17:Q17)),"")
... B70: =IFERROR(IF(LEN(INDEX(Metrics!$B$6:$E$70,ROW($A70)-ROW($A$5),MATCH(B$5,Metrics!$B$5:$E$5,0)))=0,"",INDEX(Metrics!$B$6:$E$70,ROW($A70)-ROW($A$5),MATCH(B$5,Metrics!$B$5:$E$5,0))),"") | C70: =IFERROR(IF(LEN(INDEX(Metrics!$B$6:$E$70,ROW($A70)-ROW($A$5),MATCH(C$5,Metrics!$B$5:$E$5,0)))=0,"",INDEX(Metrics!$B$6:$E$70,ROW($A70)-ROW($A$5),MATCH(C$5,Metrics!$B$5:$E$5,0))),"") | D70: =IFERROR(IF(LEN(INDEX(Metrics!$B$6:$E$70,ROW($A70)-ROW($A$5),MATCH(D$5,Metrics!$B$5:$E$5,0)))=0,"",INDEX(Metrics!$B$6:$E$70,ROW($A70)-ROW($A$5),MATCH(D$5,Metrics!$B$5:$E$5,0))),"") | E70: =IFERROR(IF(LEN(INDEX(Metrics!$B$6:$E$70,ROW($A70)-ROW($A$5),MATCH(E$5,Metrics!$B$5:$E$5,0)))=0,"",INDEX(Metrics!$B$6:$E$70,ROW($A70)-ROW($A$5),MATCH(E$5,Metrics!$B$5:$E$5,0))),"") | F70: =IFERROR(IF(INDEX(Metrics!$G$6:$G$70,MATCH(CY_Target_Cumulative!$D70,Metrics!$D$6:$D$70,0))=Calc!$K$8,SUM(CY_Target!$F70:F70),AVERAGE(CY_Target!$F70:F70)),"") | G70: =IFERROR(IF(INDEX(Metrics!$G$6:$G$70,MATCH(CY_Target_Cumulative!$D70,Metrics!$D$6:$D$70,0))=Calc!$K$8,SUM(CY_Target!$F70:G70),AVERAGE(CY_Target!$F70:G70)),"") | H70: =IFERROR(IF(INDEX(Metrics!$G$6:$G$70,MATCH(CY_Target_Cumulative!$D70,Metrics!$D$6:$D$70,0))=Calc!$K$8,SUM(CY_Target!$F70:H70),AVERAGE(CY_Target!$F70:H70)),"") | I70: =IFERROR(IF(INDEX(Metrics!$G$6:$G$70,MATCH(CY_Target_Cumulative!$D70,Metrics!$D$6:$D$70,0))=Calc!$K$8,SUM(CY_Target!$F70:I70),AVERAGE(CY_Target!$F70:I70)),"") | J70: =IFERROR(IF(INDEX(Metrics!$G$6:$G$70,MATCH(CY_Target_Cumulative!$D70,Metrics!$D$6:$D$70,0))=Calc!$K$8,SUM(CY_Target!$F70:J70),AVERAGE(CY_Target!$F70:J70)),"") | K70: =IFERROR(IF(INDEX(Metrics!$G$6:$G$70,MATCH(CY_Target_Cumulative!$D70,Metrics!$D$6:$D$70,0))=Calc!$K$8,SUM(CY_Target!$F70:K70),AVERAGE(CY_Target!$F70:K70)),"") | L70: =IFERROR(IF(INDEX(Metrics!$G$6:$G$70,MATCH(CY_Target_Cumulative!$D70,Metrics!$D$6:$D$70,0))=Calc!$K$8,SUM(CY_Target!$F70:L70),AVERAGE(CY_Target!$F70:L70)),"") | M70: =IFERROR(IF(INDEX(Metrics!$G$6:$G$70,MATCH(CY_Target_Cumulative!$D70,Metrics!$D$6:$D$70,0))=Calc!$K$8,SUM(CY_Target!$F70:M70),AVERAGE(CY_Target!$F70:M70)),"") | ... Q70: =IFERROR(IF(INDEX(Metrics!$G$6:$G$70,MATCH(CY_Target_Cumulative!$D70,Metrics!$D$6:$D$70,0))=Calc!$K$8,SUM(CY_Target!$F70:Q70),AVERAGE(CY_Target!$F70:Q70)),"")

Sheet PY_Actual_Cumulative
C2: RECRUITMENT KPI DASHBOARD
C3: PREVIOUS YEAR ACTUALS - CUMULATIVE
B5: KPI Code | C5: KPI Group | D5: Criteria | E5: Unit | F5: =IFERROR(INDEX(Calc!$I$7:$I$18,COLUMN(PY_Actual_Cumulative!F4)-COLUMN(PY_Actual_Cumulative!$E$4)),"") -> Jan 2023 | G5: =IFERROR(INDEX(Calc!$I$7:$I$18,COLUMN(PY_Actual_Cumulative!G4)-COLUMN(PY_Actual_Cumulative!$E$4)),"") -> Feb 2023 | H5: =IFERROR(INDEX(Calc!$I$7:$I$18,COLUMN(PY_Actual_Cumulative!H4)-COLUMN(PY_Actual_Cumulative!$E$4)),"") -> Mar 2023 | I5: =IFERROR(INDEX(Calc!$I$7:$I$18,COLUMN(PY_Actual_Cumulative!I4)-COLUMN(PY_Actual_Cumulative!$E$4)),"") -> Apr 2023 | J5: =IFERROR(INDEX(Calc!$I$7:$I$18,COLUMN(PY_Actual_Cumulative!J4)-COLUMN(PY_Actual_Cumulative!$E$4)),"") -> May 2023 | K5: =IFERROR(INDEX(Calc!$I$7:$I$18,COLUMN(PY_Actual_Cumulative!K4)-COLUMN(PY_Actual_Cumulative!$E$4)),"") -> Jun 2023 | L5: =IFERROR(INDEX(Calc!$I$7:$I$18,COLUMN(PY_Actual_Cumulative!L4)-COLUMN(PY_Actual_Cumulative!$E$4)),"") -> Jul 2023 | M5: =IFERROR(INDEX(Calc!$I$7:$I$18,COLUMN(PY_Actual_Cumulative!M4)-COLUMN(PY_Actual_Cumulative!$E$4)),"") -> Aug 2023 | ... Q5: =IFERROR(INDEX(Calc!$I$7:$I$18,COLUMN(PY_Actual_Cumulative!Q4)-COLUMN(PY_Actual_Cumulative!$E$4)),"") -> Dec 2023
B6: =IFERROR(IF(LEN(INDEX(Metrics!$B$6:$E$70,ROW($A6)-ROW($A$5),MATCH(B$5,Metrics!$B$5:$E$5,0)))=0,"",INDEX(Metrics!$B$6:$E$70,ROW($A6)-ROW($A$5),MATCH(B$5,Metrics!$B$5:$E$5,0))),"") -> 101 | C6: =IFERROR(IF(LEN(INDEX(Metrics!$B$6:$E$70,ROW($A6)-ROW($A$5),MATCH(C$5,Metrics!$B$5:$E$5,0)))=0,"",INDEX(Metrics!$B$6:$E$70,ROW($A6)-ROW($A$5),MATCH(C$5,Metrics!$B$5:$E$5,0))),"") -> Efficiency and Speed | D6: =IFERROR(IF(LEN(INDEX(Metrics!$B$6:$E$70,ROW($A6)-ROW($A$5),MATCH(D$5,Metrics!$B$5:$E$5,0)))=0,"",INDEX(Metrics!$B$6:$E$70,ROW($A6)-ROW($A$5),MATCH(D$5,Metrics!$B$5:$E$5,0))),"") -> Time to Fill | E6: =IFERROR(IF(LEN(INDEX(Metrics!$B$6:$E$70,ROW($A6)-ROW($A$5),MATCH(E$5,Metrics!$B$5:$E$5,0)))=0,"",INDEX(Metrics!$B$6:$E$70,ROW($A6)-ROW($A$5),MATCH(E$5,Metrics!$B$5:$E$5,0))),"") -> Days | F6: =IFERROR(IF(INDEX(Metrics!$G$6:$G$70,MATCH(PY_Actual_Cumulative!$D6,Metrics!$D$6:$D$70,0))=Calc!$K$8,SUM(PY_Actual!$F6:F6),AVERAGE(PY_Actual!$F6:F6)),"") -> 50 | G6: =IFERROR(IF(INDEX(Metrics!$G$6:$G$70,MATCH(PY_Actual_Cumulative!$D6,Metrics!$D$6:$D$70,0))=Calc!$K$8,SUM(PY_Actual!$F6:G6),AVERAGE(PY_Actual!$F6:G6)),"") -> 50 | H6: =IFERROR(IF(INDEX(Metrics!$G$6:$G$70,MATCH(PY_Actual_Cumulative!$D6,Metrics!$D$6:$D$70,0))=Calc!$K$8,SUM(PY_Actual!$F6:H6),AVERAGE(PY_Actual!$F6:H6)),"") -> 53.333333 | I6: =IFERROR(IF(INDEX(Metrics!$G$6:$G$70,MATCH(PY_Actual_Cumulative!$D6,Metrics!$D$6:$D$70,0))=Calc!$K$8,SUM(PY_Actual!$F6:I6),AVERAGE(PY_Actual!$F6:I6)),"") -> 46.25 | J6: =IFERROR(IF(INDEX(Metrics!$G$6:$G$70,MATCH(PY_Actual_Cumulative!$D6,Metrics!$D$6:$D$70,0))=Calc!$K$8,SUM(PY_Actual!$F6:J6),AVERAGE(PY_Actual!$F6:J6)),"") -> 49 | K6: =IFERROR(IF(INDEX(Metrics!$G$6:$G$70,MATCH(PY_Actual_Cumulative!$D6,Metrics!$D$6:$D$70,0))=Calc!$K$8,SUM(PY_Actual!$F6:K6),AVERAGE(PY_Actual!$F6:K6)),"") -> 47.5 | L6: =IFERROR(IF(INDEX(Metrics!$G$6:$G$70,MATCH(PY_Actual_Cumulative!$D6,Metrics!$D$6:$D$70,0))=Calc!$K$8,SUM(PY_Actual!$F6:L6),AVERAGE(PY_Actual!$F6:L6)),"") -> 47.5 | M6: =IFERROR(IF(INDEX(Metrics!$G$6:$G$70,MATCH(PY_Actual_Cumulative!$D6,Metrics!$D$6:$D$70,0))=Calc!$K$8,SUM(PY_Actual!$F6:M6),AVERAGE(PY_Actual!$F6:M6)),"") -> 47.5 | ... Q6: =IFERROR(IF(INDEX(Metrics!$G$6:$G$70,MATCH(PY_Actual_Cumulative!$D6,Metrics!$D$6:$D$70,0))=Calc!$K$8,SUM(PY_Actual!$F6:Q6),AVERAGE(PY_Actual!$F6:Q6)),"") -> 47.5
B7: =IFERROR(IF(LEN(INDEX(Metrics!$B$6:$E$70,ROW($A7)-ROW($A$5),MATCH(B$5,Metrics!$B$5:$E$5,0)))=0,"",INDEX(Metrics!$B$6:$E$70,ROW($A7)-ROW($A$5),MATCH(B$5,Metrics!$B$5:$E$5,0))),"") -> 102 | C7: =IFERROR(IF(LEN(INDEX(Metrics!$B$6:$E$70,ROW($A7)-ROW($A$5),MATCH(C$5,Metrics!$B$5:$E$5,0)))=0,"",INDEX(Metrics!$B$6:$E$70,ROW($A7)-ROW($A$5),MATCH(C$5,Metrics!$B$5:$E$5,0))),"") -> Efficiency and Speed | D7: =IFERROR(IF(LEN(INDEX(Metrics!$B$6:$E$70,ROW($A7)-ROW($A$5),MATCH(D$5,Metrics!$B$5:$E$5,0)))=0,"",INDEX(Metrics!$B$6:$E$70,ROW($A7)-ROW($A$5),MATCH(D$5,Metrics!$B$5:$E$5,0))),"") -> Time to Hire | E7: =IFERROR(IF(LEN(INDEX(Metrics!$B$6:$E$70,ROW($A7)-ROW($A$5),MATCH(E$5,Metrics!$B$5:$E$5,0)))=0,"",INDEX(Metrics!$B$6:$E$70,ROW($A7)-ROW($A$5),MATCH(E$5,Metrics!$B$5:$E$5,0))),"") -> Days | F7: =IFERROR(IF(INDEX(Metrics!$G$6:$G$70,MATCH(PY_Actual_Cumulative!$D7,Metrics!$D$6:$D$70,0))=Calc!$K$8,SUM(PY_Actual!$F7:F7),AVERAGE(PY_Actual!$F7:F7)),"") -> 25 | G7: =IFERROR(IF(INDEX(Metrics!$G$6:$G$70,MATCH(PY_Actual_Cumulative!$D7,Metrics!$D$6:$D$70,0))=Calc!$K$8,SUM(PY_Actual!$F7:G7),AVERAGE(PY_Actual!$F7:G7)),"") -> 22.5 | H7: =IFERROR(IF(INDEX(Metrics!$G$6:$G$70,MATCH(PY_Actual_Cumulative!$D7,Metrics!$D$6:$D$70,0))=Calc!$K$8,SUM(PY_Actual!$F7:H7),AVERAGE(PY_Actual!$F7:H7)),"") -> 20 | I7: =IFERROR(IF(INDEX(Metrics!$G$6:$G$70,MATCH(PY_Actual_Cumulative!$D7,Metrics!$D$6:$D$70,0))=Calc!$K$8,SUM(PY_Actual!$F7:I7),AVERAGE(PY_Actual!$F7:I7)),"") -> 18.75 | J7: =IFERROR(IF(INDEX(Metrics!$G$6:$G$70,MATCH(PY_Actual_Cumulative!$D7,Metrics!$D$6:$D$70,0))=Calc!$K$8,SUM(PY_Actual!$F7:J7),AVERAGE(PY_Actual!$F7:J7)),"") -> 19 | K7: =IFERROR(IF(INDEX(Metrics!$G$6:$G$70,MATCH(PY_Actual_Cumulative!$D7,Metrics!$D$6:$D$70,0))=Calc!$K$8,SUM(PY_Actual!$F7:K7),AVERAGE(PY_Actual!$F7:K7)),"") -> 20 | L7: =IFERROR(IF(INDEX(Metrics!$G$6:$G$70,MATCH(PY_Actual_Cumulative!$D7,Metrics!$D$6:$D$70,0))=Calc!$K$8,SUM(PY_Actual!$F7:L7),AVERAGE(PY_Actual!$F7:L7)),"") -> 20 | M7: =IFERROR(IF(INDEX(Metrics!$G$6:$G$70,MATCH(PY_Actual_Cumulative!$D7,Metrics!$D$6:$D$70,0))=Calc!$K$8,SUM(PY_Actual!$F7:M7),AVERAGE(PY_Actual!$F7:M7)),"") -> 20 | ... Q7: =IFERROR(IF(INDEX(Metrics!$G$6:$G$70,MATCH(PY_Actual_Cumulative!$D7,Metrics!$D$6:$D$70,0))=Calc!$K$8,SUM(PY_Actual!$F7:Q7),AVERAGE(PY_Actual!$F7:Q7)),"") -> 20
B8: =IFERROR(IF(LEN(INDEX(Metrics!$B$6:$E$70,ROW($A8)-ROW($A$5),MATCH(B$5,Metrics!$B$5:$E$5,0)))=0,"",INDEX(Metrics!$B$6:$E$70,ROW($A8)-ROW($A$5),MATCH(B$5,Metrics!$B$5:$E$5,0))),"") -> 103 | C8: =IFERROR(IF(LEN(INDEX(Metrics!$B$6:$E$70,ROW($A8)-ROW($A$5),MATCH(C$5,Metrics!$B$5:$E$5,0)))=0,"",INDEX(Metrics!$B$6:$E$70,ROW($A8)-ROW($A$5),MATCH(C$5,Metrics!$B$5:$E$5,0))),"") -> Efficiency and Speed | D8: =IFERROR(IF(LEN(INDEX(Metrics!$B$6:$E$70,ROW($A8)-ROW($A$5),MATCH(D$5,Metrics!$B$5:$E$5,0)))=0,"",INDEX(Metrics!$B$6:$E$70,ROW($A8)-ROW($A$5),MATCH(D$5,Metrics!$B$5:$E$5,0))),"") -> Hiring Velocity | E8: =IFERROR(IF(LEN(INDEX(Metrics!$B$6:$E$70,ROW($A8)-ROW($A$5),MATCH(E$5,Metrics!$B$5:$E$5,0)))=0,"",INDEX(Metrics!$B$6:$E$70,ROW($A8)-ROW($A$5),MATCH(E$5,Metrics!$B$5:$E$5,0))),"") -> % | F8: =IFERROR(IF(INDEX(Metrics!$G$6:$G$70,MATCH(PY_Actual_Cumulative!$D8,Metrics!$D$6:$D$70,0))=Calc!$K$8,SUM(PY_Actual!$F8:F8),AVERAGE(PY_Actual!$F8:F8)),"") -> 0.015 | G8: =IFERROR(IF(INDEX(Metrics!$G$6:$G$70,MATCH(PY_Actual_Cumulative!$D8,Metrics!$D$6:$D$70,0))=Calc!$K$8,SUM(PY_Actual!$F8:G8),AVERAGE(PY_Actual!$F8:G8)),"") -> 0.0175 | H8: =IFERROR(IF(INDEX(Metrics!$G$6:$G$70,MATCH(PY_Actual_Cumulative!$D8,Metrics!$D$6:$D$70,0))=Calc!$K$8,SUM(PY_Actual!$F8:H8),AVERAGE(PY_Actual!$F8:H8)),"") -> 0.016666667 | I8: =IFERROR(IF(INDEX(Metrics!$G$6:$G$70,MATCH(PY_Actual_Cumulative!$D8,Metrics!$D$6:$D$70,0))=Calc!$K$8,SUM(PY_Actual!$F8:I8),AVERAGE(PY_Actual!$F8:I8)),"") -> 0.0175 | J8: =IFERROR(IF(INDEX(Metrics!$G$6:$G$70,MATCH(PY_Actual_Cumulative!$D8,Metrics!$D$6:$D$70,0))=Calc!$K$8,SUM(PY_Actual!$F8:J8),AVERAGE(PY_Actual!$F8:J8)),"") -> 0.02 | K8: =IFERROR(IF(INDEX(Metrics!$G$6:$G$70,MATCH(PY_Actual_Cumulative!$D8,Metrics!$D$6:$D$70,0))=Calc!$K$8,SUM(PY_Actual!$F8:K8),AVERAGE(PY_Actual!$F8:K8)),"") -> 0.02 | L8: =IFERROR(IF(INDEX(Metrics!$G$6:$G$70,MATCH(PY_Actual_Cumulative!$D8,Metrics!$D$6:$D$70,0))=Calc!$K$8,SUM(PY_Actual!$F8:L8),AVERAGE(PY_Actual!$F8:L8)),"") -> 0.02 | M8: =IFERROR(IF(INDEX(Metrics!$G$6:$G$70,MATCH(PY_Actual_Cumulative!$D8,Metrics!$D$6:$D$70,0))=Calc!$K$8,SUM(PY_Actual!$F8:M8),AVERAGE(PY_Actual!$F8:M8)),"") -> 0.02 | ... Q8: =IFERROR(IF(INDEX(Metrics!$G$6:$G$70,MATCH(PY_Actual_Cumulative!$D8,Metrics!$D$6:$D$70,0))=Calc!$K$8,SUM(PY_Actual!$F8:Q8),AVERAGE(PY_Actual!$F8:Q8)),"") -> 0.02
B9: =IFERROR(IF(LEN(INDEX(Metrics!$B$6:$E$70,ROW($A9)-ROW($A$5),MATCH(B$5,Metrics!$B$5:$E$5,0)))=0,"",INDEX(Metrics!$B$6:$E$70,ROW($A9)-ROW($A$5),MATCH(B$5,Metrics!$B$5:$E$5,0))),"") -> 104 | C9: =IFERROR(IF(LEN(INDEX(Metrics!$B$6:$E$70,ROW($A9)-ROW($A$5),MATCH(C$5,Metrics!$B$5:$E$5,0)))=0,"",INDEX(Metrics!$B$6:$E$70,ROW($A9)-ROW($A$5),MATCH(C$5,Metrics!$B$5:$E$5,0))),"") -> Efficiency and Speed | D9: =IFERROR(IF(LEN(INDEX(Metrics!$B$6:$E$70,ROW($A9)-ROW($A$5),MATCH(D$5,Metrics!$B$5:$E$5,0)))=0,"",INDEX(Metrics!$B$6:$E$70,ROW($A9)-ROW($A$5),MATCH(D$5,Metrics!$B$5:$E$5,0))),"") -> Average Interview Duration | E9: =IFERROR(IF(LEN(INDEX(Metrics!$B$6:$E$70,ROW($A9)-ROW($A$5),MATCH(E$5,Metrics!$B$5:$E$5,0)))=0,"",INDEX(Metrics!$B$6:$E$70,ROW($A9)-ROW($A$5),MATCH(E$5,Metrics!$B$5:$E$5,0))),"") -> Minutes | F9: =IFERROR(IF(INDEX(Metrics!$G$6:$G$70,MATCH(PY_Actual_Cumulative!$D9,Metrics!$D$6:$D$70,0))=Calc!$K$8,SUM(PY_Actual!$F9:F9),AVERAGE(PY_Actual!$F9:F9)),"") -> 50 | G9: =IFERROR(IF(INDEX(Metrics!$G$6:$G$70,MATCH(PY_Actual_Cumulative!$D9,Metrics!$D$6:$D$70,0))=Calc!$K$8,SUM(PY_Actual!$F9:G9),AVERAGE(PY_Actual!$F9:G9)),"") -> 55 | H9: =IFERROR(IF(INDEX(Metrics!$G$6:$G$70,MATCH(PY_Actual_Cumulative!$D9,Metrics!$D$6:$D$70,0))=Calc!$K$8,SUM(PY_Actual!$F9:H9),AVERAGE(PY_Actual!$F9:H9)),"") -> 55 | I9: =IFERROR(IF(INDEX(Metrics!$G$6:$G$70,MATCH(PY_Actual_Cumulative!$D9,Metrics!$D$6:$D$70,0))=Calc!$K$8,SUM(PY_Actual!$F9:I9),AVERAGE(PY_Actual!$F9:I9)),"") -> 60 | J9: =IFERROR(IF(INDEX(Metrics!$G$6:$G$70,MATCH(PY_Actual_Cumulative!$D9,Metrics!$D$6:$D$70,0))=Calc!$K$8,SUM(PY_Actual!$F9:J9),AVERAGE(PY_Actual!$F9:J9)),"") -> 57 | K9: =IFERROR(IF(INDEX(Metrics!$G$6:$G$70,MATCH(PY_Actual_Cumulative!$D9,Metrics!$D$6:$D$70,0))=Calc!$K$8,SUM(PY_Actual!$F9:K9),AVERAGE(PY_Actual!$F9:K9)),"") -> 55.833333 | L9: =IFERROR(IF(INDEX(Metrics!$G$6:$G$70,MATCH(PY_Actual_Cumulative!$D9,Metrics!$D$6:$D$70,0))=Calc!$K$8,SUM(PY_Actual!$F9:L9),AVERAGE(PY_Actual!$F9:L9)),"") -> 55.833333 | M9: =IFERROR(IF(INDEX(Metrics!$G$6:$G$70,MATCH(PY_Actual_Cumulative!$D9,Metrics!$D$6:$D$70,0))=Calc!$K$8,SUM(PY_Actual!$F9:M9),AVERAGE(PY_Actual!$F9:M9)),"") -> 55.833333 | ... Q9: =IFERROR(IF(INDEX(Metrics!$G$6:$G$70,MATCH(PY_Actual_Cumulative!$D9,Metrics!$D$6:$D$70,0))=Calc!$K$8,SUM(PY_Actual!$F9:Q9),AVERAGE(PY_Actual!$F9:Q9)),"") -> 55.833333
B10: =IFERROR(IF(LEN(INDEX(Metrics!$B$6:$E$70,ROW($A10)-ROW($A$5),MATCH(B$5,Metrics!$B$5:$E$5,0)))=0,"",INDEX(Metrics!$B$6:$E$70,ROW($A10)-ROW($A$5),MATCH(B$5,Metrics!$B$5:$E$5,0))),"") -> 105 | C10: =IFERROR(IF(LEN(INDEX(Metrics!$B$6:$E$70,ROW($A10)-ROW($A$5),MATCH(C$5,Metrics!$B$5:$E$5,0)))=0,"",INDEX(Metrics!$B$6:$E$70,ROW($A10)-ROW($A$5),MATCH(C$5,Metrics!$B$5:$E$5,0))),"") -> Efficiency and Speed | D10: =IFERROR(IF(LEN(INDEX(Metrics!$B$6:$E$70,ROW($A10)-ROW($A$5),MATCH(D$5,Metrics!$B$5:$E$5,0)))=0,"",INDEX(Metrics!$B$6:$E$70,ROW($A10)-ROW($A$5),MATCH(D$5,Metrics!$B$5:$E$5,0))),"") -> Screening Efficiency | E10: =IFERROR(IF(LEN(INDEX(Metrics!$B$6:$E$70,ROW($A10)-ROW($A$5),MATCH(E$5,Metrics!$B$5:$E$5,0)))=0,"",INDEX(Metrics!$B$6:$E$70,ROW($A10)-ROW($A$5),MATCH(E$5,Metrics!$B$5:$E$5,0))),"") -> % | F10: =IFERROR(IF(INDEX(Metrics!$G$6:$G$70,MATCH(PY_Actual_Cumulative!$D10,Metrics!$D$6:$D$70,0))=Calc!$K$8,SUM(PY_Actual!$F10:F10),AVERAGE(PY_Actual!$F10:F10)),"") -> 0.2 | G10: =IFERROR(IF(INDEX(Metrics!$G$6:$G$70,MATCH(PY_Actual_Cumulative!$D10,Metrics!$D$6:$D$70,0))=Calc!$K$8,SUM(PY_Actual!$F10:G10),AVERAGE(PY_Actual!$F10:G10)),"") -> 0.225 | H10: =IFERROR(IF(INDEX(Metrics!$G$6:$G$70,MATCH(PY_Actual_Cumulative!$D10,Metrics!$D$6:$D$70,0))=Calc!$K$8,SUM(PY_Actual!$F10:H10),AVERAGE(PY_Actual!$F10:H10)),"") -> 0.28333333 | I10: =IFERROR(IF(INDEX(Metrics!$G$6:$G$70,MATCH(PY_Actual_Cumulative!$D10,Metrics!$D$6:$D$70,0))=Calc!$K$8,SUM(PY_Actual!$F10:I10),AVERAGE(PY_Actual!$F10:I10)),"") -> 0.3425 | J10: =IFERROR(IF(INDEX(Metrics!$G$6:$G$70,MATCH(PY_Actual_Cumulative!$D10,Metrics!$D$6:$D$70,0))=Calc!$K$8,SUM(PY_Actual!$F10:J10),AVERAGE(PY_Actual!$F10:J10)),"") -> 0.334 | K10: =IFERROR(IF(INDEX(Metrics!$G$6:$G$70,MATCH(PY_Actual_Cumulative!$D10,Metrics!$D$6:$D$70,0))=Calc!$K$8,SUM(PY_Actual!$F10:K10),AVERAGE(PY_Actual!$F10:K10)),"") -> 0.32833333 | L10: =IFERROR(IF(INDEX(Metrics!$G$6:$G$70,MATCH(PY_Actual_Cumulative!$D10,Metrics!$D$6:$D$70,0))=Calc!$K$8,SUM(PY_Actual!$F10:L10),AVERAGE(PY_Actual!$F10:L10)),"") -> 0.32833333 | M10: =IFERROR(IF(INDEX(Metrics!$G$6:$G$70,MATCH(PY_Actual_Cumulative!$D10,Metrics!$D$6:$D$70,0))=Calc!$K$8,SUM(PY_Actual!$F10:M10),AVERAGE(PY_Actual!$F10:M10)),"") -> 0.32833333 | ... Q10: =IFERROR(IF(INDEX(Metrics!$G$6:$G$70,MATCH(PY_Actual_Cumulative!$D10,Metrics!$D$6:$D$70,0))=Calc!$K$8,SUM(PY_Actual!$F10:Q10),AVERAGE(PY_Actual!$F10:Q10)),"") -> 0.32833333
B11: =IFERROR(IF(LEN(INDEX(Metrics!$B$6:$E$70,ROW($A11)-ROW($A$5),MATCH(B$5,Metrics!$B$5:$E$5,0)))=0,"",INDEX(Metrics!$B$6:$E$70,ROW($A11)-ROW($A$5),MATCH(B$5,Metrics!$B$5:$E$5,0))),"") -> 106 | C11: =IFERROR(IF(LEN(INDEX(Metrics!$B$6:$E$70,ROW($A11)-ROW($A$5),MATCH(C$5,Metrics!$B$5:$E$5,0)))=0,"",INDEX(Metrics!$B$6:$E$70,ROW($A11)-ROW($A$5),MATCH(C$5,Metrics!$B$5:$E$5,0))),"") -> Efficiency and Speed | D11: =IFERROR(IF(LEN(INDEX(Metrics!$B$6:$E$70,ROW($A11)-ROW($A$5),MATCH(D$5,Metrics!$B$5:$E$5,0)))=0,"",INDEX(Metrics!$B$6:$E$70,ROW($A11)-ROW($A$5),MATCH(D$5,Metrics!$B$5:$E$5,0))),"") | E11: =IFERROR(IF(LEN(INDEX(Metrics!$B$6:$E$70,ROW($A11)-ROW($A$5),MATCH(E$5,Metrics!$B$5:$E$5,0)))=0,"",INDEX(Metrics!$B$6:$E$70,ROW($A11)-ROW($A$5),MATCH(E$5,Metrics!$B$5:$E$5,0))),"") | F11: =IFERROR(IF(INDEX(Metrics!$G$6:$G$70,MATCH(PY_Actual_Cumulative!$D11,Metrics!$D$6:$D$70,0))=Calc!$K$8,SUM(PY_Actual!$F11:F11),AVERAGE(PY_Actual!$F11:F11)),"") | G11: =IFERROR(IF(INDEX(Metrics!$G$6:$G$70,MATCH(PY_Actual_Cumulative!$D11,Metrics!$D$6:$D$70,0))=Calc!$K$8,SUM(PY_Actual!$F11:G11),AVERAGE(PY_Actual!$F11:G11)),"") | H11: =IFERROR(IF(INDEX(Metrics!$G$6:$G$70,MATCH(PY_Actual_Cumulative!$D11,Metrics!$D$6:$D$70,0))=Calc!$K$8,SUM(PY_Actual!$F11:H11),AVERAGE(PY_Actual!$F11:H11)),"") | I11: =IFERROR(IF(INDEX(Metrics!$G$6:$G$70,MATCH(PY_Actual_Cumulative!$D11,Metrics!$D$6:$D$70,0))=Calc!$K$8,SUM(PY_Actual!$F11:I11),AVERAGE(PY_Actual!$F11:I11)),"") | J11: =IFERROR(IF(INDEX(Metrics!$G$6:$G$70,MATCH(PY_Actual_Cumulative!$D11,Metrics!$D$6:$D$70,0))=Calc!$K$8,SUM(PY_Actual!$F11:J11),AVERAGE(PY_Actual!$F11:J11)),"") | K11: =IFERROR(IF(INDEX(Metrics!$G$6:$G$70,MATCH(PY_Actual_Cumulative!$D11,Metrics!$D$6:$D$70,0))=Calc!$K$8,SUM(PY_Actual!$F11:K11),AVERAGE(PY_Actual!$F11:K11)),"") | L11: =IFERROR(IF(INDEX(Metrics!$G$6:$G$70,MATCH(PY_Actual_Cumulative!$D11,Metrics!$D$6:$D$70,0))=Calc!$K$8,SUM(PY_Actual!$F11:L11),AVERAGE(PY_Actual!$F11:L11)),"") | M11: =IFERROR(IF(INDEX(Metrics!$G$6:$G$70,MATCH(PY_Actual_Cumulative!$D11,Metrics!$D$6:$D$70,0))=Calc!$K$8,SUM(PY_Actual!$F11:M11),AVERAGE(PY_Actual!$F11:M11)),"") | ... Q11: =IFERROR(IF(INDEX(Metrics!$G$6:$G$70,MATCH(PY_Actual_Cumulative!$D11,Metrics!$D$6:$D$70,0))=Calc!$K$8,SUM(PY_Actual!$F11:Q11),AVERAGE(PY_Actual!$F11:Q11)),"")
B12: =IFERROR(IF(LEN(INDEX(Metrics!$B$6:$E$70,ROW($A12)-ROW($A$5),MATCH(B$5,Metrics!$B$5:$E$5,0)))=0,"",INDEX(Metrics!$B$6:$E$70,ROW($A12)-ROW($A$5),MATCH(B$5,Metrics!$B$5:$E$5,0))),"") -> 107 | C12: =IFERROR(IF(LEN(INDEX(Metrics!$B$6:$E$70,ROW($A12)-ROW($A$5),MATCH(C$5,Metrics!$B$5:$E$5,0)))=0,"",INDEX(Metrics!$B$6:$E$70,ROW($A12)-ROW($A$5),MATCH(C$5,Metrics!$B$5:$E$5,0))),"") -> Efficiency and Speed | D12: =IFERROR(IF(LEN(INDEX(Metrics!$B$6:$E$70,ROW($A12)-ROW($A$5),MATCH(D$5,Metrics!$B$5:$E$5,0)))=0,"",INDEX(Metrics!$B$6:$E$70,ROW($A12)-ROW($A$5),MATCH(D$5,Metrics!$B$5:$E$5,0))),"") | E12: =IFERROR(IF(LEN(INDEX(Metrics!$B$6:$E$70,ROW($A12)-ROW($A$5),MATCH(E$5,Metrics!$B$5:$E$5,0)))=0,"",INDEX(Metrics!$B$6:$E$70,ROW($A12)-ROW($A$5),MATCH(E$5,Metrics!$B$5:$E$5,0))),"") | F12: =IFERROR(IF(INDEX(Metrics!$G$6:$G$70,MATCH(PY_Actual_Cumulative!$D12,Metrics!$D$6:$D$70,0))=Calc!$K$8,SUM(PY_Actual!$F12:F12),AVERAGE(PY_Actual!$F12:F12)),"") | G12: =IFERROR(IF(INDEX(Metrics!$G$6:$G$70,MATCH(PY_Actual_Cumulative!$D12,Metrics!$D$6:$D$70,0))=Calc!$K$8,SUM(PY_Actual!$F12:G12),AVERAGE(PY_Actual!$F12:G12)),"") | H12: =IFERROR(IF(INDEX(Metrics!$G$6:$G$70,MATCH(PY_Actual_Cumulative!$D12,Metrics!$D$6:$D$70,0))=Calc!$K$8,SUM(PY_Actual!$F12:H12),AVERAGE(PY_Actual!$F12:H12)),"") | I12: =IFERROR(IF(INDEX(Metrics!$G$6:$G$70,MATCH(PY_Actual_Cumulative!$D12,Metrics!$D$6:$D$70,0))=Calc!$K$8,SUM(PY_Actual!$F12:I12),AVERAGE(PY_Actual!$F12:I12)),"") | J12: =IFERROR(IF(INDEX(Metrics!$G$6:$G$70,MATCH(PY_Actual_Cumulative!$D12,Metrics!$D$6:$D$70,0))=Calc!$K$8,SUM(PY_Actual!$F12:J12),AVERAGE(PY_Actual!$F12:J12)),"") | K12: =IFERROR(IF(INDEX(Metrics!$G$6:$G$70,MATCH(PY_Actual_Cumulative!$D12,Metrics!$D$6:$D$70,0))=Calc!$K$8,SUM(PY_Actual!$F12:K12),AVERAGE(PY_Actual!$F12:K12)),"") | L12: =IFERROR(IF(INDEX(Metrics!$G$6:$G$70,MATCH(PY_Actual_Cumulative!$D12,Metrics!$D$6:$D$70,0))=Calc!$K$8,SUM(PY_Actual!$F12:L12),AVERAGE(PY_Actual!$F12:L12)),"") | M12: =IFERROR(IF(INDEX(Metrics!$G$6:$G$70,MATCH(PY_Actual_Cumulative!$D12,Metrics!$D$6:$D$70,0))=Calc!$K$8,SUM(PY_Actual!$F12:M12),AVERAGE(PY_Actual!$F12:M12)),"") | ... Q12: =IFERROR(IF(INDEX(Metrics!$G$6:$G$70,MATCH(PY_Actual_Cumulative!$D12,Metrics!$D$6:$D$70,0))=Calc!$K$8,SUM(PY_Actual!$F12:Q12),AVERAGE(PY_Actual!$F12:Q12)),"")
B13: =IFERROR(IF(LEN(INDEX(Metrics!$B$6:$E$70,ROW($A13)-ROW($A$5),MATCH(B$5,Metrics!$B$5:$E$5,0)))=0,"",INDEX(Metrics!$B$6:$E$70,ROW($A13)-ROW($A$5),MATCH(B$5,Metrics!$B$5:$E$5,0))),"") -> 201 | C13: =IFERROR(IF(LEN(INDEX(Metrics!$B$6:$E$70,ROW($A13)-ROW($A$5),MATCH(C$5,Metrics!$B$5:$E$5,0)))=0,"",INDEX(Metrics!$B$6:$E$70,ROW($A13)-ROW($A$5),MATCH(C$5,Metrics!$B$5:$E$5,0))),"") -> Cost and Investment | D13: =IFERROR(IF(LEN(INDEX(Metrics!$B$6:$E$70,ROW($A13)-ROW($A$5),MATCH(D$5,Metrics!$B$5:$E$5,0)))=0,"",INDEX(Metrics!$B$6:$E$70,ROW($A13)-ROW($A$5),MATCH(D$5,Metrics!$B$5:$E$5,0))),"") -> Cost per Hire | E13: =IFERROR(IF(LEN(INDEX(Metrics!$B$6:$E$70,ROW($A13)-ROW($A$5),MATCH(E$5,Metrics!$B$5:$E$5,0)))=0,"",INDEX(Metrics!$B$6:$E$70,ROW($A13)-ROW($A$5),MATCH(E$5,Metrics!$B$5:$E$5,0))),"") -> USD | F13: =IFERROR(IF(INDEX(Metrics!$G$6:$G$70,MATCH(PY_Actual_Cumulative!$D13,Metrics!$D$6:$D$70,0))=Calc!$K$8,SUM(PY_Actual!$F13:F13),AVERAGE(PY_Actual!$F13:F13)),"") -> 800 | G13: =IFERROR(IF(INDEX(Metrics!$G$6:$G$70,MATCH(PY_Actual_Cumulative!$D13,Metrics!$D$6:$D$70,0))=Calc!$K$8,SUM(PY_Actual!$F13:G13),AVERAGE(PY_Actual!$F13:G13)),"") -> 1000 | H13: =IFERROR(IF(INDEX(Metrics!$G$6:$G$70,MATCH(PY_Actual_Cumulative!$D13,Metrics!$D$6:$D$70,0))=Calc!$K$8,SUM(PY_Actual!$F13:H13),AVERAGE(PY_Actual!$F13:H13)),"") -> 833.33333 | I13: =IFERROR(IF(INDEX(Metrics!$G$6:$G$70,MATCH(PY_Actual_Cumulative!$D13,Metrics!$D$6:$D$70,0))=Calc!$K$8,SUM(PY_Actual!$F13:I13),AVERAGE(PY_Actual!$F13:I13)),"") -> 812.5 | J13: =IFERROR(IF(INDEX(Metrics!$G$6:$G$70,MATCH(PY_Actual_Cumulative!$D13,Metrics!$D$6:$D$70,0))=Calc!$K$8,SUM(PY_Actual!$F13:J13),AVERAGE(PY_Actual!$F13:J13)),"") -> 1010 | K13: =IFERROR(IF(INDEX(Metrics!$G$6:$G$70,MATCH(PY_Actual_Cumulative!$D13,Metrics!$D$6:$D$70,0))=Calc!$K$8,SUM(PY_Actual!$F13:K13),AVERAGE(PY_Actual!$F13:K13)),"") -> 1041.6667 | L13: =IFERROR(IF(INDEX(Metrics!$G$6:$G$70,MATCH(PY_Actual_Cumulative!$D13,Metrics!$D$6:$D$70,0))=Calc!$K$8,SUM(PY_Actual!$F13:L13),AVERAGE(PY_Actual!$F13:L13)),"") -> 1041.6667 | M13: =IFERROR(IF(INDEX(Metrics!$G$6:$G$70,MATCH(PY_Actual_Cumulative!$D13,Metrics!$D$6:$D$70,0))=Calc!$K$8,SUM(PY_Actual!$F13:M13),AVERAGE(PY_Actual!$F13:M13)),"") -> 1041.6667 | ... Q13: =IFERROR(IF(INDEX(Metrics!$G$6:$G$70,MATCH(PY_Actual_Cumulative!$D13,Metrics!$D$6:$D$70,0))=Calc!$K$8,SUM(PY_Actual!$F13:Q13),AVERAGE(PY_Actual!$F13:Q13)),"") -> 1041.6667
B14: =IFERROR(IF(LEN(INDEX(Metrics!$B$6:$E$70,ROW($A14)-ROW($A$5),MATCH(B$5,Metrics!$B$5:$E$5,0)))=0,"",INDEX(Metrics!$B$6:$E$70,ROW($A14)-ROW($A$5),MATCH(B$5,Metrics!$B$5:$E$5,0))),"") -> 202 | C14: =IFERROR(IF(LEN(INDEX(Metrics!$B$6:$E$70,ROW($A14)-ROW($A$5),MATCH(C$5,Metrics!$B$5:$E$5,0)))=0,"",INDEX(Metrics!$B$6:$E$70,ROW($A14)-ROW($A$5),MATCH(C$5,Metrics!$B$5:$E$5,0))),"") -> Cost and Investment | D14: =IFERROR(IF(LEN(INDEX(Metrics!$B$6:$E$70,ROW($A14)-ROW($A$5),MATCH(D$5,Metrics!$B$5:$E$5,0)))=0,"",INDEX(Metrics!$B$6:$E$70,ROW($A14)-ROW($A$5),MATCH(D$5,Metrics!$B$5:$E$5,0))),"") -> Recruitment Marketing ROI | E14: =IFERROR(IF(LEN(INDEX(Metrics!$B$6:$E$70,ROW($A14)-ROW($A$5),MATCH(E$5,Metrics!$B$5:$E$5,0)))=0,"",INDEX(Metrics!$B$6:$E$70,ROW($A14)-ROW($A$5),MATCH(E$5,Metrics!$B$5:$E$5,0))),"") -> % | F14: =IFERROR(IF(INDEX(Metrics!$G$6:$G$70,MATCH(PY_Actual_Cumulative!$D14,Metrics!$D$6:$D$70,0))=Calc!$K$8,SUM(PY_Actual!$F14:F14),AVERAGE(PY_Actual!$F14:F14)),"") -> 0.12 | G14: =IFERROR(IF(INDEX(Metrics!$G$6:$G$70,MATCH(PY_Actual_Cumulative!$D14,Metrics!$D$6:$D$70,0))=Calc!$K$8,SUM(PY_Actual!$F14:G14),AVERAGE(PY_Actual!$F14:G14)),"") -> 0.12 | H14: =IFERROR(IF(INDEX(Metrics!$G$6:$G$70,MATCH(PY_Actual_Cumulative!$D14,Metrics!$D$6:$D$70,0))=Calc!$K$8,SUM(PY_Actual!$F14:H14),AVERAGE(PY_Actual!$F14:H14)),"") -> 0.13 | I14: =IFERROR(IF(INDEX(Metrics!$G$6:$G$70,MATCH(PY_Actual_Cumulative!$D14,Metrics!$D$6:$D$70,0))=Calc!$K$8,SUM(PY_Actual!$F14:I14),AVERAGE(PY_Actual!$F14:I14)),"") -> 0.135 | J14: =IFERROR(IF(INDEX(Metrics!$G$6:$G$70,MATCH(PY_Actual_Cumulative!$D14,Metrics!$D$6:$D$70,0))=Calc!$K$8,SUM(PY_Actual!$F14:J14),AVERAGE(PY_Actual!$F14:J14)),"") -> 0.148 | K14: =IFERROR(IF(INDEX(Metrics!$G$6:$G$70,MATCH(PY_Actual_Cumulative!$D14,Metrics!$D$6:$D$70,0))=Calc!$K$8,SUM(PY_Actual!$F14:K14),AVERAGE(PY_Actual!$F14:K14)),"") -> 0.15333333 | L14: =IFERROR(IF(INDEX(Metrics!$G$6:$G$70,MATCH(PY_Actual_Cumulative!$D14,Metrics!$D$6:$D$70,0))=Calc!$K$8,SUM(PY_Actual!$F14:L14),AVERAGE(PY_Actual!$F14:L14)),"") -> 0.15333333 | M14: =IFERROR(IF(INDEX(Metrics!$G$6:$G$70,MATCH(PY_Actual_Cumulative!$D14,Metrics!$D$6:$D$70,0))=Calc!$K$8,SUM(PY_Actual!$F14:M14),AVERAGE(PY_Actual!$F14:M14)),"") -> 0.15333333 | ... Q14: =IFERROR(IF(INDEX(Metrics!$G$6:$G$70,MATCH(PY_Actual_Cumulative!$D14,Metrics!$D$6:$D$70,0))=Calc!$K$8,SUM(PY_Actual!$F14:Q14),AVERAGE(PY_Actual!$F14:Q14)),"") -> 0.15333333
B15: =IFERROR(IF(LEN(INDEX(Metrics!$B$6:$E$70,ROW($A15)-ROW($A$5),MATCH(B$5,Metrics!$B$5:$E$5,0)))=0,"",INDEX(Metrics!$B$6:$E$70,ROW($A15)-ROW($A$5),MATCH(B$5,Metrics!$B$5:$E$5,0))),"") -> 203 | C15: =IFERROR(IF(LEN(INDEX(Metrics!$B$6:$E$70,ROW($A15)-ROW($A$5),MATCH(C$5,Metrics!$B$5:$E$5,0)))=0,"",INDEX(Metrics!$B$6:$E$70,ROW($A15)-ROW($A$5),MATCH(C$5,Metrics!$B$5:$E$5,0))),"") -> Cost and Investment | D15: =IFERROR(IF(LEN(INDEX(Metrics!$B$6:$E$70,ROW($A15)-ROW($A$5),MATCH(D$5,Metrics!$B$5:$E$5,0)))=0,"",INDEX(Metrics!$B$6:$E$70,ROW($A15)-ROW($A$5),MATCH(D$5,Metrics!$B$5:$E$5,0))),"") -> Recruitment Cost Ratio | E15: =IFERROR(IF(LEN(INDEX(Metrics!$B$6:$E$70,ROW($A15)-ROW($A$5),MATCH(E$5,Metrics!$B$5:$E$5,0)))=0,"",INDEX(Metrics!$B$6:$E$70,ROW($A15)-ROW($A$5),MATCH(E$5,Metrics!$B$5:$E$5,0))),"") -> % | F15: =IFERROR(IF(INDEX(Metrics!$G$6:$G$70,MATCH(PY_Actual_Cumulative!$D15,Metrics!$D$6:$D$70,0))=Calc!$K$8,SUM(PY_Actual!$F15:F15),AVERAGE(PY_Actual!$F15:F15)),"") -> 0.03 | G15: =IFERROR(IF(INDEX(Metrics!$G$6:$G$70,MATCH(PY_Actual_Cumulative!$D15,Metrics!$D$6:$D$70,0))=Calc!$K$8,SUM(PY_Actual!$F15:G15),AVERAGE(PY_Actual!$F15:G15)),"") -> 0.03 | H15: =IFERROR(IF(INDEX(Metrics!$G$6:$G$70,MATCH(PY_Actual_Cumulative!$D15,Metrics!$D$6:$D$70,0))=Calc!$K$8,SUM(PY_Actual!$F15:H15),AVERAGE(PY_Actual!$F15:H15)),"") -> 0.026666667 | I15: =IFERROR(IF(INDEX(Metrics!$G$6:$G$70,MATCH(PY_Actual_Cumulative!$D15,Metrics!$D$6:$D$70,0))=Calc!$K$8,SUM(PY_Actual!$F15:I15),AVERAGE(PY_Actual!$F15:I15)),"") -> 0.0255 | J15: =IFERROR(IF(INDEX(Metrics!$G$6:$G$70,MATCH(PY_Actual_Cumulative!$D15,Metrics!$D$6:$D$70,0))=Calc!$K$8,SUM(PY_Actual!$F15:J15),AVERAGE(PY_Actual!$F15:J15)),"") -> 0.0284 | K15: =IFERROR(IF(INDEX(Metrics!$G$6:$G$70,MATCH(PY_Actual_Cumulative!$D15,Metrics!$D$6:$D$70,0))=Calc!$K$8,SUM(PY_Actual!$F15:K15),AVERAGE(PY_Actual!$F15:K15)),"") -> 0.025666667 | L15: =IFERROR(IF(INDEX(Metrics!$G$6:$G$70,MATCH(PY_Actual_Cumulative!$D15,Metrics!$D$6:$D$70,0))=Calc!$K$8,SUM(PY_Actual!$F15:L15),AVERAGE(PY_Actual!$F15:L15)),"") -> 0.025666667 | M15: =IFERROR(IF(INDEX(Metrics!$G$6:$G$70,MATCH(PY_Actual_Cumulative!$D15,Metrics!$D$6:$D$70,0))=Calc!$K$8,SUM(PY_Actual!$F15:M15),AVERAGE(PY_Actual!$F15:M15)),"") -> 0.025666667 | ... Q15: =IFERROR(IF(INDEX(Metrics!$G$6:$G$70,MATCH(PY_Actual_Cumulative!$D15,Metrics!$D$6:$D$70,0))=Calc!$K$8,SUM(PY_Actual!$F15:Q15),AVERAGE(PY_Actual!$F15:Q15)),"") -> 0.025666667
B16: =IFERROR(IF(LEN(INDEX(Metrics!$B$6:$E$70,ROW($A16)-ROW($A$5),MATCH(B$5,Metrics!$B$5:$E$5,0)))=0,"",INDEX(Metrics!$B$6:$E$70,ROW($A16)-ROW($A$5),MATCH(B$5,Metrics!$B$5:$E$5,0))),"") -> 204 | C16: =IFERROR(IF(LEN(INDEX(Metrics!$B$6:$E$70,ROW($A16)-ROW($A$5),MATCH(C$5,Metrics!$B$5:$E$5,0)))=0,"",INDEX(Metrics!$B$6:$E$70,ROW($A16)-ROW($A$5),MATCH(C$5,Metrics!$B$5:$E$5,0))),"") -> Cost and Investment | D16: =IFERROR(IF(LEN(INDEX(Metrics!$B$6:$E$70,ROW($A16)-ROW($A$5),MATCH(D$5,Metrics!$B$5:$E$5,0)))=0,"",INDEX(Metrics!$B$6:$E$70,ROW($A16)-ROW($A$5),MATCH(D$5,Metrics!$B$5:$E$5,0))),"") | E16: =IFERROR(IF(LEN(INDEX(Metrics!$B$6:$E$70,ROW($A16)-ROW($A$5),MATCH(E$5,Metrics!$B$5:$E$5,0)))=0,"",INDEX(Metrics!$B$6:$E$70,ROW($A16)-ROW($A$5),MATCH(E$5,Metrics!$B$5:$E$5,0))),"") | F16: =IFERROR(IF(INDEX(Metrics!$G$6:$G$70,MATCH(PY_Actual_Cumulative!$D16,Metrics!$D$6:$D$70,0))=Calc!$K$8,SUM(PY_Actual!$F16:F16),AVERAGE(PY_Actual!$F16:F16)),"") | G16: =IFERROR(IF(INDEX(Metrics!$G$6:$G$70,MATCH(PY_Actual_Cumulative!$D16,Metrics!$D$6:$D$70,0))=Calc!$K$8,SUM(PY_Actual!$F16:G16),AVERAGE(PY_Actual!$F16:G16)),"") | H16: =IFERROR(IF(INDEX(Metrics!$G$6:$G$70,MATCH(PY_Actual_Cumulative!$D16,Metrics!$D$6:$D$70,0))=Calc!$K$8,SUM(PY_Actual!$F16:H16),AVERAGE(PY_Actual!$F16:H16)),"") | I16: =IFERROR(IF(INDEX(Metrics!$G$6:$G$70,MATCH(PY_Actual_Cumulative!$D16,Metrics!$D$6:$D$70,0))=Calc!$K$8,SUM(PY_Actual!$F16:I16),AVERAGE(PY_Actual!$F16:I16)),"") | J16: =IFERROR(IF(INDEX(Metrics!$G$6:$G$70,MATCH(PY_Actual_Cumulative!$D16,Metrics!$D$6:$D$70,0))=Calc!$K$8,SUM(PY_Actual!$F16:J16),AVERAGE(PY_Actual!$F16:J16)),"") | K16: =IFERROR(IF(INDEX(Metrics!$G$6:$G$70,MATCH(PY_Actual_Cumulative!$D16,Metrics!$D$6:$D$70,0))=Calc!$K$8,SUM(PY_Actual!$F16:K16),AVERAGE(PY_Actual!$F16:K16)),"") | L16: =IFERROR(IF(INDEX(Metrics!$G$6:$G$70,MATCH(PY_Actual_Cumulative!$D16,Metrics!$D$6:$D$70,0))=Calc!$K$8,SUM(PY_Actual!$F16:L16),AVERAGE(PY_Actual!$F16:L16)),"") | M16: =IFERROR(IF(INDEX(Metrics!$G$6:$G$70,MATCH(PY_Actual_Cumulative!$D16,Metrics!$D$6:$D$70,0))=Calc!$K$8,SUM(PY_Actual!$F16:M16),AVERAGE(PY_Actual!$F16:M16)),"") | ... Q16: =IFERROR(IF(INDEX(Metrics!$G$6:$G$70,MATCH(PY_Actual_Cumulative!$D16,Metrics!$D$6:$D$70,0))=Calc!$K$8,SUM(PY_Actual!$F16:Q16),AVERAGE(PY_Actual!$F16:Q16)),"")
B17: =IFERROR(IF(LEN(INDEX(Metrics!$B$6:$E$70,ROW($A17)-ROW($A$5),MATCH(B$5,Metrics!$B$5:$E$5,0)))=0,"",INDEX(Metrics!$B$6:$E$70,ROW($A17)-ROW($A$5),MATCH(B$5,Metrics!$B$5:$E$5,0))),"") -> 205 | C17: =IFERROR(IF(LEN(INDEX(Metrics!$B$6:$E$70,ROW($A17)-ROW($A$5),MATCH(C$5,Metrics!$B$5:$E$5,0)))=0,"",INDEX(Metrics!$B$6:$E$70,ROW($A17)-ROW($A$5),MATCH(C$5,Metrics!$B$5:$E$5,0))),"") -> Cost and Investment | D17: =IFERROR(IF(LEN(INDEX(Metrics!$B$6:$E$70,ROW($A17)-ROW($A$5),MATCH(D$5,Metrics!$B$5:$E$5,0)))=0,"",INDEX(Metrics!$B$6:$E$70,ROW($A17)-ROW($A$5),MATCH(D$5,Metrics!$B$5:$E$5,0))),"") | E17: =IFERROR(IF(LEN(INDEX(Metrics!$B$6:$E$70,ROW($A17)-ROW($A$5),MATCH(E$5,Metrics!$B$5:$E$5,0)))=0,"",INDEX(Metrics!$B$6:$E$70,ROW($A17)-ROW($A$5),MATCH(E$5,Metrics!$B$5:$E$5,0))),"") | F17: =IFERROR(IF(INDEX(Metrics!$G$6:$G$70,MATCH(PY_Actual_Cumulative!$D17,Metrics!$D$6:$D$70,0))=Calc!$K$8,SUM(PY_Actual!$F17:F17),AVERAGE(PY_Actual!$F17:F17)),"") | G17: =IFERROR(IF(INDEX(Metrics!$G$6:$G$70,MATCH(PY_Actual_Cumulative!$D17,Metrics!$D$6:$D$70,0))=Calc!$K$8,SUM(PY_Actual!$F17:G17),AVERAGE(PY_Actual!$F17:G17)),"") | H17: =IFERROR(IF(INDEX(Metrics!$G$6:$G$70,MATCH(PY_Actual_Cumulative!$D17,Metrics!$D$6:$D$70,0))=Calc!$K$8,SUM(PY_Actual!$F17:H17),AVERAGE(PY_Actual!$F17:H17)),"") | I17: =IFERROR(IF(INDEX(Metrics!$G$6:$G$70,MATCH(PY_Actual_Cumulative!$D17,Metrics!$D$6:$D$70,0))=Calc!$K$8,SUM(PY_Actual!$F17:I17),AVERAGE(PY_Actual!$F17:I17)),"") | J17: =IFERROR(IF(INDEX(Metrics!$G$6:$G$70,MATCH(PY_Actual_Cumulative!$D17,Metrics!$D$6:$D$70,0))=Calc!$K$8,SUM(PY_Actual!$F17:J17),AVERAGE(PY_Actual!$F17:J17)),"") | K17: =IFERROR(IF(INDEX(Metrics!$G$6:$G$70,MATCH(PY_Actual_Cumulative!$D17,Metrics!$D$6:$D$70,0))=Calc!$K$8,SUM(PY_Actual!$F17:K17),AVERAGE(PY_Actual!$F17:K17)),"") | L17: =IFERROR(IF(INDEX(Metrics!$G$6:$G$70,MATCH(PY_Actual_Cumulative!$D17,Metrics!$D$6:$D$70,0))=Calc!$K$8,SUM(PY_Actual!$F17:L17),AVERAGE(PY_Actual!$F17:L17)),"") | M17: =IFERROR(IF(INDEX(Metrics!$G$6:$G$70,MATCH(PY_Actual_Cumulative!$D17,Metrics!$D$6:$D$70,0))=Calc!$K$8,SUM(PY_Actual!$F17:M17),AVERAGE(PY_Actual!$F17:M17)),"") | ... Q17: =IFERROR(IF(INDEX(Metrics!$G$6:$G$70,MATCH(PY_Actual_Cumulative!$D17,Metrics!$D$6:$D$70,0))=Calc!$K$8,SUM(PY_Actual!$F17:Q17),AVERAGE(PY_Actual!$F17:Q17)),"")
... B70: =IFERROR(IF(LEN(INDEX(Metrics!$B$6:$E$70,ROW($A70)-ROW($A$5),MATCH(B$5,Metrics!$B$5:$E$5,0)))=0,"",INDEX(Metrics!$B$6:$E$70,ROW($A70)-ROW($A$5),MATCH(B$5,Metrics!$B$5:$E$5,0))),"") | C70: =IFERROR(IF(LEN(INDEX(Metrics!$B$6:$E$70,ROW($A70)-ROW($A$5),MATCH(C$5,Metrics!$B$5:$E$5,0)))=0,"",INDEX(Metrics!$B$6:$E$70,ROW($A70)-ROW($A$5),MATCH(C$5,Metrics!$B$5:$E$5,0))),"") | D70: =IFERROR(IF(LEN(INDEX(Metrics!$B$6:$E$70,ROW($A70)-ROW($A$5),MATCH(D$5,Metrics!$B$5:$E$5,0)))=0,"",INDEX(Metrics!$B$6:$E$70,ROW($A70)-ROW($A$5),MATCH(D$5,Metrics!$B$5:$E$5,0))),"") | E70: =IFERROR(IF(LEN(INDEX(Metrics!$B$6:$E$70,ROW($A70)-ROW($A$5),MATCH(E$5,Metrics!$B$5:$E$5,0)))=0,"",INDEX(Metrics!$B$6:$E$70,ROW($A70)-ROW($A$5),MATCH(E$5,Metrics!$B$5:$E$5,0))),"") | F70: =IFERROR(IF(INDEX(Metrics!$G$6:$G$70,MATCH(PY_Actual_Cumulative!$D70,Metrics!$D$6:$D$70,0))=Calc!$K$8,SUM(PY_Actual!$F70:F70),AVERAGE(PY_Actual!$F70:F70)),"") | G70: =IFERROR(IF(INDEX(Metrics!$G$6:$G$70,MATCH(PY_Actual_Cumulative!$D70,Metrics!$D$6:$D$70,0))=Calc!$K$8,SUM(PY_Actual!$F70:G70),AVERAGE(PY_Actual!$F70:G70)),"") | H70: =IFERROR(IF(INDEX(Metrics!$G$6:$G$70,MATCH(PY_Actual_Cumulative!$D70,Metrics!$D$6:$D$70,0))=Calc!$K$8,SUM(PY_Actual!$F70:H70),AVERAGE(PY_Actual!$F70:H70)),"") | I70: =IFERROR(IF(INDEX(Metrics!$G$6:$G$70,MATCH(PY_Actual_Cumulative!$D70,Metrics!$D$6:$D$70,0))=Calc!$K$8,SUM(PY_Actual!$F70:I70),AVERAGE(PY_Actual!$F70:I70)),"") | J70: =IFERROR(IF(INDEX(Metrics!$G$6:$G$70,MATCH(PY_Actual_Cumulative!$D70,Metrics!$D$6:$D$70,0))=Calc!$K$8,SUM(PY_Actual!$F70:J70),AVERAGE(PY_Actual!$F70:J70)),"") | K70: =IFERROR(IF(INDEX(Metrics!$G$6:$G$70,MATCH(PY_Actual_Cumulative!$D70,Metrics!$D$6:$D$70,0))=Calc!$K$8,SUM(PY_Actual!$F70:K70),AVERAGE(PY_Actual!$F70:K70)),"") | L70: =IFERROR(IF(INDEX(Metrics!$G$6:$G$70,MATCH(PY_Actual_Cumulative!$D70,Metrics!$D$6:$D$70,0))=Calc!$K$8,SUM(PY_Actual!$F70:L70),AVERAGE(PY_Actual!$F70:L70)),"") | M70: =IFERROR(IF(INDEX(Metrics!$G$6:$G$70,MATCH(PY_Actual_Cumulative!$D70,Metrics!$D$6:$D$70,0))=Calc!$K$8,SUM(PY_Actual!$F70:M70),AVERAGE(PY_Actual!$F70:M70)),"") | ... Q70: =IFERROR(IF(INDEX(Metrics!$G$6:$G$70,MATCH(PY_Actual_Cumulative!$D70,Metrics!$D$6:$D$70,0))=Calc!$K$8,SUM(PY_Actual!$F70:Q70),AVERAGE(PY_Actual!$F70:Q70)),"")

Sheet Monthly_Analysis
C2: RECRUITMENT KPI DASHBOARD
C3: MONTHLY DASHBOARD
B5: Month | C5: Jan 2024 | G5: Monthly | M5: Cumulative
B7: KPI Code | C7: KPI Group | D7: Criteria | E7: Unit | G7: Previous Year | H7: Target | I7: Actual | J7: Act vs. PY_x000D_ Index | K7: Act vs. Trgt Index | M7: Previous Year | N7: Target | O7: Actual | P7: Act vs. PY_x000D_ Index | Q7: Act vs. Trgt Index
B8: =IFERROR(IF(LEN(INDEX(Metrics!$B$6:$E$70,ROW($A8)-ROW($A$7),MATCH(B$7,Metrics!$B$5:$E$5,0)))=0,"",INDEX(Metrics!$B$6:$E$70,ROW($A8)-ROW($A$7),MATCH(B$7,Metrics!$B$5:$E$5,0))),"") -> 101 | C8: =IFERROR(IF(LEN(INDEX(Metrics!$B$6:$E$70,ROW($A8)-ROW($A$7),MATCH(C$7,Metrics!$B$5:$E$5,0)))=0,"",INDEX(Metrics!$B$6:$E$70,ROW($A8)-ROW($A$7),MATCH(C$7,Metrics!$B$5:$E$5,0))),"") -> Efficiency and Speed | D8: =IFERROR(IF(LEN(INDEX(Metrics!$B$6:$E$70,ROW($A8)-ROW($A$7),MATCH(D$7,Metrics!$B$5:$E$5,0)))=0,"",INDEX(Metrics!$B$6:$E$70,ROW($A8)-ROW($A$7),MATCH(D$7,Metrics!$B$5:$E$5,0))),"") -> Time to Fill | E8: =IFERROR(IF(LEN(INDEX(Metrics!$B$6:$E$70,ROW($A8)-ROW($A$7),MATCH(E$7,Metrics!$B$5:$E$5,0)))=0,"",INDEX(Metrics!$B$6:$E$70,ROW($A8)-ROW($A$7),MATCH(E$7,Metrics!$B$5:$E$5,0))),"") -> Days | G8: =IFERROR(IF(D8="","",IF(LEN(INDEX(PY_Actual!$F$6:$Q$70,MATCH(Monthly_Analysis!$D8,PY_Actual!$D$6:$D$70,0),MATCH(Calc!$L$11,PY_Actual!$F$5:$Q$5,0)))=0,"",INDEX(PY_Actual!$F$6:$Q$70,MATCH(Monthly_Analysis!$D8,PY_Actual!$D$6:$D$70,0),MATCH(Calc!$L$11,PY_Actual!$F$5:$Q$5,0)))),"") -> 50 | H8: =IFERROR(IF(D8="","",IF(LEN(INDEX(CY_Target!$F$6:$Q$70,MATCH(Monthly_Analysis!$D8,CY_Target!$D$6:$D$70,0),MATCH(Calc!$L$10,CY_Target!$F$5:$Q$5,0)))=0,"",INDEX(CY_Target!$F$6:$Q$70,MATCH(Monthly_Analysis!$D8,CY_Target!$D$6:$D$70,0),MATCH(Calc!$L$10,CY_Target!$F$5:$Q$5,0)))),"") -> 40 | I8: =IFERROR(IF(D8="","",IF(LEN(INDEX(CY_Actual!$F$6:$Q$70,MATCH(Monthly_Analysis!$D8,CY_Actual!$D$6:$D$70,0),MATCH(Calc!$L$10,CY_Actual!$F$5:$Q$5,0)))=0,"",INDEX(CY_Actual!$F$6:$Q$70,MATCH(Monthly_Analysis!$D8,CY_Actual!$D$6:$D$70,0),MATCH(Calc!$L$10,CY_Actual!$F$5:$Q$5,0)))),"") -> 30 | J8: =IFERROR(IF(OR(LEN($D8)=0,LEN(G8)=0,LEN(I8)=0),"",IF(INDEX(Metrics!$F$6:$F$70,MATCH(Monthly_Analysis!$B8,Metrics!$B$6:$B$70,0))=Calc!$L$7,G8/I8*100,I8/G8*100)),100) -> 166.66667 | K8: =IFERROR(IF(OR(LEN($D8)=0,LEN(H8)=0,LEN(I8)=0),"",IF(INDEX(Metrics!$F$6:$F$70,MATCH(Monthly_Analysis!$B8,Metrics!$B$6:$B$70,0))=Calc!$L$7,H8/I8*100,I8/H8*100)),100) -> 133.33333 | M8: =IFERROR(IF(B8="","",INDEX(PY_Actual_Cumulative!$F$6:$Q$70,MATCH(Monthly_Analysis!$B8,PY_Actual_Cumulative!$B$6:$B$70,0),MATCH(Calc!$L$11,PY_Actual_Cumulative!$F$5:$Q$5,0))),"") -> 50 | N8: =IFERROR(IF(B8="","",INDEX(CY_Target_Cumulative!$F$6:$Q$70,MATCH(Monthly_Analysis!$B8,CY_Target_Cumulative!$B$6:$B$70,0),MATCH(Calc!$L$10,CY_Target_Cumulative!$F$5:$Q$5,0))),"") -> 40 | O8: =IFERROR(IF(B8="","",INDEX(CY_Actual_Cumulative!$F$6:$Q$70,MATCH(Monthly_Analysis!$B8,CY_Actual_Cumulative!$B$6:$B$70,0),MATCH(Calc!$L$10,CY_Actual_Cumulative!$F$5:$Q$5,0))),"") -> 30 | P8: =IFERROR(IF(OR(LEN($D8)=0,LEN(M8)=0,LEN(O8)=0),"",IF(INDEX(Metrics!$F$6:$F$70,MATCH(Monthly_Analysis!$B8,Metrics!$B$6:$B$70,0))=Calc!$L$7,M8/O8*100,O8/M8*100)),100) -> 166.66667 | Q8: =IFERROR(IF(OR(LEN($D8)=0,LEN(N8)=0,LEN(O8)=0),"",IF(INDEX(Metrics!$F$6:$F$70,MATCH(Monthly_Analysis!$B8,Metrics!$B$6:$B$70,0))=Calc!$L$7,N8/O8*100,O8/N8*100)),100) -> 133.33333
B9: =IFERROR(IF(LEN(INDEX(Metrics!$B$6:$E$70,ROW($A9)-ROW($A$7),MATCH(B$7,Metrics!$B$5:$E$5,0)))=0,"",INDEX(Metrics!$B$6:$E$70,ROW($A9)-ROW($A$7),MATCH(B$7,Metrics!$B$5:$E$5,0))),"") -> 102 | C9: =IFERROR(IF(LEN(INDEX(Metrics!$B$6:$E$70,ROW($A9)-ROW($A$7),MATCH(C$7,Metrics!$B$5:$E$5,0)))=0,"",INDEX(Metrics!$B$6:$E$70,ROW($A9)-ROW($A$7),MATCH(C$7,Metrics!$B$5:$E$5,0))),"") -> Efficiency and Speed | D9: =IFERROR(IF(LEN(INDEX(Metrics!$B$6:$E$70,ROW($A9)-ROW($A$7),MATCH(D$7,Metrics!$B$5:$E$5,0)))=0,"",INDEX(Metrics!$B$6:$E$70,ROW($A9)-ROW($A$7),MATCH(D$7,Metrics!$B$5:$E$5,0))),"") -> Time to Hire | E9: =IFERROR(IF(LEN(INDEX(Metrics!$B$6:$E$70,ROW($A9)-ROW($A$7),MATCH(E$7,Metrics!$B$5:$E$5,0)))=0,"",INDEX(Metrics!$B$6:$E$70,ROW($A9)-ROW($A$7),MATCH(E$7,Metrics!$B$5:$E$5,0))),"") -> Days | G9: =IFERROR(IF(D9="","",IF(LEN(INDEX(PY_Actual!$F$6:$Q$70,MATCH(Monthly_Analysis!$D9,PY_Actual!$D$6:$D$70,0),MATCH(Calc!$L$11,PY_Actual!$F$5:$Q$5,0)))=0,"",INDEX(PY_Actual!$F$6:$Q$70,MATCH(Monthly_Analysis!$D9,PY_Actual!$D$6:$D$70,0),MATCH(Calc!$L$11,PY_Actual!$F$5:$Q$5,0)))),"") -> 25 | H9: =IFERROR(IF(D9="","",IF(LEN(INDEX(CY_Target!$F$6:$Q$70,MATCH(Monthly_Analysis!$D9,CY_Target!$D$6:$D$70,0),MATCH(Calc!$L$10,CY_Target!$F$5:$Q$5,0)))=0,"",INDEX(CY_Target!$F$6:$Q$70,MATCH(Monthly_Analysis!$D9,CY_Target!$D$6:$D$70,0),MATCH(Calc!$L$10,CY_Target!$F$5:$Q$5,0)))),"") -> 15 | I9: =IFERROR(IF(D9="","",IF(LEN(INDEX(CY_Actual!$F$6:$Q$70,MATCH(Monthly_Analysis!$D9,CY_Actual!$D$6:$D$70,0),MATCH(Calc!$L$10,CY_Actual!$F$5:$Q$5,0)))=0,"",INDEX(CY_Actual!$F$6:$Q$70,MATCH(Monthly_Analysis!$D9,CY_Actual!$D$6:$D$70,0),MATCH(Calc!$L$10,CY_Actual!$F$5:$Q$5,0)))),"") -> 20 | J9: =IFERROR(IF(OR(LEN($D9)=0,LEN(G9)=0,LEN(I9)=0),"",IF(INDEX(Metrics!$F$6:$F$70,MATCH(Monthly_Analysis!$B9,Metrics!$B$6:$B$70,0))=Calc!$L$7,G9/I9*100,I9/G9*100)),100) -> 125 | K9: =IFERROR(IF(OR(LEN($D9)=0,LEN(H9)=0,LEN(I9)=0),"",IF(INDEX(Metrics!$F$6:$F$70,MATCH(Monthly_Analysis!$B9,Metrics!$B$6:$B$70,0))=Calc!$L$7,H9/I9*100,I9/H9*100)),100) -> 75 | M9: =IFERROR(IF(B9="","",INDEX(PY_Actual_Cumulative!$F$6:$Q$70,MATCH(Monthly_Analysis!$B9,PY_Actual_Cumulative!$B$6:$B$70,0),MATCH(Calc!$L$11,PY_Actual_Cumulative!$F$5:$Q$5,0))),"") -> 25 | N9: =IFERROR(IF(B9="","",INDEX(CY_Target_Cumulative!$F$6:$Q$70,MATCH(Monthly_Analysis!$B9,CY_Target_Cumulative!$B$6:$B$70,0),MATCH(Calc!$L$10,CY_Target_Cumulative!$F$5:$Q$5,0))),"") -> 15 | O9: =IFERROR(IF(B9="","",INDEX(CY_Actual_Cumulative!$F$6:$Q$70,MATCH(Monthly_Analysis!$B9,CY_Actual_Cumulative!$B$6:$B$70,0),MATCH(Calc!$L$10,CY_Actual_Cumulative!$F$5:$Q$5,0))),"") -> 20 | P9: =IFERROR(IF(OR(LEN($D9)=0,LEN(M9)=0,LEN(O9)=0),"",IF(INDEX(Metrics!$F$6:$F$70,MATCH(Monthly_Analysis!$B9,Metrics!$B$6:$B$70,0))=Calc!$L$7,M9/O9*100,O9/M9*100)),100) -> 125 | Q9: =IFERROR(IF(OR(LEN($D9)=0,LEN(N9)=0,LEN(O9)=0),"",IF(INDEX(Metrics!$F$6:$F$70,MATCH(Monthly_Analysis!$B9,Metrics!$B$6:$B$70,0))=Calc!$L$7,N9/O9*100,O9/N9*100)),100) -> 75
B10: =IFERROR(IF(LEN(INDEX(Metrics!$B$6:$E$70,ROW($A10)-ROW($A$7),MATCH(B$7,Metrics!$B$5:$E$5,0)))=0,"",INDEX(Metrics!$B$6:$E$70,ROW($A10)-ROW($A$7),MATCH(B$7,Metrics!$B$5:$E$5,0))),"") -> 103 | C10: =IFERROR(IF(LEN(INDEX(Metrics!$B$6:$E$70,ROW($A10)-ROW($A$7),MATCH(C$7,Metrics!$B$5:$E$5,0)))=0,"",INDEX(Metrics!$B$6:$E$70,ROW($A10)-ROW($A$7),MATCH(C$7,Metrics!$B$5:$E$5,0))),"") -> Efficiency and Speed | D10: =IFERROR(IF(LEN(INDEX(Metrics!$B$6:$E$70,ROW($A10)-ROW($A$7),MATCH(D$7,Metrics!$B$5:$E$5,0)))=0,"",INDEX(Metrics!$B$6:$E$70,ROW($A10)-ROW($A$7),MATCH(D$7,Metrics!$B$5:$E$5,0))),"") -> Hiring Velocity | E10: =IFERROR(IF(LEN(INDEX(Metrics!$B$6:$E$70,ROW($A10)-ROW($A$7),MATCH(E$7,Metrics!$B$5:$E$5,0)))=0,"",INDEX(Metrics!$B$6:$E$70,ROW($A10)-ROW($A$7),MATCH(E$7,Metrics!$B$5:$E$5,0))),"") -> % | G10: =IFERROR(IF(D10="","",IF(LEN(INDEX(PY_Actual!$F$6:$Q$70,MATCH(Monthly_Analysis!$D10,PY_Actual!$D$6:$D$70,0),MATCH(Calc!$L$11,PY_Actual!$F$5:$Q$5,0)))=0,"",INDEX(PY_Actual!$F$6:$Q$70,MATCH(Monthly_Analysis!$D10,PY_Actual!$D$6:$D$70,0),MATCH(Calc!$L$11,PY_Actual!$F$5:$Q$5,0)))),"") -> 0.015 | H10: =IFERROR(IF(D10="","",IF(LEN(INDEX(CY_Target!$F$6:$Q$70,MATCH(Monthly_Analysis!$D10,CY_Target!$D$6:$D$70,0),MATCH(Calc!$L$10,CY_Target!$F$5:$Q$5,0)))=0,"",INDEX(CY_Target!$F$6:$Q$70,MATCH(Monthly_Analysis!$D10,CY_Target!$D$6:$D$70,0),MATCH(Calc!$L$10,CY_Target!$F$5:$Q$5,0)))),"") -> 0.02 | I10: =IFERROR(IF(D10="","",IF(LEN(INDEX(CY_Actual!$F$6:$Q$70,MATCH(Monthly_Analysis!$D10,CY_Actual!$D$6:$D$70,0),MATCH(Calc!$L$10,CY_Actual!$F$5:$Q$5,0)))=0,"",INDEX(CY_Actual!$F$6:$Q$70,MATCH(Monthly_Analysis!$D10,CY_Actual!$D$6:$D$70,0),MATCH(Calc!$L$10,CY_Actual!$F$5:$Q$5,0)))),"") -> 0.02 | J10: =IFERROR(IF(OR(LEN($D10)=0,LEN(G10)=0,LEN(I10)=0),"",IF(INDEX(Metrics!$F$6:$F$70,MATCH(Monthly_Analysis!$B10,Metrics!$B$6:$B$70,0))=Calc!$L$7,G10/I10*100,I10/G10*100)),100) -> 75 | K10: =IFERROR(IF(OR(LEN($D10)=0,LEN(H10)=0,LEN(I10)=0),"",IF(INDEX(Metrics!$F$6:$F$70,MATCH(Monthly_Analysis!$B10,Metrics!$B$6:$B$70,0))=Calc!$L$7,H10/I10*100,I10/H10*100)),100) -> 100 | M10: =IFERROR(IF(B10="","",INDEX(PY_Actual_Cumulative!$F$6:$Q$70,MATCH(Monthly_Analysis!$B10,PY_Actual_Cumulative!$B$6:$B$70,0),MATCH(Calc!$L$11,PY_Actual_Cumulative!$F$5:$Q$5,0))),"") -> 0.015 | N10: =IFERROR(IF(B10="","",INDEX(CY_Target_Cumulative!$F$6:$Q$70,MATCH(Monthly_Analysis!$B10,CY_Target_Cumulative!$B$6:$B$70,0),MATCH(Calc!$L$10,CY_Target_Cumulative!$F$5:$Q$5,0))),"") -> 0.02 | O10: =IFERROR(IF(B10="","",INDEX(CY_Actual_Cumulative!$F$6:$Q$70,MATCH(Monthly_Analysis!$B10,CY_Actual_Cumulative!$B$6:$B$70,0),MATCH(Calc!$L$10,CY_Actual_Cumulative!$F$5:$Q$5,0))),"") -> 0.02 | P10: =IFERROR(IF(OR(LEN($D10)=0,LEN(M10)=0,LEN(O10)=0),"",IF(INDEX(Metrics!$F$6:$F$70,MATCH(Monthly_Analysis!$B10,Metrics!$B$6:$B$70,0))=Calc!$L$7,M10/O10*100,O10/M10*100)),100) -> 75 | Q10: =IFERROR(IF(OR(LEN($D10)=0,LEN(N10)=0,LEN(O10)=0),"",IF(INDEX(Metrics!$F$6:$F$70,MATCH(Monthly_Analysis!$B10,Metrics!$B$6:$B$70,0))=Calc!$L$7,N10/O10*100,O10/N10*100)),100) -> 100
B11: =IFERROR(IF(LEN(INDEX(Metrics!$B$6:$E$70,ROW($A11)-ROW($A$7),MATCH(B$7,Metrics!$B$5:$E$5,0)))=0,"",INDEX(Metrics!$B$6:$E$70,ROW($A11)-ROW($A$7),MATCH(B$7,Metrics!$B$5:$E$5,0))),"") -> 104 | C11: =IFERROR(IF(LEN(INDEX(Metrics!$B$6:$E$70,ROW($A11)-ROW($A$7),MATCH(C$7,Metrics!$B$5:$E$5,0)))=0,"",INDEX(Metrics!$B$6:$E$70,ROW($A11)-ROW($A$7),MATCH(C$7,Metrics!$B$5:$E$5,0))),"") -> Efficiency and Speed | D11: =IFERROR(IF(LEN(INDEX(Metrics!$B$6:$E$70,ROW($A11)-ROW($A$7),MATCH(D$7,Metrics!$B$5:$E$5,0)))=0,"",INDEX(Metrics!$B$6:$E$70,ROW($A11)-ROW($A$7),MATCH(D$7,Metrics!$B$5:$E$5,0))),"") -> Average Interview Duration | E11: =IFERROR(IF(LEN(INDEX(Metrics!$B$6:$E$70,ROW($A11)-ROW($A$7),MATCH(E$7,Metrics!$B$5:$E$5,0)))=0,"",INDEX(Metrics!$B$6:$E$70,ROW($A11)-ROW($A$7),MATCH(E$7,Metrics!$B$5:$E$5,0))),"") -> Minutes | G11: =IFERROR(IF(D11="","",IF(LEN(INDEX(PY_Actual!$F$6:$Q$70,MATCH(Monthly_Analysis!$D11,PY_Actual!$D$6:$D$70,0),MATCH(Calc!$L$11,PY_Actual!$F$5:$Q$5,0)))=0,"",INDEX(PY_Actual!$F$6:$Q$70,MATCH(Monthly_Analysis!$D11,PY_Actual!$D$6:$D$70,0),MATCH(Calc!$L$11,PY_Actual!$F$5:$Q$5,0)))),"") -> 50 | H11: =IFERROR(IF(D11="","",IF(LEN(INDEX(CY_Target!$F$6:$Q$70,MATCH(Monthly_Analysis!$D11,CY_Target!$D$6:$D$70,0),MATCH(Calc!$L$10,CY_Target!$F$5:$Q$5,0)))=0,"",INDEX(CY_Target!$F$6:$Q$70,MATCH(Monthly_Analysis!$D11,CY_Target!$D$6:$D$70,0),MATCH(Calc!$L$10,CY_Target!$F$5:$Q$5,0)))),"") -> 40 | I11: =IFERROR(IF(D11="","",IF(LEN(INDEX(CY_Actual!$F$6:$Q$70,MATCH(Monthly_Analysis!$D11,CY_Actual!$D$6:$D$70,0),MATCH(Calc!$L$10,CY_Actual!$F$5:$Q$5,0)))=0,"",INDEX(CY_Actual!$F$6:$Q$70,MATCH(Monthly_Analysis!$D11,CY_Actual!$D$6:$D$70,0),MATCH(Calc!$L$10,CY_Actual!$F$5:$Q$5,0)))),"") -> 45 | J11: =IFERROR(IF(OR(LEN($D11)=0,LEN(G11)=0,LEN(I11)=0),"",IF(INDEX(Metrics!$F$6:$F$70,MATCH(Monthly_Analysis!$B11,Metrics!$B$6:$B$70,0))=Calc!$L$7,G11/I11*100,I11/G11*100)),100) -> 111.11111 | K11: =IFERROR(IF(OR(LEN($D11)=0,LEN(H11)=0,LEN(I11)=0),"",IF(INDEX(Metrics!$F$6:$F$70,MATCH(Monthly_Analysis!$B11,Metrics!$B$6:$B$70,0))=Calc!$L$7,H11/I11*100,I11/H11*100)),100) -> 88.888889 | M11: =IFERROR(IF(B11="","",INDEX(PY_Actual_Cumulative!$F$6:$Q$70,MATCH(Monthly_Analysis!$B11,PY_Actual_Cumulative!$B$6:$B$70,0),MATCH(Calc!$L$11,PY_Actual_Cumulative!$F$5:$Q$5,0))),"") -> 50 | N11: =IFERROR(IF(B11="","",INDEX(CY_Target_Cumulative!$F$6:$Q$70,MATCH(Monthly_Analysis!$B11,CY_Target_Cumulative!$B$6:$B$70,0),MATCH(Calc!$L$10,CY_Target_Cumulative!$F$5:$Q$5,0))),"") -> 40 | O11: =IFERROR(IF(B11="","",INDEX(CY_Actual_Cumulative!$F$6:$Q$70,MATCH(Monthly_Analysis!$B11,CY_Actual_Cumulative!$B$6:$B$70,0),MATCH(Calc!$L$10,CY_Actual_Cumulative!$F$5:$Q$5,0))),"") -> 45 | P11: =IFERROR(IF(OR(LEN($D11)=0,LEN(M11)=0,LEN(O11)=0),"",IF(INDEX(Metrics!$F$6:$F$70,MATCH(Monthly_Analysis!$B11,Metrics!$B$6:$B$70,0))=Calc!$L$7,M11/O11*100,O11/M11*100)),100) -> 111.11111 | Q11: =IFERROR(IF(OR(LEN($D11)=0,LEN(N11)=0,LEN(O11)=0),"",IF(INDEX(Metrics!$F$6:$F$70,MATCH(Monthly_Analysis!$B11,Metrics!$B$6:$B$70,0))=Calc!$L$7,N11/O11*100,O11/N11*100)),100) -> 88.888889
B12: =IFERROR(IF(LEN(INDEX(Metrics!$B$6:$E$70,ROW($A12)-ROW($A$7),MATCH(B$7,Metrics!$B$5:$E$5,0)))=0,"",INDEX(Metrics!$B$6:$E$70,ROW($A12)-ROW($A$7),MATCH(B$7,Metrics!$B$5:$E$5,0))),"") -> 105 | C12: =IFERROR(IF(LEN(INDEX(Metrics!$B$6:$E$70,ROW($A12)-ROW($A$7),MATCH(C$7,Metrics!$B$5:$E$5,0)))=0,"",INDEX(Metrics!$B$6:$E$70,ROW($A12)-ROW($A$7),MATCH(C$7,Metrics!$B$5:$E$5,0))),"") -> Efficiency and Speed | D12: =IFERROR(IF(LEN(INDEX(Metrics!$B$6:$E$70,ROW($A12)-ROW($A$7),MATCH(D$7,Metrics!$B$5:$E$5,0)))=0,"",INDEX(Metrics!$B$6:$E$70,ROW($A12)-ROW($A$7),MATCH(D$7,Metrics!$B$5:$E$5,0))),"") -> Screening Efficiency | E12: =IFERROR(IF(LEN(INDEX(Metrics!$B$6:$E$70,ROW($A12)-ROW($A$7),MATCH(E$7,Metrics!$B$5:$E$5,0)))=0,"",INDEX(Metrics!$B$6:$E$70,ROW($A12)-ROW($A$7),MATCH(E$7,Metrics!$B$5:$E$5,0))),"") -> % | G12: =IFERROR(IF(D12="","",IF(LEN(INDEX(PY_Actual!$F$6:$Q$70,MATCH(Monthly_Analysis!$D12,PY_Actual!$D$6:$D$70,0),MATCH(Calc!$L$11,PY_Actual!$F$5:$Q$5,0)))=0,"",INDEX(PY_Actual!$F$6:$Q$70,MATCH(Monthly_Analysis!$D12,PY_Actual!$D$6:$D$70,0),MATCH(Calc!$L$11,PY_Actual!$F$5:$Q$5,0)))),"") -> 0.2 | H12: =IFERROR(IF(D12="","",IF(LEN(INDEX(CY_Target!$F$6:$Q$70,MATCH(Monthly_Analysis!$D12,CY_Target!$D$6:$D$70,0),MATCH(Calc!$L$10,CY_Target!$F$5:$Q$5,0)))=0,"",INDEX(CY_Target!$F$6:$Q$70,MATCH(Monthly_Analysis!$D12,CY_Target!$D$6:$D$70,0),MATCH(Calc!$L$10,CY_Target!$F$5:$Q$5,0)))),"") -> 0.2 | I12: =IFERROR(IF(D12="","",IF(LEN(INDEX(CY_Actual!$F$6:$Q$70,MATCH(Monthly_Analysis!$D12,CY_Actual!$D$6:$D$70,0),MATCH(Calc!$L$10,CY_Actual!$F$5:$Q$5,0)))=0,"",INDEX(CY_Actual!$F$6:$Q$70,MATCH(Monthly_Analysis!$D12,CY_Actual!$D$6:$D$70,0),MATCH(Calc!$L$10,CY_Actual!$F$5:$Q$5,0)))),"") -> 0.3 | J12: =IFERROR(IF(OR(LEN($D12)=0,LEN(G12)=0,LEN(I12)=0),"",IF(INDEX(Metrics!$F$6:$F$70,MATCH(Monthly_Analysis!$B12,Metrics!$B$6:$B$70,0))=Calc!$L$7,G12/I12*100,I12/G12*100)),100) -> 150 | K12: =IFERROR(IF(OR(LEN($D12)=0,LEN(H12)=0,LEN(I12)=0),"",IF(INDEX(Metrics!$F$6:$F$70,MATCH(Monthly_Analysis!$B12,Metrics!$B$6:$B$70,0))=Calc!$L$7,H12/I12*100,I12/H12*100)),100) -> 150 | M12: =IFERROR(IF(B12="","",INDEX(PY_Actual_Cumulative!$F$6:$Q$70,MATCH(Monthly_Analysis!$B12,PY_Actual_Cumulative!$B$6:$B$70,0),MATCH(Calc!$L$11,PY_Actual_Cumulative!$F$5:$Q$5,0))),"") -> 0.2 | N12: =IFERROR(IF(B12="","",INDEX(CY_Target_Cumulative!$F$6:$Q$70,MATCH(Monthly_Analysis!$B12,CY_Target_Cumulative!$B$6:$B$70,0),MATCH(Calc!$L$10,CY_Target_Cumulative!$F$5:$Q$5,0))),"") -> 0.2 | O12: =IFERROR(IF(B12="","",INDEX(CY_Actual_Cumulative!$F$6:$Q$70,MATCH(Monthly_Analysis!$B12,CY_Actual_Cumulative!$B$6:$B$70,0),MATCH(Calc!$L$10,CY_Actual_Cumulative!$F$5:$Q$5,0))),"") -> 0.3 | P12: =IFERROR(IF(OR(LEN($D12)=0,LEN(M12)=0,LEN(O12)=0),"",IF(INDEX(Metrics!$F$6:$F$70,MATCH(Monthly_Analysis!$B12,Metrics!$B$6:$B$70,0))=Calc!$L$7,M12/O12*100,O12/M12*100)),100) -> 150 | Q12: =IFERROR(IF(OR(LEN($D12)=0,LEN(N12)=0,LEN(O12)=0),"",IF(INDEX(Metrics!$F$6:$F$70,MATCH(Monthly_Analysis!$B12,Metrics!$B$6:$B$70,0))=Calc!$L$7,N12/O12*100,O12/N12*100)),100) -> 150
B13: =IFERROR(IF(LEN(INDEX(Metrics!$B$6:$E$70,ROW($A13)-ROW($A$7),MATCH(B$7,Metrics!$B$5:$E$5,0)))=0,"",INDEX(Metrics!$B$6:$E$70,ROW($A13)-ROW($A$7),MATCH(B$7,Metrics!$B$5:$E$5,0))),"") -> 106 | C13: =IFERROR(IF(LEN(INDEX(Metrics!$B$6:$E$70,ROW($A13)-ROW($A$7),MATCH(C$7,Metrics!$B$5:$E$5,0)))=0,"",INDEX(Metrics!$B$6:$E$70,ROW($A13)-ROW($A$7),MATCH(C$7,Metrics!$B$5:$E$5,0))),"") -> Efficiency and Speed | D13: =IFERROR(IF(LEN(INDEX(Metrics!$B$6:$E$70,ROW($A13)-ROW($A$7),MATCH(D$7,Metrics!$B$5:$E$5,0)))=0,"",INDEX(Metrics!$B$6:$E$70,ROW($A13)-ROW($A$7),MATCH(D$7,Metrics!$B$5:$E$5,0))),"") | E13: =IFERROR(IF(LEN(INDEX(Metrics!$B$6:$E$70,ROW($A13)-ROW($A$7),MATCH(E$7,Metrics!$B$5:$E$5,0)))=0,"",INDEX(Metrics!$B$6:$E$70,ROW($A13)-ROW($A$7),MATCH(E$7,Metrics!$B$5:$E$5,0))),"") | G13: =IFERROR(IF(D13="","",IF(LEN(INDEX(PY_Actual!$F$6:$Q$70,MATCH(Monthly_Analysis!$D13,PY_Actual!$D$6:$D$70,0),MATCH(Calc!$L$11,PY_Actual!$F$5:$Q$5,0)))=0,"",INDEX(PY_Actual!$F$6:$Q$70,MATCH(Monthly_Analysis!$D13,PY_Actual!$D$6:$D$70,0),MATCH(Calc!$L$11,PY_Actual!$F$5:$Q$5,0)))),"") | H13: =IFERROR(IF(D13="","",IF(LEN(INDEX(CY_Target!$F$6:$Q$70,MATCH(Monthly_Analysis!$D13,CY_Target!$D$6:$D$70,0),MATCH(Calc!$L$10,CY_Target!$F$5:$Q$5,0)))=0,"",INDEX(CY_Target!$F$6:$Q$70,MATCH(Monthly_Analysis!$D13,CY_Target!$D$6:$D$70,0),MATCH(Calc!$L$10,CY_Target!$F$5:$Q$5,0)))),"") | I13: =IFERROR(IF(D13="","",IF(LEN(INDEX(CY_Actual!$F$6:$Q$70,MATCH(Monthly_Analysis!$D13,CY_Actual!$D$6:$D$70,0),MATCH(Calc!$L$10,CY_Actual!$F$5:$Q$5,0)))=0,"",INDEX(CY_Actual!$F$6:$Q$70,MATCH(Monthly_Analysis!$D13,CY_Actual!$D$6:$D$70,0),MATCH(Calc!$L$10,CY_Actual!$F$5:$Q$5,0)))),"") | J13: =IFERROR(IF(OR(LEN($D13)=0,LEN(G13)=0,LEN(I13)=0),"",IF(INDEX(Metrics!$F$6:$F$70,MATCH(Monthly_Analysis!$B13,Metrics!$B$6:$B$70,0))=Calc!$L$7,G13/I13*100,I13/G13*100)),100) | K13: =IFERROR(IF(OR(LEN($D13)=0,LEN(H13)=0,LEN(I13)=0),"",IF(INDEX(Metrics!$F$6:$F$70,MATCH(Monthly_Analysis!$B13,Metrics!$B$6:$B$70,0))=Calc!$L$7,H13/I13*100,I13/H13*100)),100) | M13: =IFERROR(IF(B13="","",INDEX(PY_Actual_Cumulative!$F$6:$Q$70,MATCH(Monthly_Analysis!$B13,PY_Actual_Cumulative!$B$6:$B$70,0),MATCH(Calc!$L$11,PY_Actual_Cumulative!$F$5:$Q$5,0))),"") | N13: =IFERROR(IF(B13="","",INDEX(CY_Target_Cumulative!$F$6:$Q$70,MATCH(Monthly_Analysis!$B13,CY_Target_Cumulative!$B$6:$B$70,0),MATCH(Calc!$L$10,CY_Target_Cumulative!$F$5:$Q$5,0))),"") | O13: =IFERROR(IF(B13="","",INDEX(CY_Actual_Cumulative!$F$6:$Q$70,MATCH(Monthly_Analysis!$B13,CY_Actual_Cumulative!$B$6:$B$70,0),MATCH(Calc!$L$10,CY_Actual_Cumulative!$F$5:$Q$5,0))),"") | P13: =IFERROR(IF(OR(LEN($D13)=0,LEN(M13)=0,LEN(O13)=0),"",IF(INDEX(Metrics!$F$6:$F$70,MATCH(Monthly_Analysis!$B13,Metrics!$B$6:$B$70,0))=Calc!$L$7,M13/O13*100,O13/M13*100)),100) | Q13: =IFERROR(IF(OR(LEN($D13)=0,LEN(N13)=0,LEN(O13)=0),"",IF(INDEX(Metrics!$F$6:$F$70,MATCH(Monthly_Analysis!$B13,Metrics!$B$6:$B$70,0))=Calc!$L$7,N13/O13*100,O13/N13*100)),100)
B14: =IFERROR(IF(LEN(INDEX(Metrics!$B$6:$E$70,ROW($A14)-ROW($A$7),MATCH(B$7,Metrics!$B$5:$E$5,0)))=0,"",INDEX(Metrics!$B$6:$E$70,ROW($A14)-ROW($A$7),MATCH(B$7,Metrics!$B$5:$E$5,0))),"") -> 107 | C14: =IFERROR(IF(LEN(INDEX(Metrics!$B$6:$E$70,ROW($A14)-ROW($A$7),MATCH(C$7,Metrics!$B$5:$E$5,0)))=0,"",INDEX(Metrics!$B$6:$E$70,ROW($A14)-ROW($A$7),MATCH(C$7,Metrics!$B$5:$E$5,0))),"") -> Efficiency and Speed | D14: =IFERROR(IF(LEN(INDEX(Metrics!$B$6:$E$70,ROW($A14)-ROW($A$7),MATCH(D$7,Metrics!$B$5:$E$5,0)))=0,"",INDEX(Metrics!$B$6:$E$70,ROW($A14)-ROW($A$7),MATCH(D$7,Metrics!$B$5:$E$5,0))),"") | E14: =IFERROR(IF(LEN(INDEX(Metrics!$B$6:$E$70,ROW($A14)-ROW($A$7),MATCH(E$7,Metrics!$B$5:$E$5,0)))=0,"",INDEX(Metrics!$B$6:$E$70,ROW($A14)-ROW($A$7),MATCH(E$7,Metrics!$B$5:$E$5,0))),"") | G14: =IFERROR(IF(D14="","",IF(LEN(INDEX(PY_Actual!$F$6:$Q$70,MATCH(Monthly_Analysis!$D14,PY_Actual!$D$6:$D$70,0),MATCH(Calc!$L$11,PY_Actual!$F$5:$Q$5,0)))=0,"",INDEX(PY_Actual!$F$6:$Q$70,MATCH(Monthly_Analysis!$D14,PY_Actual!$D$6:$D$70,0),MATCH(Calc!$L$11,PY_Actual!$F$5:$Q$5,0)))),"") | H14: =IFERROR(IF(D14="","",IF(LEN(INDEX(CY_Target!$F$6:$Q$70,MATCH(Monthly_Analysis!$D14,CY_Target!$D$6:$D$70,0),MATCH(Calc!$L$10,CY_Target!$F$5:$Q$5,0)))=0,"",INDEX(CY_Target!$F$6:$Q$70,MATCH(Monthly_Analysis!$D14,CY_Target!$D$6:$D$70,0),MATCH(Calc!$L$10,CY_Target!$F$5:$Q$5,0)))),"") | I14: =IFERROR(IF(D14="","",IF(LEN(INDEX(CY_Actual!$F$6:$Q$70,MATCH(Monthly_Analysis!$D14,CY_Actual!$D$6:$D$70,0),MATCH(Calc!$L$10,CY_Actual!$F$5:$Q$5,0)))=0,"",INDEX(CY_Actual!$F$6:$Q$70,MATCH(Monthly_Analysis!$D14,CY_Actual!$D$6:$D$70,0),MATCH(Calc!$L$10,CY_Actual!$F$5:$Q$5,0)))),"") | J14: =IFERROR(IF(OR(LEN($D14)=0,LEN(G14)=0,LEN(I14)=0),"",IF(INDEX(Metrics!$F$6:$F$70,MATCH(Monthly_Analysis!$B14,Metrics!$B$6:$B$70,0))=Calc!$L$7,G14/I14*100,I14/G14*100)),100) | K14: =IFERROR(IF(OR(LEN($D14)=0,LEN(H14)=0,LEN(I14)=0),"",IF(INDEX(Metrics!$F$6:$F$70,MATCH(Monthly_Analysis!$B14,Metrics!$B$6:$B$70,0))=Calc!$L$7,H14/I14*100,I14/H14*100)),100) | M14: =IFERROR(IF(B14="","",INDEX(PY_Actual_Cumulative!$F$6:$Q$70,MATCH(Monthly_Analysis!$B14,PY_Actual_Cumulative!$B$6:$B$70,0),MATCH(Calc!$L$11,PY_Actual_Cumulative!$F$5:$Q$5,0))),"") | N14: =IFERROR(IF(B14="","",INDEX(CY_Target_Cumulative!$F$6:$Q$70,MATCH(Monthly_Analysis!$B14,CY_Target_Cumulative!$B$6:$B$70,0),MATCH(Calc!$L$10,CY_Target_Cumulative!$F$5:$Q$5,0))),"") | O14: =IFERROR(IF(B14="","",INDEX(CY_Actual_Cumulative!$F$6:$Q$70,MATCH(Monthly_Analysis!$B14,CY_Actual_Cumulative!$B$6:$B$70,0),MATCH(Calc!$L$10,CY_Actual_Cumulative!$F$5:$Q$5,0))),"") | P14: =IFERROR(IF(OR(LEN($D14)=0,LEN(M14)=0,LEN(O14)=0),"",IF(INDEX(Metrics!$F$6:$F$70,MATCH(Monthly_Analysis!$B14,Metrics!$B$6:$B$70,0))=Calc!$L$7,M14/O14*100,O14/M14*100)),100) | Q14: =IFERROR(IF(OR(LEN($D14)=0,LEN(N14)=0,LEN(O14)=0),"",IF(INDEX(Metrics!$F$6:$F$70,MATCH(Monthly_Analysis!$B14,Metrics!$B$6:$B$70,0))=Calc!$L$7,N14/O14*100,O14/N14*100)),100)
B15: =IFERROR(IF(LEN(INDEX(Metrics!$B$6:$E$70,ROW($A15)-ROW($A$7),MATCH(B$7,Metrics!$B$5:$E$5,0)))=0,"",INDEX(Metrics!$B$6:$E$70,ROW($A15)-ROW($A$7),MATCH(B$7,Metrics!$B$5:$E$5,0))),"") -> 201 | C15: =IFERROR(IF(LEN(INDEX(Metrics!$B$6:$E$70,ROW($A15)-ROW($A$7),MATCH(C$7,Metrics!$B$5:$E$5,0)))=0,"",INDEX(Metrics!$B$6:$E$70,ROW($A15)-ROW($A$7),MATCH(C$7,Metrics!$B$5:$E$5,0))),"") -> Cost and Investment | D15: =IFERROR(IF(LEN(INDEX(Metrics!$B$6:$E$70,ROW($A15)-ROW($A$7),MATCH(D$7,Metrics!$B$5:$E$5,0)))=0,"",INDEX(Metrics!$B$6:$E$70,ROW($A15)-ROW($A$7),MATCH(D$7,Metrics!$B$5:$E$5,0))),"") -> Cost per Hire | E15: =IFERROR(IF(LEN(INDEX(Metrics!$B$6:$E$70,ROW($A15)-ROW($A$7),MATCH(E$7,Metrics!$B$5:$E$5,0)))=0,"",INDEX(Metrics!$B$6:$E$70,ROW($A15)-ROW($A$7),MATCH(E$7,Metrics!$B$5:$E$5,0))),"") -> USD | G15: =IFERROR(IF(D15="","",IF(LEN(INDEX(PY_Actual!$F$6:$Q$70,MATCH(Monthly_Analysis!$D15,PY_Actual!$D$6:$D$70,0),MATCH(Calc!$L$11,PY_Actual!$F$5:$Q$5,0)))=0,"",INDEX(PY_Actual!$F$6:$Q$70,MATCH(Monthly_Analysis!$D15,PY_Actual!$D$6:$D$70,0),MATCH(Calc!$L$11,PY_Actual!$F$5:$Q$5,0)))),"") -> 800 | H15: =IFERROR(IF(D15="","",IF(LEN(INDEX(CY_Target!$F$6:$Q$70,MATCH(Monthly_Analysis!$D15,CY_Target!$D$6:$D$70,0),MATCH(Calc!$L$10,CY_Target!$F$5:$Q$5,0)))=0,"",INDEX(CY_Target!$F$6:$Q$70,MATCH(Monthly_Analysis!$D15,CY_Target!$D$6:$D$70,0),MATCH(Calc!$L$10,CY_Target!$F$5:$Q$5,0)))),"") -> 1000 | I15: =IFERROR(IF(D15="","",IF(LEN(INDEX(CY_Actual!$F$6:$Q$70,MATCH(Monthly_Analysis!$D15,CY_Actual!$D$6:$D$70,0),MATCH(Calc!$L$10,CY_Actual!$F$5:$Q$5,0)))=0,"",INDEX(CY_Actual!$F$6:$Q$70,MATCH(Monthly_Analysis!$D15,CY_Actual!$D$6:$D$70,0),MATCH(Calc!$L$10,CY_Actual!$F$5:$Q$5,0)))),"") -> 1200 | J15: =IFERROR(IF(OR(LEN($D15)=0,LEN(G15)=0,LEN(I15)=0),"",IF(INDEX(Metrics!$F$6:$F$70,MATCH(Monthly_Analysis!$B15,Metrics!$B$6:$B$70,0))=Calc!$L$7,G15/I15*100,I15/G15*100)),100) -> 66.666667 | K15: =IFERROR(IF(OR(LEN($D15)=0,LEN(H15)=0,LEN(I15)=0),"",IF(INDEX(Metrics!$F$6:$F$70,MATCH(Monthly_Analysis!$B15,Metrics!$B$6:$B$70,0))=Calc!$L$7,H15/I15*100,I15/H15*100)),100) -> 83.333333 | M15: =IFERROR(IF(B15="","",INDEX(PY_Actual_Cumulative!$F$6:$Q$70,MATCH(Monthly_Analysis!$B15,PY_Actual_Cumulative!$B$6:$B$70,0),MATCH(Calc!$L$11,PY_Actual_Cumulative!$F$5:$Q$5,0))),"") -> 800 | N15: =IFERROR(IF(B15="","",INDEX(CY_Target_Cumulative!$F$6:$Q$70,MATCH(Monthly_Analysis!$B15,CY_Target_Cumulative!$B$6:$B$70,0),MATCH(Calc!$L$10,CY_Target_Cumulative!$F$5:$Q$5,0))),"") -> 1000 | O15: =IFERROR(IF(B15="","",INDEX(CY_Actual_Cumulative!$F$6:$Q$70,MATCH(Monthly_Analysis!$B15,CY_Actual_Cumulative!$B$6:$B$70,0),MATCH(Calc!$L$10,CY_Actual_Cumulative!$F$5:$Q$5,0))),"") -> 1200 | P15: =IFERROR(IF(OR(LEN($D15)=0,LEN(M15)=0,LEN(O15)=0),"",IF(INDEX(Metrics!$F$6:$F$70,MATCH(Monthly_Analysis!$B15,Metrics!$B$6:$B$70,0))=Calc!$L$7,M15/O15*100,O15/M15*100)),100) -> 66.666667 | Q15: =IFERROR(IF(OR(LEN($D15)=0,LEN(N15)=0,LEN(O15)=0),"",IF(INDEX(Metrics!$F$6:$F$70,MATCH(Monthly_Analysis!$B15,Metrics!$B$6:$B$70,0))=Calc!$L$7,N15/O15*100,O15/N15*100)),100) -> 83.333333
